Workbook
Name ChampsData: #REF!
Name ChampsData: #REF!
Name ChampsData: #REF!
Name ChampsData: WatchList!$A$6:$B$20
Name ChampsData: #REF!
Name ContendersData: #REF!
Name ContendersData: #REF!
Name ContendersData: #REF!
Name ContendersData: #REF!
Name CzallengersData: #REF!
Name CzallengersData: #REF!
Name CzallengersData: #REF!
Name CzallengersData: #REF!
Name DataAll: Challengers!$A$7:$BC$223
Name DataAll: Champions!$A$7:$BC$145
Name DataAll: Contenders!$A$7:$BC$280
Name DataAll: Historical!$A$7:$AV$640
Name DataAll: 'All CCC'!$A$7:$BC$636
Name Deletions: Changes!$A$8:$I$803
Name FrozenAngels: Notes!$A$230:$J$265
Name NearChallengers: Notes!$A$186:$F$214
Name WatchList: WatchList!$A$6:$B$20

Sheet Title
M6: The Dividend Champions List
M8: A Resource For Dividend Growth Investors
M18: A monthly publication tracking companies with a history of consistently increasing their dividends
M20: To be included on the list, a company must be consistently increasing its calendar year dividend payout for at least the past 5 years
M36: Created by David Fish
M38: Updated by Justin Law
M40: ©2020 All Rights Reserved. This listing is intended for personal, non-commercial use only.

Sheet Champions
A1: U.S. Dividend Champions | C1: End-of-month update at: | J1: Dividend Information | Z1: Fundamental Data | AC1: Numbers in Blue directly from Finviz | AO1: Special | AR1: Dividend Growth Model | AY1: Technical Data | BD1: Other
A2: (and American Depository Receipts) | C2: http://dripinvesting.org/Tools/Tools.asp | J2: DEG=Dividend to Earnings Growth; A/D=Acceleration/Deceleration; DGR=Dividend Growth Rate | Z2: EPS=Earnings Per Share; P/E=Price/Earnings Per Share; TTM=Trailing Twelve Months; FYE=Fiscal Year End; MRQ=Most Recent Quarter; ROE = Return on Equity | AO2: (see Notes tab) | AR2: (based on Earnings Estimates, if available) | AY2: MMA=Moving Market Average
A3: 44134 | J3: Dates in Red (right-aligned) indicate last increase more than a year ago (Ex-Div Date) | Q3: Dates in Green (centered) indicate increase (by Ex-Div. Date) expected in next 2 months | AR3: Past Performance is No Guarantee of Future Results
J4: Numbers in Gray last updated 12/31/2019 | Z4: Disclaimer: Although all figures are thought to be correct, no guarantee is expressed or implied. | AR4: Last updated 12/31/2019 | AW4: 5-year Total | AZ4: Current Price as % from:
A5: Company | B5: Ticker | E5: No. | F5: CCC | G5: DRIP Fees | I5: 44134 | J5: Div. | K5: Current | L5: Payouts/ | N5: Qtly | O5: Previous | P5: Last Increased on: | R5: MR% | S5: DGR | T5: DGR | U5: DGR | V5: DGR | W5: 5/10 | X5: Past 5yr | Y5: &=MultiIncThisYr | Z5: EPS% | AA5: TTM | AB5: FYE | AC5: TTM | AE5: TTM | AF5: MRQ | AG5: TTM | AH5: TTM | AI5: NY | AJ5: Past 5yr | AK5: Est-5yr | AL5: MktCap | AM5: Inside | AN5: Debt/ | AO5: Tweed | AP5: Chowder | AQ5: +/-% vs. | AR5: Estimated Dividends to be Paid in Year: | AW5: Est. Payback | AY5: 5-yr | AZ5: 52-wk | BA5: 52-wk | BB5: 50-day | BC5: 200-day | BE5: Streak | BF5: Recessions | BG5: TTM
A6: Name | B6: Symbol | C6: Sector | D6: Industry | E6: Yrs | F6: Seq | G6: DR | H6: SP | I6: Price | J6: Yield | K6: Dividend | L6: Year | M6: Annualized | N6: Sch | O6: Payout | P6: Ex-Div | Q6: Pay | R6: Inc. | S6: 1-yr | T6: 3-yr | U6: 5-yr | V6: 10-yr | W6: A/D* | X6: DEG | Y6: Notes | Z6: Payout | AA6: P/E | AB6: Month | AC6: EPS | AD6: PEG | AE6: P/Sales | AF6: P/Book | AG6: ROE | AH6: Growth | AI6: Growth | AJ6: Growth | AK6: Growth | AL6: ($Mil) | AM6: Own. | AN6: Equity | AO6: Factor | AP6: Rule | AQ6: Graham | AR6: 2020 | AS6: 2021 | AT6: 2022 | AU6: 2023 | AV6: 2024 | AW6: $ | AX6: % | AY6: Beta | AZ6: Low | BA6: High | BB6: MMA | BC6: MMA | BD6: OTC | BE6: Began | BF6: Survived | BG6: ROA
A7: ABM Industries Inc. | B7: ABM | C7: Industrials | D7: Commercial Services & Supplies | E7: 53 | F7: 17 | G7: Y | H7: N | I7: 34.72 | J7: =(M7/I7)*100 -> 2.1313364 | K7: 0.185 | L7: 4 | M7: =K7*L7 -> 0.74 | N7: B05 | O7: 0.18 | P7: 43829 | Q7: 43863 | R7: =(K7-O7)/O7*100 -> 2.7777778 | S7: =IF(INDEX(Historical!$D$7:$D$1254,MATCH(B7,Historical!$B$7:$B$1278,0))=0,"n/a",(INDEX(Historical!$C$7:$C$1256,MATCH(B7,Historical!$B$7:$B$1278,0))/INDEX(Historical!$D$7:$D$1254,MATCH(B7,Historical!$B$7:$B$1278,0))-1)*100) -> 2.8571429 | T7: =IF(INDEX(Historical!$F$7:$F$1247,MATCH(B7,Historical!$B$7:$B$1278,0))=0,"n/a",((INDEX(Historical!$C$7:$C$1256,MATCH(B7,Historical!$B$7:$B$1278,0))/INDEX(Historical!$F$7:$F$1247,MATCH(B7,Historical!$B$7:$B$1278,0)))^(1/3)-1)*100) -> 2.9428498 | U7: =IF(INDEX(Historical!$H$7:$H$1247,MATCH(B7,Historical!$B$7:$B$1278,0))=0,"n/a",((INDEX(Historical!$C$7:$C$1256,MATCH(B7,Historical!$B$7:$B$1278,0))/INDEX(Historical!$H$7:$H$1247,MATCH(B7,Historical!$B$7:$B$1278,0)))^(1/5)-1)*100) -> 3.0358033 | V7: =IF(INDEX(Historical!$O$7:$O$1247,MATCH(B7,Historical!$B$7:$B$1278,0))=0,"n/a",((INDEX(Historical!$C$7:$C$1256,MATCH(B7,Historical!$B$7:$B$1278,0))/INDEX(Historical!$O$7:$O$1247,MATCH(B7,Historical!$B$7:$B$1278,0)))^(1/10)-1)*100) -> 3.3077529 | W7: =IF(OR(U7<=0,U7="n/a",V7<=0,V7="n/a"),"n/a",U7/V7) -> 0.91778418 | X7: =IF(OR(AJ7<=0,AJ7="n/a",U7<=0,U7="n/a"),"n/a",U7/AJ7) -> 0.29762778 | Z7: =IF(OR(AC7<0.01,AC7="n/a"),"n/a",M7/AC7*100) -> n/a | AA7: =IF(OR(AC7<0.01,AC7="n/a"),"n/a",I7/AC7) -> n/a | AB7: 10 | AC7: -0.08 | AD7: n/a | AE7: 0.37 | AF7: 1.6 | AG7: -0.3 | AH7: 78.5 | AI7: -5.2 | AJ7: 10.2 | AK7: 16 | AL7: 2270 | AM7: 1.1 | AN7: 0.52 | AO7: =IF(U7="n/a","n/a",IF(AA7<0,"n/a",IF(AA7="n/a","n/a",J7+U7-AA7))) -> n/a | AP7: =IF(U7="n/a","n/a",J7+U7) -> 5.1671397 | AQ7: =IF(OR(AC7<0.01,AF7="n/a"),"n/a",(I7/SQRT(22.5*AC7*(I7/AF7))-1)*100) -> n/a | AR7: =INDEX(Historical!$C$7:$C$1256,MATCH(B7,Historical!$B$7:$B$1278,0))*IF(AH7="n/a",1.03,IF(AH7<0,1.01,IF(AH7>10,1.1,(1+AH7/100)))) -> 0.792 | AS7: =IF($AI7="n/a",1.03*AR7,IF($AI7<0,1.01*AR7,IF($AI7>10,1.1*AR7,(1+$AI7/100)*AR7))) -> 0.79992 | AT7: =IF($AK7="n/a",1.03*AS7,IF($AK7<0,1.01*AS7,IF($AK7>10,1.1*AS7,(1+$AK7/100)*AS7))) -> 0.879912 | AU7: =IF($AK7="n/a",1.03*AT7,IF($AK7<0,1.01*AT7,IF($AK7>10,1.1*AT7,(1+$AK7/100)*AT7))) -> 0.9679032 | AV7: =IF($AK7="n/a",1.03*AU7,IF($AK7<0,1.01*AU7,IF($AK7>10,1.1*AU7,(1+$AK7/100)*AU7))) -> 1.0646935 | AW7: =SUM(AR7:AV7) -> 4.5044287 | AX7: =AW7/I7*100 -> 12.973585 | AY7: 1.25 | AZ7: 75.44 | BA7: -14.86 | BB7: -5.75 | BC7: 0.74 | BE7: 1968 | BF7: =IF(BE7>2008,0,IF(BE7>2001,1,IF(BE7>1990,2,IF(BE7>1980,3,IF(BE7>1973,4,IF(BE7>1970,5,IF(BE7>1960,6,IF(BE7>1958,7,IF(BE7>1953,8,9))))))))) -> 6 | BG7: -0.1
A8: Archer Daniels Midland | B8: ADM | C8: Consumer Staples | D8: Food Products | E8: 45 | F8: 53 | G8: N | H8: Y | I8: 46.24 | J8: =(M8/I8)*100 -> 3.1141869 | K8: 0.36 | L8: 4 | M8: =K8*L8 -> 1.44 | N8: C13 | O8: 0.35 | P8: 43873 | Q8: 43895 | R8: =(K8-O8)/O8*100 -> 2.8571429 | S8: =IF(INDEX(Historical!$D$7:$D$1254,MATCH(B8,Historical!$B$7:$B$1278,0))=0,"n/a",(INDEX(Historical!$C$7:$C$1256,MATCH(B8,Historical!$B$7:$B$1278,0))/INDEX(Historical!$D$7:$D$1254,MATCH(B8,Historical!$B$7:$B$1278,0))-1)*100) -> 4.4776119 | T8: =IF(INDEX(Historical!$F$7:$F$1247,MATCH(B8,Historical!$B$7:$B$1278,0))=0,"n/a",((INDEX(Historical!$C$7:$C$1256,MATCH(B8,Historical!$B$7:$B$1278,0))/INDEX(Historical!$F$7:$F$1247,MATCH(B8,Historical!$B$7:$B$1278,0)))^(1/3)-1)*100) -> 5.27266 | U8: =IF(INDEX(Historical!$H$7:$H$1247,MATCH(B8,Historical!$B$7:$B$1278,0))=0,"n/a",((INDEX(Historical!$C$7:$C$1256,MATCH(B8,Historical!$B$7:$B$1278,0))/INDEX(Historical!$H$7:$H$1247,MATCH(B8,Historical!$B$7:$B$1278,0)))^(1/5)-1)*100) -> 7.8378847 | V8: =IF(INDEX(Historical!$O$7:$O$1247,MATCH(B8,Historical!$B$7:$B$1278,0))=0,"n/a",((INDEX(Historical!$C$7:$C$1256,MATCH(B8,Historical!$B$7:$B$1278,0))/INDEX(Historical!$O$7:$O$1247,MATCH(B8,Historical!$B$7:$B$1278,0)))^(1/10)-1)*100) -> 9.5958226 | W8: =IF(OR(U8<=0,U8="n/a",V8<=0,V8="n/a"),"n/a",U8/V8) -> 0.81680175 | X8: =IF(OR(AJ8<=0,AJ8="n/a",U8<=0,U8="n/a"),"n/a",U8/AJ8) -> n/a | Z8: =IF(OR(AC8<0.01,AC8="n/a"),"n/a",M8/AC8*100) -> 44.720497 | AA8: =IF(OR(AC8<0.01,AC8="n/a"),"n/a",I8/AC8) -> 14.360248 | AB8: 6 | AC8: 3.22 | AD8: n/a | AE8: 0.4 | AF8: 1.34 | AG8: 9.3 | AH8: -19.9 | AI8: 8.52 | AJ8: -6 | AK8: -8.8 | AL8: 25600 | AM8: 0.3 | AN8: 0.48 | AO8: =IF(U8="n/a","n/a",IF(AA8<0,"n/a",IF(AA8="n/a","n/a",J8+U8-AA8))) -> -3.4081769 | AP8: =IF(U8="n/a","n/a",J8+U8) -> 10.952072 | AQ8: =IF(OR(AC8<0.01,AF8="n/a"),"n/a",(I8/SQRT(22.5*AC8*(I8/AF8))-1)*100) -> -7.5212146 | AR8: =INDEX(Historical!$C$7:$C$1256,MATCH(B8,Historical!$B$7:$B$1278,0))*IF(AH8="n/a",1.03,IF(AH8<0,1.01,IF(AH8>10,1.1,(1+AH8/100)))) -> 1.414 | AS8: =IF($AI8="n/a",1.03*AR8,IF($AI8<0,1.01*AR8,IF($AI8>10,1.1*AR8,(1+$AI8/100)*AR8))) -> 1.5344728 | AT8: =IF($AK8="n/a",1.03*AS8,IF($AK8<0,1.01*AS8,IF($AK8>10,1.1*AS8,(1+$AK8/100)*AS8))) -> 1.5498175 | AU8: =IF($AK8="n/a",1.03*AT8,IF($AK8<0,1.01*AT8,IF($AK8>10,1.1*AT8,(1+$AK8/100)*AT8))) -> 1.5653157 | AV8: =IF($AK8="n/a",1.03*AU8,IF($AK8<0,1.01*AU8,IF($AK8>10,1.1*AU8,(1+$AK8/100)*AU8))) -> 1.5809689 | AW8: =SUM(AR8:AV8) -> 7.6445749 | AX8: =AW8/I8*100 -> 16.532385 | AY8: 0.91 | AZ8: 59.89 | BA8: -11.16 | BB8: -2.37 | BC8: 11.67 | BE8: 1976 | BF8: =IF(BE8>2008,0,IF(BE8>2001,1,IF(BE8>1990,2,IF(BE8>1980,3,IF(BE8>1973,4,IF(BE8>1970,5,IF(BE8>1960,6,IF(BE8>1958,7,IF(BE8>1953,8,9))))))))) -> 4 | BG8: 4
A9: Automatic Data Proc. | B9: ADP | C9: Information Technology | D9: IT Services | E9: 44 | F9: 58 | G9: N | H9: Y | I9: 157.96 | J9: =(M9/I9)*100 -> 2.3043809 | K9: 0.91 | L9: 4 | M9: =K9*L9 -> 3.64 | N9: A01 | O9: 0.79 | P9: 43810 | Q9: 43830 | R9: =(K9-O9)/O9*100 -> 15.189873 | S9: =IF(INDEX(Historical!$D$7:$D$1254,MATCH(B9,Historical!$B$7:$B$1278,0))=0,"n/a",(INDEX(Historical!$C$7:$C$1256,MATCH(B9,Historical!$B$7:$B$1278,0))/INDEX(Historical!$D$7:$D$1254,MATCH(B9,Historical!$B$7:$B$1278,0))-1)*100) -> 19.69697 | T9: =IF(INDEX(Historical!$F$7:$F$1247,MATCH(B9,Historical!$B$7:$B$1278,0))=0,"n/a",((INDEX(Historical!$C$7:$C$1256,MATCH(B9,Historical!$B$7:$B$1278,0))/INDEX(Historical!$F$7:$F$1247,MATCH(B9,Historical!$B$7:$B$1278,0)))^(1/3)-1)*100) -> 14.230937 | U9: =IF(INDEX(Historical!$H$7:$H$1247,MATCH(B9,Historical!$B$7:$B$1278,0))=0,"n/a",((INDEX(Historical!$C$7:$C$1256,MATCH(B9,Historical!$B$7:$B$1278,0))/INDEX(Historical!$H$7:$H$1247,MATCH(B9,Historical!$B$7:$B$1278,0)))^(1/5)-1)*100) -> 13.391993 | V9: =IF(INDEX(Historical!$O$7:$O$1247,MATCH(B9,Historical!$B$7:$B$1278,0))=0,"n/a",((INDEX(Historical!$C$7:$C$1256,MATCH(B9,Historical!$B$7:$B$1278,0))/INDEX(Historical!$O$7:$O$1247,MATCH(B9,Historical!$B$7:$B$1278,0)))^(1/10)-1)*100) -> 10.606348 | W9: =IF(OR(U9<=0,U9="n/a",V9<=0,V9="n/a"),"n/a",U9/V9) -> 1.2626395 | X9: =IF(OR(AJ9<=0,AJ9="n/a",U9<=0,U9="n/a"),"n/a",U9/AJ9) -> 0.92358574 | Z9: =IF(OR(AC9<0.01,AC9="n/a"),"n/a",M9/AC9*100) -> 64.084507 | AA9: =IF(OR(AC9<0.01,AC9="n/a"),"n/a",I9/AC9) -> 27.809859 | AB9: 6 | AC9: 5.68 | AD9: 2.63 | AE9: 4.64 | AF9: 11.78 | AG9: 44.9 | AH9: 8.5 | AI9: 19.33 | AJ9: 14.5 | AK9: 10.57 | AL9: 67740 | AM9: 0.1 | AN9: 0.35 | AO9: =IF(U9="n/a","n/a",IF(AA9<0,"n/a",IF(AA9="n/a","n/a",J9+U9-AA9))) -> -12.113485 | AP9: =IF(U9="n/a","n/a",J9+U9) -> 15.696374 | AQ9: =IF(OR(AC9<0.01,AF9="n/a"),"n/a",(I9/SQRT(22.5*AC9*(I9/AF9))-1)*100) -> 281.57576 | AR9: =INDEX(Historical!$C$7:$C$1256,MATCH(B9,Historical!$B$7:$B$1278,0))*IF(AH9="n/a",1.03,IF(AH9<0,1.01,IF(AH9>10,1.1,(1+AH9/100)))) -> 3.4286 | AS9: =IF($AI9="n/a",1.03*AR9,IF($AI9<0,1.01*AR9,IF($AI9>10,1.1*AR9,(1+$AI9/100)*AR9))) -> 3.77146 | AT9: =IF($AK9="n/a",1.03*AS9,IF($AK9<0,1.01*AS9,IF($AK9>10,1.1*AS9,(1+$AK9/100)*AS9))) -> 4.148606 | AU9: =IF($AK9="n/a",1.03*AT9,IF($AK9<0,1.01*AT9,IF($AK9>10,1.1*AT9,(1+$AK9/100)*AT9))) -> 4.5634666 | AV9: =IF($AK9="n/a",1.03*AU9,IF($AK9<0,1.01*AU9,IF($AK9>10,1.1*AU9,(1+$AK9/100)*AU9))) -> 5.0198133 | AW9: =SUM(AR9:AV9) -> 20.931946 | AX9: =AW9/I9*100 -> 13.251422 | AY9: 0.76 | AZ9: 53.2 | BA9: -13.36 | BB9: 11.87 | BC9: 7.6 | BE9: 1976 | BF9: =IF(BE9>2008,0,IF(BE9>2001,1,IF(BE9>1990,2,IF(BE9>1980,3,IF(BE9>1973,4,IF(BE9>1970,5,IF(BE9>1960,6,IF(BE9>1958,7,IF(BE9>1953,8,9))))))))) -> 4 | BG9: 5.8
A10: AFLAC Inc. | B10: AFL | C10: Financials | D10: Insurance | E10: 38 | F10: 69 | G10: N | H10: N | I10: 33.95 | J10: =(M10/I10)*100 -> 3.2989691 | K10: 0.28 | L10: 4 | M10: =K10*L10 -> 1.12 | N10: C01 | O10: 0.27 | P10: 43879 | Q10: 43892 | R10: =(K10-O10)/O10*100 -> 3.7037037 | S10: =IF(INDEX(Historical!$D$7:$D$1254,MATCH(B10,Historical!$B$7:$B$1278,0))=0,"n/a",(INDEX(Historical!$C$7:$C$1256,MATCH(B10,Historical!$B$7:$B$1278,0))/INDEX(Historical!$D$7:$D$1254,MATCH(B10,Historical!$B$7:$B$1278,0))-1)*100) -> 3.8461538 | T10: =IF(INDEX(Historical!$F$7:$F$1247,MATCH(B10,Historical!$B$7:$B$1278,0))=0,"n/a",((INDEX(Historical!$C$7:$C$1256,MATCH(B10,Historical!$B$7:$B$1278,0))/INDEX(Historical!$F$7:$F$1247,MATCH(B10,Historical!$B$7:$B$1278,0)))^(1/3)-1)*100) -> 9.1729941 | U10: =IF(INDEX(Historical!$H$7:$H$1247,MATCH(B10,Historical!$B$7:$B$1278,0))=0,"n/a",((INDEX(Historical!$C$7:$C$1256,MATCH(B10,Historical!$B$7:$B$1278,0))/INDEX(Historical!$H$7:$H$1247,MATCH(B10,Historical!$B$7:$B$1278,0)))^(1/5)-1)*100) -> 7.8545341 | V10: =IF(INDEX(Historical!$O$7:$O$1247,MATCH(B10,Historical!$B$7:$B$1278,0))=0,"n/a",((INDEX(Historical!$C$7:$C$1256,MATCH(B10,Historical!$B$7:$B$1278,0))/INDEX(Historical!$O$7:$O$1247,MATCH(B10,Historical!$B$7:$B$1278,0)))^(1/10)-1)*100) -> 6.7882754 | W10: =IF(OR(U10<=0,U10="n/a",V10<=0,V10="n/a"),"n/a",U10/V10) -> 1.1570736 | X10: =IF(OR(AJ10<=0,AJ10="n/a",U10<=0,U10="n/a"),"n/a",U10/AJ10) -> 1.227271 | Z10: =IF(OR(AC10<0.01,AC10="n/a"),"n/a",M10/AC10*100) -> 28 | AA10: =IF(OR(AC10<0.01,AC10="n/a"),"n/a",I10/AC10) -> 8.4875 | AB10: 12 | AC10: 4 | AD10: 3.36 | AE10: 1.1 | AF10: 0.83 | AG10: 10.3 | AH10: 16.7 | AI10: -3.49 | AJ10: 6.4 | AK10: 2.53 | AL10: 23990 | AM10: 0.1 | AN10: 0.26 | AO10: =IF(U10="n/a","n/a",IF(AA10<0,"n/a",IF(AA10="n/a","n/a",J10+U10-AA10))) -> 2.6660032 | AP10: =IF(U10="n/a","n/a",J10+U10) -> 11.153503 | AQ10: =IF(OR(AC10<0.01,AF10="n/a"),"n/a",(I10/SQRT(22.5*AC10*(I10/AF10))-1)*100) -> -44.045157 | AR10: =INDEX(Historical!$C$7:$C$1256,MATCH(B10,Historical!$B$7:$B$1278,0))*IF(AH10="n/a",1.03,IF(AH10<0,1.01,IF(AH10>10,1.1,(1+AH10/100)))) -> 1.188 | AS10: =IF($AI10="n/a",1.03*AR10,IF($AI10<0,1.01*AR10,IF($AI10>10,1.1*AR10,(1+$AI10/100)*AR10))) -> 1.19988 | AT10: =IF($AK10="n/a",1.03*AS10,IF($AK10<0,1.01*AS10,IF($AK10>10,1.1*AS10,(1+$AK10/100)*AS10))) -> 1.230237 | AU10: =IF($AK10="n/a",1.03*AT10,IF($AK10<0,1.01*AT10,IF($AK10>10,1.1*AT10,(1+$AK10/100)*AT10))) -> 1.261362 | AV10: =IF($AK10="n/a",1.03*AU10,IF($AK10<0,1.01*AU10,IF($AK10>10,1.1*AU10,(1+$AK10/100)*AU10))) -> 1.2932744 | AW10: =SUM(AR10:AV10) -> 6.1727533 | AX10: =AW10/I10*100 -> 18.181895 | AY10: 0.79 | AZ10: 47.16 | BA10: -38.35 | BB10: -7.72 | BC10: -11.7 | BE10: 1983 | BF10: =IF(BE10>2008,0,IF(BE10>2001,1,IF(BE10>1990,2,IF(BE10>1980,3,IF(BE10>1973,4,IF(BE10>1970,5,IF(BE10>1960,6,IF(BE10>1958,7,IF(BE10>1953,8,9))))))))) -> 3 | BG10: 1.9
A11: Albemarle Corp. | B11: ALB | C11: Materials | D11: Chemicals | E11: 26 | F11: 126 | G11: N | H11: N | I11: 93.21 | J11: =(M11/I11)*100 -> 1.6521832 | K11: 0.385 | L11: 4 | M11: =K11*L11 -> 1.54 | N11: A02 | O11: 0.3675 | P11: 43902 | Q11: 43922 | R11: =(K11-O11)/O11*100 -> 4.7619048 | S11: =IF(INDEX(Historical!$D$7:$D$1254,MATCH(B11,Historical!$B$7:$B$1278,0))=0,"n/a",(INDEX(Historical!$C$7:$C$1256,MATCH(B11,Historical!$B$7:$B$1278,0))/INDEX(Historical!$D$7:$D$1254,MATCH(B11,Historical!$B$7:$B$1278,0))-1)*100) -> 8.490566 | T11: =IF(INDEX(Historical!$F$7:$F$1247,MATCH(B11,Historical!$B$7:$B$1278,0))=0,"n/a",((INDEX(Historical!$C$7:$C$1256,MATCH(B11,Historical!$B$7:$B$1278,0))/INDEX(Historical!$F$7:$F$1247,MATCH(B11,Historical!$B$7:$B$1278,0)))^(1/3)-1)*100) -> 6.0572273 | U11: =IF(INDEX(Historical!$H$7:$H$1247,MATCH(B11,Historical!$B$7:$B$1278,0))=0,"n/a",((INDEX(Historical!$C$7:$C$1256,MATCH(B11,Historical!$B$7:$B$1278,0))/INDEX(Historical!$H$7:$H$1247,MATCH(B11,Historical!$B$7:$B$1278,0)))^(1/5)-1)*100) -> 6.1821828 | V11: =IF(INDEX(Historical!$O$7:$O$1247,MATCH(B11,Historical!$B$7:$B$1278,0))=0,"n/a",((INDEX(Historical!$C$7:$C$1256,MATCH(B11,Historical!$B$7:$B$1278,0))/INDEX(Historical!$O$7:$O$1247,MATCH(B11,Historical!$B$7:$B$1278,0)))^(1/10)-1)*100) -> 11.138309 | W11: =IF(OR(U11<=0,U11="n/a",V11<=0,V11="n/a"),"n/a",U11/V11) -> 0.55503782 | X11: =IF(OR(AJ11<=0,AJ11="n/a",U11<=0,U11="n/a"),"n/a",U11/AJ11) -> 0.42931825 | Z11: =IF(OR(AC11<0.01,AC11="n/a"),"n/a",M11/AC11*100) -> 37.378641 | AA11: =IF(OR(AC11<0.01,AC11="n/a"),"n/a",I11/AC11) -> 22.623786 | AB11: 12 | AC11: 4.12 | AD11: 1.51 | AE11: 2.89 | AF11: 2.46 | AG11: 11.2 | AH11: -18.3 | AI11: 21.1 | AJ11: 14.4 | AK11: 15 | AL11: 9760 | AM11: 0.2 | AN11: 0.88 | AO11: =IF(U11="n/a","n/a",IF(AA11<0,"n/a",IF(AA11="n/a","n/a",J11+U11-AA11))) -> -14.78942 | AP11: =IF(U11="n/a","n/a",J11+U11) -> 7.8343661 | AQ11: =IF(OR(AC11<0.01,AF11="n/a"),"n/a",(I11/SQRT(22.5*AC11*(I11/AF11))-1)*100) -> 57.274727 | AR11: =INDEX(Historical!$C$7:$C$1256,MATCH(B11,Historical!$B$7:$B$1278,0))*IF(AH11="n/a",1.03,IF(AH11<0,1.01,IF(AH11>10,1.1,(1+AH11/100)))) -> 1.451875 | AS11: =IF($AI11="n/a",1.03*AR11,IF($AI11<0,1.01*AR11,IF($AI11>10,1.1*AR11,(1+$AI11/100)*AR11))) -> 1.5970625 | AT11: =IF($AK11="n/a",1.03*AS11,IF($AK11<0,1.01*AS11,IF($AK11>10,1.1*AS11,(1+$AK11/100)*AS11))) -> 1.7567688 | AU11: =IF($AK11="n/a",1.03*AT11,IF($AK11<0,1.01*AT11,IF($AK11>10,1.1*AT11,(1+$AK11/100)*AT11))) -> 1.9324456 | AV11: =IF($AK11="n/a",1.03*AU11,IF($AK11<0,1.01*AU11,IF($AK11>10,1.1*AU11,(1+$AK11/100)*AU11))) -> 2.1256902 | AW11: =SUM(AR11:AV11) -> 8.8638421 | AX11: =AW11/I11*100 -> 9.5095398 | AY11: 1.34 | AZ11: 90.65 | BA11: -7.71 | BB11: 0.04 | BC11: 16.96 | BE11: 1995 | BF11: =IF(BE11>2008,0,IF(BE11>2001,1,IF(BE11>1990,2,IF(BE11>1980,3,IF(BE11>1973,4,IF(BE11>1970,5,IF(BE11>1960,6,IF(BE11>1958,7,IF(BE11>1953,8,9))))))))) -> 2 | BG11: 4.6
A12: A.O. Smith Corp. | B12: AOS | C12: Industrials | D12: Building Products | E12: 27 | F12: 123 | G12: N | H12: N | I12: 51.69 | J12: =(M12/I12)*100 -> 2.0119946 | K12: 0.26 | L12: 4 | M12: =K12*L12 -> 1.04 | N12: B15 | O12: 0.24 | P12: 44133 | Q12: 44151 | R12: =(K12-O12)/O12*100 -> 8.3333333 | S12: =IF(INDEX(Historical!$D$7:$D$1254,MATCH(B12,Historical!$B$7:$B$1278,0))=0,"n/a",(INDEX(Historical!$C$7:$C$1256,MATCH(B12,Historical!$B$7:$B$1278,0))/INDEX(Historical!$D$7:$D$1254,MATCH(B12,Historical!$B$7:$B$1278,0))-1)*100) -> 18.421053 | T12: =IF(INDEX(Historical!$F$7:$F$1247,MATCH(B12,Historical!$B$7:$B$1278,0))=0,"n/a",((INDEX(Historical!$C$7:$C$1256,MATCH(B12,Historical!$B$7:$B$1278,0))/INDEX(Historical!$F$7:$F$1247,MATCH(B12,Historical!$B$7:$B$1278,0)))^(1/3)-1)*100) -> 23.310604 | U12: =IF(INDEX(Historical!$H$7:$H$1247,MATCH(B12,Historical!$B$7:$B$1278,0))=0,"n/a",((INDEX(Historical!$C$7:$C$1256,MATCH(B12,Historical!$B$7:$B$1278,0))/INDEX(Historical!$H$7:$H$1247,MATCH(B12,Historical!$B$7:$B$1278,0)))^(1/5)-1)*100) -> 24.573094 | V12: =IF(INDEX(Historical!$O$7:$O$1247,MATCH(B12,Historical!$B$7:$B$1278,0))=0,"n/a",((INDEX(Historical!$C$7:$C$1256,MATCH(B12,Historical!$B$7:$B$1278,0))/INDEX(Historical!$O$7:$O$1247,MATCH(B12,Historical!$B$7:$B$1278,0)))^(1/10)-1)*100) -> 21.503924 | W12: =IF(OR(U12<=0,U12="n/a",V12<=0,V12="n/a"),"n/a",U12/V12) -> 1.142726 | X12: =IF(OR(AJ12<=0,AJ12="n/a",U12<=0,U12="n/a"),"n/a",U12/AJ12) -> 1.7304996 | Z12: =IF(OR(AC12<0.01,AC12="n/a"),"n/a",M12/AC12*100) -> 57.142857 | AA12: =IF(OR(AC12<0.01,AC12="n/a"),"n/a",I12/AC12) -> 28.401099 | AB12: 12 | AC12: 1.82 | AD12: 3.55 | AE12: 3 | AF12: 5.02 | AG12: 18.1 | AH12: -14 | AI12: 22.44 | AJ12: 14.2 | AK12: 8 | AL12: 8340 | AM12: 0.3 | AN12: 0.17 | AO12: =IF(U12="n/a","n/a",IF(AA12<0,"n/a",IF(AA12="n/a","n/a",J12+U12-AA12))) -> -1.8160104 | AP12: =IF(U12="n/a","n/a",J12+U12) -> 26.585089 | AQ12: =IF(OR(AC12<0.01,AF12="n/a"),"n/a",(I12/SQRT(22.5*AC12*(I12/AF12))-1)*100) -> 151.72606 | AR12: =INDEX(Historical!$C$7:$C$1256,MATCH(B12,Historical!$B$7:$B$1278,0))*IF(AH12="n/a",1.03,IF(AH12<0,1.01,IF(AH12>10,1.1,(1+AH12/100)))) -> 0.909 | AS12: =IF($AI12="n/a",1.03*AR12,IF($AI12<0,1.01*AR12,IF($AI12>10,1.1*AR12,(1+$AI12/100)*AR12))) -> 0.9999 | AT12: =IF($AK12="n/a",1.03*AS12,IF($AK12<0,1.01*AS12,IF($AK12>10,1.1*AS12,(1+$AK12/100)*AS12))) -> 1.079892 | AU12: =IF($AK12="n/a",1.03*AT12,IF($AK12<0,1.01*AT12,IF($AK12>10,1.1*AT12,(1+$AK12/100)*AT12))) -> 1.1662834 | AV12: =IF($AK12="n/a",1.03*AU12,IF($AK12<0,1.01*AU12,IF($AK12>10,1.1*AU12,(1+$AK12/100)*AU12))) -> 1.259586 | AW12: =SUM(AR12:AV12) -> 5.4146614 | AX12: =AW12/I12*100 -> 10.475259 | AY12: 1.1 | AZ12: 52.91 | BA12: -10.96 | BB12: -1.09 | BC12: 11.6 | BE12: 1994 | BF12: =IF(BE12>2008,0,IF(BE12>2001,1,IF(BE12>1990,2,IF(BE12>1980,3,IF(BE12>1973,4,IF(BE12>1970,5,IF(BE12>1960,6,IF(BE12>1958,7,IF(BE12>1953,8,9))))))))) -> 2 | BG12: 9.9
A13: Air Products & Chem. | B13: APD | C13: Materials | D13: Chemicals | E13: 38 | F13: 70 | G13: Y | H13: Y | I13: 276.24 | J13: =(M13/I13)*100 -> 1.9403417 | K13: 1.34 | L13: 4 | M13: =K13*L13 -> 5.36 | N13: B14 | O13: 1.16 | P13: 43921 | Q13: 43961 | R13: =(K13-O13)/O13*100 -> 15.517241 | S13: =IF(INDEX(Historical!$D$7:$D$1254,MATCH(B13,Historical!$B$7:$B$1278,0))=0,"n/a",(INDEX(Historical!$C$7:$C$1256,MATCH(B13,Historical!$B$7:$B$1278,0))/INDEX(Historical!$D$7:$D$1254,MATCH(B13,Historical!$B$7:$B$1278,0))-1)*100) -> 7.7647059 | T13: =IF(INDEX(Historical!$F$7:$F$1247,MATCH(B13,Historical!$B$7:$B$1278,0))=0,"n/a",((INDEX(Historical!$C$7:$C$1256,MATCH(B13,Historical!$B$7:$B$1278,0))/INDEX(Historical!$F$7:$F$1247,MATCH(B13,Historical!$B$7:$B$1278,0)))^(1/3)-1)*100) -> 10.549112 | U13: =IF(INDEX(Historical!$H$7:$H$1247,MATCH(B13,Historical!$B$7:$B$1278,0))=0,"n/a",((INDEX(Historical!$C$7:$C$1256,MATCH(B13,Historical!$B$7:$B$1278,0))/INDEX(Historical!$H$7:$H$1247,MATCH(B13,Historical!$B$7:$B$1278,0)))^(1/5)-1)*100) -> 8.6855249 | V13: =IF(INDEX(Historical!$O$7:$O$1247,MATCH(B13,Historical!$B$7:$B$1278,0))=0,"n/a",((INDEX(Historical!$C$7:$C$1256,MATCH(B13,Historical!$B$7:$B$1278,0))/INDEX(Historical!$O$7:$O$1247,MATCH(B13,Historical!$B$7:$B$1278,0)))^(1/10)-1)*100) -> 9.8502993 | W13: =IF(OR(U13<=0,U13="n/a",V13<=0,V13="n/a"),"n/a",U13/V13) -> 0.88175238 | X13: =IF(OR(AJ13<=0,AJ13="n/a",U13<=0,U13="n/a"),"n/a",U13/AJ13) -> 0.76863052 | Z13: =IF(OR(AC13<0.01,AC13="n/a"),"n/a",M13/AC13*100) -> 62.108922 | AA13: =IF(OR(AC13<0.01,AC13="n/a"),"n/a",I13/AC13) -> 32.00927 | AB13: 9 | AC13: 8.63 | AD13: 3.1 | AE13: 6.88 | AF13: 5.24 | AG13: 16.7 | AH13: 2.9 | AI13: 17.11 | AJ13: 11.3 | AK13: 10.33 | AL13: 60660 | AM13: 0.25 | AN13: 0.7 | AO13: =IF(U13="n/a","n/a",IF(AA13<0,"n/a",IF(AA13="n/a","n/a",J13+U13-AA13))) -> -21.383403 | AP13: =IF(U13="n/a","n/a",J13+U13) -> 10.625867 | AQ13: =IF(OR(AC13<0.01,AF13="n/a"),"n/a",(I13/SQRT(22.5*AC13*(I13/AF13))-1)*100) -> 173.03119 | AR13: =INDEX(Historical!$C$7:$C$1256,MATCH(B13,Historical!$B$7:$B$1278,0))*IF(AH13="n/a",1.03,IF(AH13<0,1.01,IF(AH13>10,1.1,(1+AH13/100)))) -> 4.71282 | AS13: =IF($AI13="n/a",1.03*AR13,IF($AI13<0,1.01*AR13,IF($AI13>10,1.1*AR13,(1+$AI13/100)*AR13))) -> 5.184102 | AT13: =IF($AK13="n/a",1.03*AS13,IF($AK13<0,1.01*AS13,IF($AK13>10,1.1*AS13,(1+$AK13/100)*AS13))) -> 5.7025122 | AU13: =IF($AK13="n/a",1.03*AT13,IF($AK13<0,1.01*AT13,IF($AK13>10,1.1*AT13,(1+$AK13/100)*AT13))) -> 6.2727634 | AV13: =IF($AK13="n/a",1.03*AU13,IF($AK13<0,1.01*AU13,IF($AK13>10,1.1*AU13,(1+$AK13/100)*AU13))) -> 6.9000398 | AW13: =SUM(AR13:AV13) -> 28.772237 | AX13: =AW13/I13*100 -> 10.415667 | AY13: 0.85 | AZ13: 64.99 | BA13: -11.1 | BB13: -6.32 | BC13: 8.78 | BE13: 1983 | BF13: =IF(BE13>2008,0,IF(BE13>2001,1,IF(BE13>1990,2,IF(BE13>1980,3,IF(BE13>1973,4,IF(BE13>1970,5,IF(BE13>1960,6,IF(BE13>1958,7,IF(BE13>1953,8,9))))))))) -> 3 | BG13: 9.2
A14: Arrow Financial Corp. | B14: AROW | C14: Financials | D14: Banks | E14: 28 | F14: 107 | G14: N | H14: N | I14: 27.37 | J14: =(M14/I14)*100 -> 3.7997808 | K14: 0.26 | L14: 4 | M14: =K14*L14 -> 1.04 | N14: C15 | O14: 0.252427 | P14: 44090 | Q14: 44099 | R14: =(K14-O14)/O14*100 -> 3.0000753 | S14: =IF(INDEX(Historical!$D$7:$D$1254,MATCH(B14,Historical!$B$7:$B$1278,0))=0,"n/a",(INDEX(Historical!$C$7:$C$1256,MATCH(B14,Historical!$B$7:$B$1278,0))/INDEX(Historical!$D$7:$D$1254,MATCH(B14,Historical!$B$7:$B$1278,0))-1)*100) -> 5.004281 | T14: =IF(INDEX(Historical!$F$7:$F$1247,MATCH(B14,Historical!$B$7:$B$1278,0))=0,"n/a",((INDEX(Historical!$C$7:$C$1256,MATCH(B14,Historical!$B$7:$B$1278,0))/INDEX(Historical!$F$7:$F$1247,MATCH(B14,Historical!$B$7:$B$1278,0)))^(1/3)-1)*100) -> 4.3554186 | U14: =IF(INDEX(Historical!$H$7:$H$1247,MATCH(B14,Historical!$B$7:$B$1278,0))=0,"n/a",((INDEX(Historical!$C$7:$C$1256,MATCH(B14,Historical!$B$7:$B$1278,0))/INDEX(Historical!$H$7:$H$1247,MATCH(B14,Historical!$B$7:$B$1278,0)))^(1/5)-1)*100) -> 3.4581885 | V14: =IF(INDEX(Historical!$O$7:$O$1247,MATCH(B14,Historical!$B$7:$B$1278,0))=0,"n/a",((INDEX(Historical!$C$7:$C$1256,MATCH(B14,Historical!$B$7:$B$1278,0))/INDEX(Historical!$O$7:$O$1247,MATCH(B14,Historical!$B$7:$B$1278,0)))^(1/10)-1)*100) -> 3.3068818 | W14: =IF(OR(U14<=0,U14="n/a",V14<=0,V14="n/a"),"n/a",U14/V14) -> 1.0457551 | X14: =IF(OR(AJ14<=0,AJ14="n/a",U14<=0,U14="n/a"),"n/a",U14/AJ14) -> 0.37589006 | Y14: Adj Stock dividend | Z14: =IF(OR(AC14<0.01,AC14="n/a"),"n/a",M14/AC14*100) -> 42.276423 | AA14: =IF(OR(AC14<0.01,AC14="n/a"),"n/a",I14/AC14) -> 11.126016 | AB14: 12 | AC14: 2.46 | AD14: 1.61 | AE14: 3.75 | AF14: 1.33 | AG14: 12.1 | AH14: 2.9 | AI14: 2.71 | AJ14: 9.2 | AK14: 6.9 | AL14: 419.86 | AM14: 3 | AN14: 0.08 | AO14: =IF(U14="n/a","n/a",IF(AA14<0,"n/a",IF(AA14="n/a","n/a",J14+U14-AA14))) -> -3.8680469 | AP14: =IF(U14="n/a","n/a",J14+U14) -> 7.2579693 | AQ14: =IF(OR(AC14<0.01,AF14="n/a"),"n/a",(I14/SQRT(22.5*AC14*(I14/AF14))-1)*100) -> -18.903071 | AR14: =INDEX(Historical!$C$7:$C$1256,MATCH(B14,Historical!$B$7:$B$1278,0))*IF(AH14="n/a",1.03,IF(AH14<0,1.01,IF(AH14>10,1.1,(1+AH14/100)))) -> 1.0467827 | AS14: =IF($AI14="n/a",1.03*AR14,IF($AI14<0,1.01*AR14,IF($AI14>10,1.1*AR14,(1+$AI14/100)*AR14))) -> 1.0751505 | AT14: =IF($AK14="n/a",1.03*AS14,IF($AK14<0,1.01*AS14,IF($AK14>10,1.1*AS14,(1+$AK14/100)*AS14))) -> 1.1493359 | AU14: =IF($AK14="n/a",1.03*AT14,IF($AK14<0,1.01*AT14,IF($AK14>10,1.1*AT14,(1+$AK14/100)*AT14))) -> 1.2286401 | AV14: =IF($AK14="n/a",1.03*AU14,IF($AK14<0,1.01*AU14,IF($AK14>10,1.1*AU14,(1+$AK14/100)*AU14))) -> 1.3134163 | AW14: =SUM(AR14:AV14) -> 5.8133255 | AX14: =AW14/I14*100 -> 21.239772 | AY14: 0.68 | AZ14: 35.63 | BA14: -26.41 | BB14: 1.68 | BC14: -2.54 | BE14: 1994 | BF14: =IF(BE14>2008,0,IF(BE14>2001,1,IF(BE14>1990,2,IF(BE14>1980,3,IF(BE14>1973,4,IF(BE14>1970,5,IF(BE14>1960,6,IF(BE14>1958,7,IF(BE14>1953,8,9))))))))) -> 2 | BG14: 1.1
A15: Artesian Resources | B15: ARTNA | C15: Utilities | D15: Water Utilities | E15: 28 | F15: 108 | G15: N | H15: N | I15: 35.23 | J15: =(M15/I15)*100 -> 2.919103 | K15: 0.2571 | L15: 4 | M15: =K15*L15 -> 1.0284 | N15: B22 | O15: 0.2496 | P15: 44141 | Q15: 44155 | R15: =(K15-O15)/O15*100 -> 3.0048077 | S15: =IF(INDEX(Historical!$D$7:$D$1254,MATCH(B15,Historical!$B$7:$B$1278,0))=0,"n/a",(INDEX(Historical!$C$7:$C$1256,MATCH(B15,Historical!$B$7:$B$1278,0))/INDEX(Historical!$D$7:$D$1254,MATCH(B15,Historical!$B$7:$B$1278,0))-1)*100) -> 3.0160226 | T15: =IF(INDEX(Historical!$F$7:$F$1247,MATCH(B15,Historical!$B$7:$B$1278,0))=0,"n/a",((INDEX(Historical!$C$7:$C$1256,MATCH(B15,Historical!$B$7:$B$1278,0))/INDEX(Historical!$F$7:$F$1247,MATCH(B15,Historical!$B$7:$B$1278,0)))^(1/3)-1)*100) -> 3.0200249 | U15: =IF(INDEX(Historical!$H$7:$H$1247,MATCH(B15,Historical!$B$7:$B$1278,0))=0,"n/a",((INDEX(Historical!$C$7:$C$1256,MATCH(B15,Historical!$B$7:$B$1278,0))/INDEX(Historical!$H$7:$H$1247,MATCH(B15,Historical!$B$7:$B$1278,0)))^(1/5)-1)*100) -> 3.0157449 | V15: =IF(INDEX(Historical!$O$7:$O$1247,MATCH(B15,Historical!$B$7:$B$1278,0))=0,"n/a",((INDEX(Historical!$C$7:$C$1256,MATCH(B15,Historical!$B$7:$B$1278,0))/INDEX(Historical!$O$7:$O$1247,MATCH(B15,Historical!$B$7:$B$1278,0)))^(1/10)-1)*100) -> 3.1341472 | W15: =IF(OR(U15<=0,U15="n/a",V15<=0,V15="n/a"),"n/a",U15/V15) -> 0.96222183 | X15: =IF(OR(AJ15<=0,AJ15="n/a",U15<=0,U15="n/a"),"n/a",U15/AJ15) -> 0.35479352 | Z15: =IF(OR(AC15<0.01,AC15="n/a"),"n/a",M15/AC15*100) -> 59.445087 | AA15: =IF(OR(AC15<0.01,AC15="n/a"),"n/a",I15/AC15) -> 20.364162 | AB15: 12 | AC15: 1.73 | AD15: 5.08 | AE15: 3.88 | AF15: 2.02 | AG15: 10.1 | AH15: 1.8 | AI15: 4.17 | AJ15: 8.5 | AK15: 4 | AL15: 330.81 | AM15: 0.5 | AN15: 0.98 | AO15: =IF(U15="n/a","n/a",IF(AA15<0,"n/a",IF(AA15="n/a","n/a",J15+U15-AA15))) -> -14.429314 | AP15: =IF(U15="n/a","n/a",J15+U15) -> 5.9348479 | AQ15: =IF(OR(AC15<0.01,AF15="n/a"),"n/a",(I15/SQRT(22.5*AC15*(I15/AF15))-1)*100) -> 35.212766 | AR15: =INDEX(Historical!$C$7:$C$1256,MATCH(B15,Historical!$B$7:$B$1278,0))*IF(AH15="n/a",1.03,IF(AH15<0,1.01,IF(AH15>10,1.1,(1+AH15/100)))) -> 1.0014066 | AS15: =IF($AI15="n/a",1.03*AR15,IF($AI15<0,1.01*AR15,IF($AI15>10,1.1*AR15,(1+$AI15/100)*AR15))) -> 1.0431653 | AT15: =IF($AK15="n/a",1.03*AS15,IF($AK15<0,1.01*AS15,IF($AK15>10,1.1*AS15,(1+$AK15/100)*AS15))) -> 1.0848919 | AU15: =IF($AK15="n/a",1.03*AT15,IF($AK15<0,1.01*AT15,IF($AK15>10,1.1*AT15,(1+$AK15/100)*AT15))) -> 1.1282875 | AV15: =IF($AK15="n/a",1.03*AU15,IF($AK15<0,1.01*AU15,IF($AK15>10,1.1*AU15,(1+$AK15/100)*AU15))) -> 1.173419 | AW15: =SUM(AR15:AV15) -> 5.4311703 | AX15: =AW15/I15*100 -> 15.416322 | AY15: -0.03 | AZ15: 17.39 | BA15: -11.04 | BB15: 0.23 | BC15: -1.21 | BE15: 1993 | BF15: =IF(BE15>2008,0,IF(BE15>2001,1,IF(BE15>1990,2,IF(BE15>1980,3,IF(BE15>1973,4,IF(BE15>1970,5,IF(BE15>1960,6,IF(BE15>1958,7,IF(BE15>1953,8,9))))))))) -> 2 | BG15: 2.9
A16: Atmos Energy | B16: ATO | C16: Utilities | D16: Gas Utilities | E16: 36 | F16: 74 | G16: N | H16: N | I16: 91.67 | J16: =(M16/I16)*100 -> 2.5089997 | K16: 0.575 | L16: 4 | M16: =K16*L16 -> 2.3 | N16: C11 | O16: 0.525 | P16: 43790 | Q16: 43807 | R16: =(K16-O16)/O16*100 -> 9.5238095 | S16: =IF(INDEX(Historical!$D$7:$D$1254,MATCH(B16,Historical!$B$7:$B$1278,0))=0,"n/a",(INDEX(Historical!$C$7:$C$1256,MATCH(B16,Historical!$B$7:$B$1278,0))/INDEX(Historical!$D$7:$D$1254,MATCH(B16,Historical!$B$7:$B$1278,0))-1)*100) -> 8.5858586 | T16: =IF(INDEX(Historical!$F$7:$F$1247,MATCH(B16,Historical!$B$7:$B$1278,0))=0,"n/a",((INDEX(Historical!$C$7:$C$1256,MATCH(B16,Historical!$B$7:$B$1278,0))/INDEX(Historical!$F$7:$F$1247,MATCH(B16,Historical!$B$7:$B$1278,0)))^(1/3)-1)*100) -> 7.9313104 | U16: =IF(INDEX(Historical!$H$7:$H$1247,MATCH(B16,Historical!$B$7:$B$1278,0))=0,"n/a",((INDEX(Historical!$C$7:$C$1256,MATCH(B16,Historical!$B$7:$B$1278,0))/INDEX(Historical!$H$7:$H$1247,MATCH(B16,Historical!$B$7:$B$1278,0)))^(1/5)-1)*100) -> 7.4655932 | V16: =IF(INDEX(Historical!$O$7:$O$1247,MATCH(B16,Historical!$B$7:$B$1278,0))=0,"n/a",((INDEX(Historical!$C$7:$C$1256,MATCH(B16,Historical!$B$7:$B$1278,0))/INDEX(Historical!$O$7:$O$1247,MATCH(B16,Historical!$B$7:$B$1278,0)))^(1/10)-1)*100) -> 4.959622 | W16: =IF(OR(U16<=0,U16="n/a",V16<=0,V16="n/a"),"n/a",U16/V16) -> 1.5052746 | X16: =IF(OR(AJ16<=0,AJ16="n/a",U16<=0,U16="n/a"),"n/a",U16/AJ16) -> 0.93319915 | Z16: =IF(OR(AC16<0.01,AC16="n/a"),"n/a",M16/AC16*100) -> 47.42268 | AA16: =IF(OR(AC16<0.01,AC16="n/a"),"n/a",I16/AC16) -> 18.901031 | AB16: 9 | AC16: 4.85 | AD16: 2.61 | AE16: 4.01 | AF16: 1.75 | AG16: 11.6 | AH16: 8.8 | AI16: 6.78 | AJ16: 8 | AK16: 7.25 | AL16: 11190 | AM16: 0.5 | AN16: 0.7 | AO16: =IF(U16="n/a","n/a",IF(AA16<0,"n/a",IF(AA16="n/a","n/a",J16+U16-AA16))) -> -8.9264381 | AP16: =IF(U16="n/a","n/a",J16+U16) -> 9.9745928 | AQ16: =IF(OR(AC16<0.01,AF16="n/a"),"n/a",(I16/SQRT(22.5*AC16*(I16/AF16))-1)*100) -> 21.246863 | AR16: =INDEX(Historical!$C$7:$C$1256,MATCH(B16,Historical!$B$7:$B$1278,0))*IF(AH16="n/a",1.03,IF(AH16<0,1.01,IF(AH16>10,1.1,(1+AH16/100)))) -> 2.3392 | AS16: =IF($AI16="n/a",1.03*AR16,IF($AI16<0,1.01*AR16,IF($AI16>10,1.1*AR16,(1+$AI16/100)*AR16))) -> 2.4977978 | AT16: =IF($AK16="n/a",1.03*AS16,IF($AK16<0,1.01*AS16,IF($AK16>10,1.1*AS16,(1+$AK16/100)*AS16))) -> 2.6788881 | AU16: =IF($AK16="n/a",1.03*AT16,IF($AK16<0,1.01*AT16,IF($AK16>10,1.1*AT16,(1+$AK16/100)*AT16))) -> 2.8731075 | AV16: =IF($AK16="n/a",1.03*AU16,IF($AK16<0,1.01*AU16,IF($AK16>10,1.1*AU16,(1+$AK16/100)*AU16))) -> 3.0814078 | AW16: =SUM(AR16:AV16) -> 13.470401 | AX16: =AW16/I16*100 -> 14.694449 | AY16: 0.28 | AZ16: 17.65 | BA16: -24.29 | BB16: -4.5 | BC16: -10.35 | BE16: 1985 | BF16: =IF(BE16>2008,0,IF(BE16>2001,1,IF(BE16>1990,2,IF(BE16>1980,3,IF(BE16>1973,4,IF(BE16>1970,5,IF(BE16>1960,6,IF(BE16>1958,7,IF(BE16>1953,8,9))))))))) -> 3 | BG16: 5
A17: AptarGroup Inc. | B17: ATR | C17: Materials | D17: Containers & Packaging | E17: 26 | F17: 120 | G17: - | H17: - | I17: 114.09 | J17: =(M17/I17)*100 -> 1.2621615 | K17: 0.36 | L17: 4 | M17: =K17*L17 -> 1.44 | N17: B23 | O17: 0.34 | P17: 43585 | Q17: 43607 | R17: =(K17-O17)/O17*100 -> 5.8823529 | S17: =IF(INDEX(Historical!$D$7:$D$1254,MATCH(B17,Historical!$B$7:$B$1278,0))=0,"n/a",(INDEX(Historical!$C$7:$C$1256,MATCH(B17,Historical!$B$7:$B$1278,0))/INDEX(Historical!$D$7:$D$1254,MATCH(B17,Historical!$B$7:$B$1278,0))-1)*100) -> 7.5757576 | T17: =IF(INDEX(Historical!$F$7:$F$1247,MATCH(B17,Historical!$B$7:$B$1278,0))=0,"n/a",((INDEX(Historical!$C$7:$C$1256,MATCH(B17,Historical!$B$7:$B$1278,0))/INDEX(Historical!$F$7:$F$1247,MATCH(B17,Historical!$B$7:$B$1278,0)))^(1/3)-1)*100) -> 5.1904157 | U17: =IF(INDEX(Historical!$H$7:$H$1247,MATCH(B17,Historical!$B$7:$B$1278,0))=0,"n/a",((INDEX(Historical!$C$7:$C$1256,MATCH(B17,Historical!$B$7:$B$1278,0))/INDEX(Historical!$H$7:$H$1247,MATCH(B17,Historical!$B$7:$B$1278,0)))^(1/5)-1)*100) -> 5.4319816 | V17: =IF(INDEX(Historical!$O$7:$O$1247,MATCH(B17,Historical!$B$7:$B$1278,0))=0,"n/a",((INDEX(Historical!$C$7:$C$1256,MATCH(B17,Historical!$B$7:$B$1278,0))/INDEX(Historical!$O$7:$O$1247,MATCH(B17,Historical!$B$7:$B$1278,0)))^(1/10)-1)*100) -> 8.9967904 | W17: =IF(OR(U17<=0,U17="n/a",V17<=0,V17="n/a"),"n/a",U17/V17) -> 0.60376883 | X17: =IF(OR(AJ17<=0,AJ17="n/a",U17<=0,U17="n/a"),"n/a",U17/AJ17) -> 1.0446119 | Z17: =IF(OR(AC17<0.01,AC17="n/a"),"n/a",M17/AC17*100) -> 47.213115 | AA17: =IF(OR(AC17<0.01,AC17="n/a"),"n/a",I17/AC17) -> 37.406557 | AB17: 12 | AC17: 3.05 | AD17: 7.54 | AE17: 2.63 | AF17: 4.45 | AG17: 12.7 | AH17: 25.6 | AI17: 18.57 | AJ17: 5.2 | AK17: 4.96 | AL17: 7350 | AM17: 0.3 | AN17: 0.79 | AO17: =IF(U17="n/a","n/a",IF(AA17<0,"n/a",IF(AA17="n/a","n/a",J17+U17-AA17))) -> -30.712414 | AP17: =IF(U17="n/a","n/a",J17+U17) -> 6.6941431 | AQ17: =IF(OR(AC17<0.01,AF17="n/a"),"n/a",(I17/SQRT(22.5*AC17*(I17/AF17))-1)*100) -> 171.99606 | AR17: =INDEX(Historical!$C$7:$C$1256,MATCH(B17,Historical!$B$7:$B$1278,0))*IF(AH17="n/a",1.03,IF(AH17<0,1.01,IF(AH17>10,1.1,(1+AH17/100)))) -> 1.562 | AS17: =IF($AI17="n/a",1.03*AR17,IF($AI17<0,1.01*AR17,IF($AI17>10,1.1*AR17,(1+$AI17/100)*AR17))) -> 1.7182 | AT17: =IF($AK17="n/a",1.03*AS17,IF($AK17<0,1.01*AS17,IF($AK17>10,1.1*AS17,(1+$AK17/100)*AS17))) -> 1.8034227 | AU17: =IF($AK17="n/a",1.03*AT17,IF($AK17<0,1.01*AT17,IF($AK17>10,1.1*AT17,(1+$AK17/100)*AT17))) -> 1.8928725 | AV17: =IF($AK17="n/a",1.03*AU17,IF($AK17<0,1.01*AU17,IF($AK17>10,1.1*AU17,(1+$AK17/100)*AU17))) -> 1.986759 | AW17: =SUM(AR17:AV17) -> 8.9632542 | AX17: =AW17/I17*100 -> 7.8563013 | AY17: 0.59 | AZ17: 42.9 | BA17: -6.82 | BB17: -1.97 | BC17: 2.79 | BE17: 1994 | BF17: =IF(BE17>2008,0,IF(BE17>2001,1,IF(BE17>1990,2,IF(BE17>1980,3,IF(BE17>1973,4,IF(BE17>1970,5,IF(BE17>1960,6,IF(BE17>1958,7,IF(BE17>1953,8,9))))))))) -> 2 | BG17: 5.5
A18: American States Water | B18: AWR | C18: Utilities | D18: Water Utilities | E18: 66 | F18: 1 | G18: N | H18: N | I18: 74.69 | J18: =(M18/I18)*100 -> 1.7940822 | K18: 0.335 | L18: 4 | M18: =K18*L18 -> 1.34 | N18: C01 | O18: 0.305 | P18: 44057 | Q18: 44075 | R18: =(K18-O18)/O18*100 -> 9.8360656 | S18: =IF(INDEX(Historical!$D$7:$D$1254,MATCH(B18,Historical!$B$7:$B$1278,0))=0,"n/a",(INDEX(Historical!$C$7:$C$1256,MATCH(B18,Historical!$B$7:$B$1278,0))/INDEX(Historical!$D$7:$D$1254,MATCH(B18,Historical!$B$7:$B$1278,0))-1)*100) -> 9.4339623 | T18: =IF(INDEX(Historical!$F$7:$F$1247,MATCH(B18,Historical!$B$7:$B$1278,0))=0,"n/a",((INDEX(Historical!$C$7:$C$1256,MATCH(B18,Historical!$B$7:$B$1278,0))/INDEX(Historical!$F$7:$F$1247,MATCH(B18,Historical!$B$7:$B$1278,0)))^(1/3)-1)*100) -> 8.2689515 | U18: =IF(INDEX(Historical!$H$7:$H$1247,MATCH(B18,Historical!$B$7:$B$1278,0))=0,"n/a",((INDEX(Historical!$C$7:$C$1256,MATCH(B18,Historical!$B$7:$B$1278,0))/INDEX(Historical!$H$7:$H$1247,MATCH(B18,Historical!$B$7:$B$1278,0)))^(1/5)-1)*100) -> 6.9241926 | V18: =IF(INDEX(Historical!$O$7:$O$1247,MATCH(B18,Historical!$B$7:$B$1278,0))=0,"n/a",((INDEX(Historical!$C$7:$C$1256,MATCH(B18,Historical!$B$7:$B$1278,0))/INDEX(Historical!$O$7:$O$1247,MATCH(B18,Historical!$B$7:$B$1278,0)))^(1/10)-1)*100) -> 8.6717501 | W18: =IF(OR(U18<=0,U18="n/a",V18<=0,V18="n/a"),"n/a",U18/V18) -> 0.79847695 | X18: =IF(OR(AJ18<=0,AJ18="n/a",U18<=0,U18="n/a"),"n/a",U18/AJ18) -> 0.887717 | Z18: =IF(OR(AC18<0.01,AC18="n/a"),"n/a",M18/AC18*100) -> 58.77193 | AA18: =IF(OR(AC18<0.01,AC18="n/a"),"n/a",I18/AC18) -> 32.758772 | AB18: 12 | AC18: 2.28 | AD18: 6.18 | AE18: 5.66 | AF18: 4.45 | AG18: 13.9 | AH18: 32.6 | AI18: 5.64 | AJ18: 7.8 | AK18: 5.3 | AL18: 2700 | AM18: 0.4 | AN18: 0.86 | AO18: =IF(U18="n/a","n/a",IF(AA18<0,"n/a",IF(AA18="n/a","n/a",J18+U18-AA18))) -> -24.040497 | AP18: =IF(U18="n/a","n/a",J18+U18) -> 8.7182748 | AQ18: =IF(OR(AC18<0.01,AF18="n/a"),"n/a",(I18/SQRT(22.5*AC18*(I18/AF18))-1)*100) -> 154.53796 | AR18: =INDEX(Historical!$C$7:$C$1256,MATCH(B18,Historical!$B$7:$B$1278,0))*IF(AH18="n/a",1.03,IF(AH18<0,1.01,IF(AH18>10,1.1,(1+AH18/100)))) -> 1.276 | AS18: =IF($AI18="n/a",1.03*AR18,IF($AI18<0,1.01*AR18,IF($AI18>10,1.1*AR18,(1+$AI18/100)*AR18))) -> 1.3479664 | AT18: =IF($AK18="n/a",1.03*AS18,IF($AK18<0,1.01*AS18,IF($AK18>10,1.1*AS18,(1+$AK18/100)*AS18))) -> 1.4194086 | AU18: =IF($AK18="n/a",1.03*AT18,IF($AK18<0,1.01*AT18,IF($AK18>10,1.1*AT18,(1+$AK18/100)*AT18))) -> 1.4946373 | AV18: =IF($AK18="n/a",1.03*AU18,IF($AK18<0,1.01*AU18,IF($AK18>10,1.1*AU18,(1+$AK18/100)*AU18))) -> 1.5738531 | AW18: =SUM(AR18:AV18) -> 7.1118653 | AX18: =AW18/I18*100 -> 9.5218441 | AY18: -0.07 | AZ18: 14.71 | BA18: -22.71 | BB18: -1.47 | BC18: -6.79 | BE18: 1955 | BF18: =IF(BE18>2008,0,IF(BE18>2001,1,IF(BE18>1990,2,IF(BE18>1980,3,IF(BE18>1973,4,IF(BE18>1970,5,IF(BE18>1960,6,IF(BE18>1958,7,IF(BE18>1953,8,9))))))))) -> 8 | BG18: 5.1
A19: BancFirst Corp. OK | B19: BANF | C19: Financials | D19: Banks | E19: 27 | F19: 117 | G19: - | H19: - | I19: 44.45 | J19: =(M19/I19)*100 -> 3.0596175 | K19: 0.34 | L19: 4 | M19: =K19*L19 -> 1.36 | N19: A13 | O19: 0.32 | P19: 44103 | Q19: 44119 | R19: =(K19-O19)/O19*100 -> 6.25 | S19: =IF(INDEX(Historical!$D$7:$D$1254,MATCH(B19,Historical!$B$7:$B$1278,0))=0,"n/a",(INDEX(Historical!$C$7:$C$1256,MATCH(B19,Historical!$B$7:$B$1278,0))/INDEX(Historical!$D$7:$D$1254,MATCH(B19,Historical!$B$7:$B$1278,0))-1)*100) -> 31.182796 | T19: =IF(INDEX(Historical!$F$7:$F$1247,MATCH(B19,Historical!$B$7:$B$1278,0))=0,"n/a",((INDEX(Historical!$C$7:$C$1256,MATCH(B19,Historical!$B$7:$B$1278,0))/INDEX(Historical!$F$7:$F$1247,MATCH(B19,Historical!$B$7:$B$1278,0)))^(1/3)-1)*100) -> 18.671288 | U19: =IF(INDEX(Historical!$H$7:$H$1247,MATCH(B19,Historical!$B$7:$B$1278,0))=0,"n/a",((INDEX(Historical!$C$7:$C$1256,MATCH(B19,Historical!$B$7:$B$1278,0))/INDEX(Historical!$H$7:$H$1247,MATCH(B19,Historical!$B$7:$B$1278,0)))^(1/5)-1)*100) -> 13.950759 | V19: =IF(INDEX(Historical!$O$7:$O$1247,MATCH(B19,Historical!$B$7:$B$1278,0))=0,"n/a",((INDEX(Historical!$C$7:$C$1256,MATCH(B19,Historical!$B$7:$B$1278,0))/INDEX(Historical!$O$7:$O$1247,MATCH(B19,Historical!$B$7:$B$1278,0)))^(1/10)-1)*100) -> 10.611424 | W19: =IF(OR(U19<=0,U19="n/a",V19<=0,V19="n/a"),"n/a",U19/V19) -> 1.3146925 | X19: =IF(OR(AJ19<=0,AJ19="n/a",U19<=0,U19="n/a"),"n/a",U19/AJ19) -> 0.93629253 | Z19: =IF(OR(AC19<0.01,AC19="n/a"),"n/a",M19/AC19*100) -> 45.333333 | AA19: =IF(OR(AC19<0.01,AC19="n/a"),"n/a",I19/AC19) -> 14.816667 | AB19: 12 | AC19: 3 | AD19: 2.12 | AE19: 4.52 | AF19: 1.4 | AG19: 12.4 | AH19: 7.5 | AI19: 23.56 | AJ19: 14.9 | AK19: 7 | AL19: 1480 | AM19: 0.1 | AN19: 0.03 | AO19: =IF(U19="n/a","n/a",IF(AA19<0,"n/a",IF(AA19="n/a","n/a",J19+U19-AA19))) -> 2.1937096 | AP19: =IF(U19="n/a","n/a",J19+U19) -> 17.010376 | AQ19: =IF(OR(AC19<0.01,AF19="n/a"),"n/a",(I19/SQRT(22.5*AC19*(I19/AF19))-1)*100) -> -3.9830262 | AR19: =INDEX(Historical!$C$7:$C$1256,MATCH(B19,Historical!$B$7:$B$1278,0))*IF(AH19="n/a",1.03,IF(AH19<0,1.01,IF(AH19>10,1.1,(1+AH19/100)))) -> 1.3115 | AS19: =IF($AI19="n/a",1.03*AR19,IF($AI19<0,1.01*AR19,IF($AI19>10,1.1*AR19,(1+$AI19/100)*AR19))) -> 1.44265 | AT19: =IF($AK19="n/a",1.03*AS19,IF($AK19<0,1.01*AS19,IF($AK19>10,1.1*AS19,(1+$AK19/100)*AS19))) -> 1.5436355 | AU19: =IF($AK19="n/a",1.03*AT19,IF($AK19<0,1.01*AT19,IF($AK19>10,1.1*AT19,(1+$AK19/100)*AT19))) -> 1.65169 | AV19: =IF($AK19="n/a",1.03*AU19,IF($AK19<0,1.01*AU19,IF($AK19>10,1.1*AU19,(1+$AK19/100)*AU19))) -> 1.7673083 | AW19: =SUM(AR19:AV19) -> 7.7167838 | AX19: =AW19/I19*100 -> 17.360593 | AY19: 1.41 | AZ19: 70.96 | BA19: -30.5 | BB19: 1.67 | BC19: 4.01 | BE19: 1994 | BF19: =IF(BE19>2008,0,IF(BE19>2001,1,IF(BE19>1990,2,IF(BE19>1980,3,IF(BE19>1973,4,IF(BE19>1970,5,IF(BE19>1960,6,IF(BE19>1958,7,IF(BE19>1953,8,9))))))))) -> 2 | BG19: 1.4
A20: Becton Dickinson & Co. | B20: BDX | C20: Health Care | D20: Health Care Equipment & Supplies | E20: 48 | F20: 39 | G20: N | H20: N | I20: 231.13 | J20: =(M20/I20)*100 -> 1.367196 | K20: 0.79 | L20: 4 | M20: =K20*L20 -> 3.16 | N20: C29 | O20: 0.77 | P20: 43807 | Q20: 43830 | R20: =(K20-O20)/O20*100 -> 2.5974026 | S20: =IF(INDEX(Historical!$D$7:$D$1254,MATCH(B20,Historical!$B$7:$B$1278,0))=0,"n/a",(INDEX(Historical!$C$7:$C$1256,MATCH(B20,Historical!$B$7:$B$1278,0))/INDEX(Historical!$D$7:$D$1254,MATCH(B20,Historical!$B$7:$B$1278,0))-1)*100) -> 2.6490066 | T20: =IF(INDEX(Historical!$F$7:$F$1247,MATCH(B20,Historical!$B$7:$B$1278,0))=0,"n/a",((INDEX(Historical!$C$7:$C$1256,MATCH(B20,Historical!$B$7:$B$1278,0))/INDEX(Historical!$F$7:$F$1247,MATCH(B20,Historical!$B$7:$B$1278,0)))^(1/3)-1)*100) -> 4.5837318 | U20: =IF(INDEX(Historical!$H$7:$H$1247,MATCH(B20,Historical!$B$7:$B$1278,0))=0,"n/a",((INDEX(Historical!$C$7:$C$1256,MATCH(B20,Historical!$B$7:$B$1278,0))/INDEX(Historical!$H$7:$H$1247,MATCH(B20,Historical!$B$7:$B$1278,0)))^(1/5)-1)*100) -> 6.7620325 | V20: =IF(INDEX(Historical!$O$7:$O$1247,MATCH(B20,Historical!$B$7:$B$1278,0))=0,"n/a",((INDEX(Historical!$C$7:$C$1256,MATCH(B20,Historical!$B$7:$B$1278,0))/INDEX(Historical!$O$7:$O$1247,MATCH(B20,Historical!$B$7:$B$1278,0)))^(1/10)-1)*100) -> 8.9127631 | W20: =IF(OR(U20<=0,U20="n/a",V20<=0,V20="n/a"),"n/a",U20/V20) -> 0.75869093 | X20: =IF(OR(AJ20<=0,AJ20="n/a",U20<=0,U20="n/a"),"n/a",U20/AJ20) -> n/a | Y20: FY Streak | Z20: =IF(OR(AC20<0.01,AC20="n/a"),"n/a",M20/AC20*100) -> 111.26761 | AA20: =IF(OR(AC20<0.01,AC20="n/a"),"n/a",I20/AC20) -> 81.383803 | AB20: 9 | AC20: 2.84 | AD20: 12.72 | AE20: 3.97 | AF20: 2.72 | AG20: 3.6 | AH20: 24.4 | AI20: 26.25 | AJ20: -8.9 | AK20: 6.4 | AL20: 67220 | AM20: 0.1 | AN20: 0.78 | AO20: =IF(U20="n/a","n/a",IF(AA20<0,"n/a",IF(AA20="n/a","n/a",J20+U20-AA20))) -> -73.254574 | AP20: =IF(U20="n/a","n/a",J20+U20) -> 8.1292285 | AQ20: =IF(OR(AC20<0.01,AF20="n/a"),"n/a",(I20/SQRT(22.5*AC20*(I20/AF20))-1)*100) -> 213.6622 | AR20: =INDEX(Historical!$C$7:$C$1256,MATCH(B20,Historical!$B$7:$B$1278,0))*IF(AH20="n/a",1.03,IF(AH20<0,1.01,IF(AH20>10,1.1,(1+AH20/100)))) -> 3.41 | AS20: =IF($AI20="n/a",1.03*AR20,IF($AI20<0,1.01*AR20,IF($AI20>10,1.1*AR20,(1+$AI20/100)*AR20))) -> 3.751 | AT20: =IF($AK20="n/a",1.03*AS20,IF($AK20<0,1.01*AS20,IF($AK20>10,1.1*AS20,(1+$AK20/100)*AS20))) -> 3.991064 | AU20: =IF($AK20="n/a",1.03*AT20,IF($AK20<0,1.01*AT20,IF($AK20>10,1.1*AT20,(1+$AK20/100)*AT20))) -> 4.2464921 | AV20: =IF($AK20="n/a",1.03*AU20,IF($AK20<0,1.01*AU20,IF($AK20>10,1.1*AU20,(1+$AK20/100)*AU20))) -> 4.5182676 | AW20: =SUM(AR20:AV20) -> 19.916824 | AX20: =AW20/I20*100 -> 8.6171521 | AY20: 0.85 | AZ20: 16.88 | BA20: -19.39 | BB20: -2.37 | BC20: -6.82 | BE20: 1973 | BF20: =IF(BE20>2008,0,IF(BE20>2001,1,IF(BE20>1990,2,IF(BE20>1980,3,IF(BE20>1973,4,IF(BE20>1970,5,IF(BE20>1960,6,IF(BE20>1958,7,IF(BE20>1953,8,9))))))))) -> 5 | BG20: 1.5
A21: Franklin Resources | B21: BEN | C21: Financials | D21: Capital Markets | E21: 40 | F21: 64 | G21: N | H21: Y | I21: 18.75 | J21: =(M21/I21)*100 -> 5.76 | K21: 0.27 | L21: 4 | M21: =K21*L21 -> 1.08 | N21: A10 | O21: 0.26 | P21: 43828 | Q21: 43839 | R21: =(K21-O21)/O21*100 -> 3.8461538 | S21: =IF(INDEX(Historical!$D$7:$D$1254,MATCH(B21,Historical!$B$7:$B$1278,0))=0,"n/a",(INDEX(Historical!$C$7:$C$1256,MATCH(B21,Historical!$B$7:$B$1278,0))/INDEX(Historical!$D$7:$D$1254,MATCH(B21,Historical!$B$7:$B$1278,0))-1)*100) -> 13.043478 | T21: =IF(INDEX(Historical!$F$7:$F$1247,MATCH(B21,Historical!$B$7:$B$1278,0))=0,"n/a",((INDEX(Historical!$C$7:$C$1256,MATCH(B21,Historical!$B$7:$B$1278,0))/INDEX(Historical!$F$7:$F$1247,MATCH(B21,Historical!$B$7:$B$1278,0)))^(1/3)-1)*100) -> 13.040381 | U21: =IF(INDEX(Historical!$H$7:$H$1247,MATCH(B21,Historical!$B$7:$B$1278,0))=0,"n/a",((INDEX(Historical!$C$7:$C$1256,MATCH(B21,Historical!$B$7:$B$1278,0))/INDEX(Historical!$H$7:$H$1247,MATCH(B21,Historical!$B$7:$B$1278,0)))^(1/5)-1)*100) -> 16.723532 | V21: =IF(INDEX(Historical!$O$7:$O$1247,MATCH(B21,Historical!$B$7:$B$1278,0))=0,"n/a",((INDEX(Historical!$C$7:$C$1256,MATCH(B21,Historical!$B$7:$B$1278,0))/INDEX(Historical!$O$7:$O$1247,MATCH(B21,Historical!$B$7:$B$1278,0)))^(1/10)-1)*100) -> 14.021705 | W21: =IF(OR(U21<=0,U21="n/a",V21<=0,V21="n/a"),"n/a",U21/V21) -> 1.1926889 | X21: =IF(OR(AJ21<=0,AJ21="n/a",U21<=0,U21="n/a"),"n/a",U21/AJ21) -> n/a | Z21: =IF(OR(AC21<0.01,AC21="n/a"),"n/a",M21/AC21*100) -> 52.682927 | AA21: =IF(OR(AC21<0.01,AC21="n/a"),"n/a",I21/AC21) -> 9.1463415 | AB21: 9 | AC21: 2.05 | AD21: n/a | AE21: 1.72 | AF21: 0.91 | AG21: 10.1 | AH21: -26.3 | AI21: 8.86 | AJ21: -9.1 | AK21: -5.29 | AL21: 9270 | AM21: 0.1 | AN21: 0.14 | AO21: =IF(U21="n/a","n/a",IF(AA21<0,"n/a",IF(AA21="n/a","n/a",J21+U21-AA21))) -> 13.33719 | AP21: =IF(U21="n/a","n/a",J21+U21) -> 22.483532 | AQ21: =IF(OR(AC21<0.01,AF21="n/a"),"n/a",(I21/SQRT(22.5*AC21*(I21/AF21))-1)*100) -> -39.179058 | AR21: =INDEX(Historical!$C$7:$C$1256,MATCH(B21,Historical!$B$7:$B$1278,0))*IF(AH21="n/a",1.03,IF(AH21<0,1.01,IF(AH21>10,1.1,(1+AH21/100)))) -> 1.0504 | AS21: =IF($AI21="n/a",1.03*AR21,IF($AI21<0,1.01*AR21,IF($AI21>10,1.1*AR21,(1+$AI21/100)*AR21))) -> 1.1434654 | AT21: =IF($AK21="n/a",1.03*AS21,IF($AK21<0,1.01*AS21,IF($AK21>10,1.1*AS21,(1+$AK21/100)*AS21))) -> 1.1549001 | AU21: =IF($AK21="n/a",1.03*AT21,IF($AK21<0,1.01*AT21,IF($AK21>10,1.1*AT21,(1+$AK21/100)*AT21))) -> 1.1664491 | AV21: =IF($AK21="n/a",1.03*AU21,IF($AK21<0,1.01*AU21,IF($AK21>10,1.1*AU21,(1+$AK21/100)*AU21))) -> 1.1781136 | AW21: =SUM(AR21:AV21) -> 5.6933282 | AX21: =AW21/I21*100 -> 30.364417 | AY21: 1.21 | AZ21: 25.75 | BA21: -35.94 | BB21: -11.65 | BC21: -9.93 | BE21: 1981 | BF21: =IF(BE21>2008,0,IF(BE21>2001,1,IF(BE21>1990,2,IF(BE21>1980,3,IF(BE21>1973,4,IF(BE21>1970,5,IF(BE21>1960,6,IF(BE21>1958,7,IF(BE21>1953,8,9))))))))) -> 3 | BG21: 6.8
A22: Brown-Forman Class B | B22: BF-B | C22: Consumer Staples | D22: Beverages | E22: 36 | F22: 75 | G22: Y | H22: Y | I22: 69.71 | J22: =(M22/I22)*100 -> 1.0001435 | K22: 0.1743 | L22: 4 | M22: =K22*L22 -> 0.6972 | N22: A02 | O22: 0.166 | P22: 43802 | Q22: 43831 | R22: =(K22-O22)/O22*100 -> 5 | S22: =IF(INDEX(Historical!$D$7:$D$1254,MATCH(B22,Historical!$B$7:$B$1278,0))=0,"n/a",(INDEX(Historical!$C$7:$C$1256,MATCH(B22,Historical!$B$7:$B$1278,0))/INDEX(Historical!$D$7:$D$1254,MATCH(B22,Historical!$B$7:$B$1278,0))-1)*100) -> 5.0632911 | T22: =IF(INDEX(Historical!$F$7:$F$1247,MATCH(B22,Historical!$B$7:$B$1278,0))=0,"n/a",((INDEX(Historical!$C$7:$C$1256,MATCH(B22,Historical!$B$7:$B$1278,0))/INDEX(Historical!$F$7:$F$1247,MATCH(B22,Historical!$B$7:$B$1278,0)))^(1/3)-1)*100) -> 6.8701437 | U22: =IF(INDEX(Historical!$H$7:$H$1247,MATCH(B22,Historical!$B$7:$B$1278,0))=0,"n/a",((INDEX(Historical!$C$7:$C$1256,MATCH(B22,Historical!$B$7:$B$1278,0))/INDEX(Historical!$H$7:$H$1247,MATCH(B22,Historical!$B$7:$B$1278,0)))^(1/5)-1)*100) -> 7.0644317 | V22: =IF(INDEX(Historical!$O$7:$O$1247,MATCH(B22,Historical!$B$7:$B$1278,0))=0,"n/a",((INDEX(Historical!$C$7:$C$1256,MATCH(B22,Historical!$B$7:$B$1278,0))/INDEX(Historical!$O$7:$O$1247,MATCH(B22,Historical!$B$7:$B$1278,0)))^(1/10)-1)*100) -> 8.0314364 | W22: =IF(OR(U22<=0,U22="n/a",V22<=0,V22="n/a"),"n/a",U22/V22) -> 0.87959754 | X22: =IF(OR(AJ22<=0,AJ22="n/a",U22<=0,U22="n/a"),"n/a",U22/AJ22) -> 1.1774053 | Z22: =IF(OR(AC22<0.01,AC22="n/a"),"n/a",M22/AC22*100) -> 34.686567 | AA22: =IF(OR(AC22<0.01,AC22="n/a"),"n/a",I22/AC22) -> 34.681592 | AB22: 4 | AC22: 2.01 | AD22: 5.07 | AE22: 9.71 | AF22: 15.53 | AG22: 47.8 | AH22: 15.9 | AI22: -0.99 | AJ22: 6 | AK22: 6.85 | AL22: 32520 | AM22: 0.4 | AN22: 1.26 | AO22: =IF(U22="n/a","n/a",IF(AA22<0,"n/a",IF(AA22="n/a","n/a",J22+U22-AA22))) -> -26.617017 | AP22: =IF(U22="n/a","n/a",J22+U22) -> 8.0645752 | AQ22: =IF(OR(AC22<0.01,AF22="n/a"),"n/a",(I22/SQRT(22.5*AC22*(I22/AF22))-1)*100) -> 389.26481 | AR22: =INDEX(Historical!$C$7:$C$1256,MATCH(B22,Historical!$B$7:$B$1278,0))*IF(AH22="n/a",1.03,IF(AH22<0,1.01,IF(AH22>10,1.1,(1+AH22/100)))) -> 0.7304 | AS22: =IF($AI22="n/a",1.03*AR22,IF($AI22<0,1.01*AR22,IF($AI22>10,1.1*AR22,(1+$AI22/100)*AR22))) -> 0.737704 | AT22: =IF($AK22="n/a",1.03*AS22,IF($AK22<0,1.01*AS22,IF($AK22>10,1.1*AS22,(1+$AK22/100)*AS22))) -> 0.78823672 | AU22: =IF($AK22="n/a",1.03*AT22,IF($AK22<0,1.01*AT22,IF($AK22>10,1.1*AT22,(1+$AK22/100)*AT22))) -> 0.84223094 | AV22: =IF($AK22="n/a",1.03*AU22,IF($AK22<0,1.01*AU22,IF($AK22>10,1.1*AU22,(1+$AK22/100)*AU22))) -> 0.89992376 | AW22: =SUM(AR22:AV22) -> 3.9984954 | AX22: =AW22/I22*100 -> 5.7358993 | AY22: 0.7 | AZ22: 56.02 | BA22: -16.41 | BB22: -7.97 | BC22: 3.35 | BE22: 1985 | BF22: =IF(BE22>2008,0,IF(BE22>2001,1,IF(BE22>1990,2,IF(BE22>1980,3,IF(BE22>1973,4,IF(BE22>1970,5,IF(BE22>1960,6,IF(BE22>1958,7,IF(BE22>1953,8,9))))))))) -> 3 | BG22: 16.8
A23: Black Hills Corp. | B23: BKH | C23: Utilities | D23: Multi-Utilities | E23: 50 | F23: 31 | G23: N | H23: N | I23: 56.66 | J23: =(M23/I23)*100 -> 3.9887046 | K23: 0.565 | L23: 4 | M23: =K23*L23 -> 2.26 | N23: C01 | O23: 0.535 | P23: 44151 | Q23: 44166 | R23: =(K23-O23)/O23*100 -> 5.6074766 | S23: =IF(INDEX(Historical!$D$7:$D$1254,MATCH(B23,Historical!$B$7:$B$1278,0))=0,"n/a",(INDEX(Historical!$C$7:$C$1256,MATCH(B23,Historical!$B$7:$B$1278,0))/INDEX(Historical!$D$7:$D$1254,MATCH(B23,Historical!$B$7:$B$1278,0))-1)*100) -> 6.2176166 | T23: =IF(INDEX(Historical!$F$7:$F$1247,MATCH(B23,Historical!$B$7:$B$1278,0))=0,"n/a",((INDEX(Historical!$C$7:$C$1256,MATCH(B23,Historical!$B$7:$B$1278,0))/INDEX(Historical!$F$7:$F$1247,MATCH(B23,Historical!$B$7:$B$1278,0)))^(1/3)-1)*100) -> 6.8599237 | U23: =IF(INDEX(Historical!$H$7:$H$1247,MATCH(B23,Historical!$B$7:$B$1278,0))=0,"n/a",((INDEX(Historical!$C$7:$C$1256,MATCH(B23,Historical!$B$7:$B$1278,0))/INDEX(Historical!$H$7:$H$1247,MATCH(B23,Historical!$B$7:$B$1278,0)))^(1/5)-1)*100) -> 5.6150606 | V23: =IF(INDEX(Historical!$O$7:$O$1247,MATCH(B23,Historical!$B$7:$B$1278,0))=0,"n/a",((INDEX(Historical!$C$7:$C$1256,MATCH(B23,Historical!$B$7:$B$1278,0))/INDEX(Historical!$O$7:$O$1247,MATCH(B23,Historical!$B$7:$B$1278,0)))^(1/10)-1)*100) -> 3.7400736 | W23: =IF(OR(U23<=0,U23="n/a",V23<=0,V23="n/a"),"n/a",U23/V23) -> 1.5013236 | X23: =IF(OR(AJ23<=0,AJ23="n/a",U23<=0,U23="n/a"),"n/a",U23/AJ23) -> 2.5523003 | Z23: =IF(OR(AC23<0.01,AC23="n/a"),"n/a",M23/AC23*100) -> 71.518987 | AA23: =IF(OR(AC23<0.01,AC23="n/a"),"n/a",I23/AC23) -> 17.93038 | AB23: 12 | AC23: 3.16 | AD23: 3.83 | AE23: 2.12 | AF23: 1.41 | AG23: 8 | AH23: -31.4 | AI23: 8.05 | AJ23: 2.2 | AK23: 4.69 | AL23: 3540 | AM23: 0.4 | AN23: 1.41 | AO23: =IF(U23="n/a","n/a",IF(AA23<0,"n/a",IF(AA23="n/a","n/a",J23+U23-AA23))) -> -8.3266146 | AP23: =IF(U23="n/a","n/a",J23+U23) -> 9.6037651 | AQ23: =IF(OR(AC23<0.01,AF23="n/a"),"n/a",(I23/SQRT(22.5*AC23*(I23/AF23))-1)*100) -> 6.0017514 | AR23: =INDEX(Historical!$C$7:$C$1256,MATCH(B23,Historical!$B$7:$B$1278,0))*IF(AH23="n/a",1.03,IF(AH23<0,1.01,IF(AH23>10,1.1,(1+AH23/100)))) -> 2.0705 | AS23: =IF($AI23="n/a",1.03*AR23,IF($AI23<0,1.01*AR23,IF($AI23>10,1.1*AR23,(1+$AI23/100)*AR23))) -> 2.2371752 | AT23: =IF($AK23="n/a",1.03*AS23,IF($AK23<0,1.01*AS23,IF($AK23>10,1.1*AS23,(1+$AK23/100)*AS23))) -> 2.3420988 | AU23: =IF($AK23="n/a",1.03*AT23,IF($AK23<0,1.01*AT23,IF($AK23>10,1.1*AT23,(1+$AK23/100)*AT23))) -> 2.4519432 | AV23: =IF($AK23="n/a",1.03*AU23,IF($AK23<0,1.01*AU23,IF($AK23>10,1.1*AU23,(1+$AK23/100)*AU23))) -> 2.5669393 | AW23: =SUM(AR23:AV23) -> 11.668657 | AX23: =AW23/I23*100 -> 20.59417 | AY23: 0.25 | AZ23: 17.87 | BA23: -34.96 | BB23: 1.21 | BC23: -9.99 | BE23: 1972 | BF23: =IF(BE23>2008,0,IF(BE23>2001,1,IF(BE23>1990,2,IF(BE23>1980,3,IF(BE23>1973,4,IF(BE23>1970,5,IF(BE23>1960,6,IF(BE23>1958,7,IF(BE23>1953,8,9))))))))) -> 5 | BG23: 2.6
A24: Badger Meter Inc. | B24: BMI | C24: Information Technology | D24: Electronic Equipment, Instruments & Components | E24: 28 | F24: 106 | G24: N | H24: Y | I24: 73.34 | J24: =(M24/I24)*100 -> 0.98172893 | K24: 0.18 | L24: 4 | M24: =K24*L24 -> 0.72 | N24: C15 | O24: 0.17 | P24: 44070 | Q24: 44085 | R24: =(K24-O24)/O24*100 -> 5.8823529 | S24: =IF(INDEX(Historical!$D$7:$D$1254,MATCH(B24,Historical!$B$7:$B$1278,0))=0,"n/a",(INDEX(Historical!$C$7:$C$1256,MATCH(B24,Historical!$B$7:$B$1278,0))/INDEX(Historical!$D$7:$D$1254,MATCH(B24,Historical!$B$7:$B$1278,0))-1)*100) -> 14.285714 | T24: =IF(INDEX(Historical!$F$7:$F$1247,MATCH(B24,Historical!$B$7:$B$1278,0))=0,"n/a",((INDEX(Historical!$C$7:$C$1256,MATCH(B24,Historical!$B$7:$B$1278,0))/INDEX(Historical!$F$7:$F$1247,MATCH(B24,Historical!$B$7:$B$1278,0)))^(1/3)-1)*100) -> 14.174865 | U24: =IF(INDEX(Historical!$H$7:$H$1247,MATCH(B24,Historical!$B$7:$B$1278,0))=0,"n/a",((INDEX(Historical!$C$7:$C$1256,MATCH(B24,Historical!$B$7:$B$1278,0))/INDEX(Historical!$H$7:$H$1247,MATCH(B24,Historical!$B$7:$B$1278,0)))^(1/5)-1)*100) -> 11.582388 | V24: =IF(INDEX(Historical!$O$7:$O$1247,MATCH(B24,Historical!$B$7:$B$1278,0))=0,"n/a",((INDEX(Historical!$C$7:$C$1256,MATCH(B24,Historical!$B$7:$B$1278,0))/INDEX(Historical!$O$7:$O$1247,MATCH(B24,Historical!$B$7:$B$1278,0)))^(1/10)-1)*100) -> 10.775881 | W24: =IF(OR(U24<=0,U24="n/a",V24<=0,V24="n/a"),"n/a",U24/V24) -> 1.0748437 | X24: =IF(OR(AJ24<=0,AJ24="n/a",U24<=0,U24="n/a"),"n/a",U24/AJ24) -> 1.2321689 | Z24: =IF(OR(AC24<0.01,AC24="n/a"),"n/a",M24/AC24*100) -> 43.373494 | AA24: =IF(OR(AC24<0.01,AC24="n/a"),"n/a",I24/AC24) -> 44.180723 | AB24: 12 | AC24: 1.66 | AD24: 2.97 | AE24: 5.09 | AF24: 6.25 | AG24: 14.5 | AH24: 69.6 | AI24: 9.54 | AJ24: 9.4 | AK24: 14.9 | AL24: 2140 | AM24: 0.2 | AN24: 0.01 | AO24: =IF(U24="n/a","n/a",IF(AA24<0,"n/a",IF(AA24="n/a","n/a",J24+U24-AA24))) -> -31.616606 | AP24: =IF(U24="n/a","n/a",J24+U24) -> 12.564117 | AQ24: =IF(OR(AC24<0.01,AF24="n/a"),"n/a",(I24/SQRT(22.5*AC24*(I24/AF24))-1)*100) -> 250.32018 | AR24: =INDEX(Historical!$C$7:$C$1256,MATCH(B24,Historical!$B$7:$B$1278,0))*IF(AH24="n/a",1.03,IF(AH24<0,1.01,IF(AH24>10,1.1,(1+AH24/100)))) -> 0.704 | AS24: =IF($AI24="n/a",1.03*AR24,IF($AI24<0,1.01*AR24,IF($AI24>10,1.1*AR24,(1+$AI24/100)*AR24))) -> 0.7711616 | AT24: =IF($AK24="n/a",1.03*AS24,IF($AK24<0,1.01*AS24,IF($AK24>10,1.1*AS24,(1+$AK24/100)*AS24))) -> 0.84827776 | AU24: =IF($AK24="n/a",1.03*AT24,IF($AK24<0,1.01*AT24,IF($AK24>10,1.1*AT24,(1+$AK24/100)*AT24))) -> 0.93310554 | AV24: =IF($AK24="n/a",1.03*AU24,IF($AK24<0,1.01*AU24,IF($AK24>10,1.1*AU24,(1+$AK24/100)*AU24))) -> 1.0264161 | AW24: =SUM(AR24:AV24) -> 4.282961 | AX24: =AW24/I24*100 -> 5.8398704 | AY24: 0.79 | AZ24: 76.72 | BA24: -11.53 | BB24: 8.95 | BC24: 17.43 | BE24: 1993 | BF24: =IF(BE24>2008,0,IF(BE24>2001,1,IF(BE24>1990,2,IF(BE24>1980,3,IF(BE24>1973,4,IF(BE24>1970,5,IF(BE24>1960,6,IF(BE24>1958,7,IF(BE24>1953,8,9))))))))) -> 2 | BG24: 11.3
A25: Brady Corp. | B25: BRC | C25: Industrials | D25: Commercial Services & Supplies | E25: 35 | F25: 79 | G25: N | H25: N | I25: 37.72 | J25: =(M25/I25)*100 -> 2.3329799 | K25: 0.22 | L25: 4 | M25: =K25*L25 -> 0.88 | N25: A31 | O25: 0.2175 | P25: 44112 | Q25: 44134 | R25: =(K25-O25)/O25*100 -> 1.1494253 | S25: =IF(INDEX(Historical!$D$7:$D$1254,MATCH(B25,Historical!$B$7:$B$1278,0))=0,"n/a",(INDEX(Historical!$C$7:$C$1256,MATCH(B25,Historical!$B$7:$B$1278,0))/INDEX(Historical!$D$7:$D$1254,MATCH(B25,Historical!$B$7:$B$1278,0))-1)*100) -> 2.5179856 | T25: =IF(INDEX(Historical!$F$7:$F$1247,MATCH(B25,Historical!$B$7:$B$1278,0))=0,"n/a",((INDEX(Historical!$C$7:$C$1256,MATCH(B25,Historical!$B$7:$B$1278,0))/INDEX(Historical!$F$7:$F$1247,MATCH(B25,Historical!$B$7:$B$1278,0)))^(1/3)-1)*100) -> 1.7140425 | U25: =IF(INDEX(Historical!$H$7:$H$1247,MATCH(B25,Historical!$B$7:$B$1278,0))=0,"n/a",((INDEX(Historical!$C$7:$C$1256,MATCH(B25,Historical!$B$7:$B$1278,0))/INDEX(Historical!$H$7:$H$1247,MATCH(B25,Historical!$B$7:$B$1278,0)))^(1/5)-1)*100) -> 1.7230309 | V25: =IF(INDEX(Historical!$O$7:$O$1247,MATCH(B25,Historical!$B$7:$B$1278,0))=0,"n/a",((INDEX(Historical!$C$7:$C$1256,MATCH(B25,Historical!$B$7:$B$1278,0))/INDEX(Historical!$O$7:$O$1247,MATCH(B25,Historical!$B$7:$B$1278,0)))^(1/10)-1)*100) -> 2.2415805 | W25: =IF(OR(U25<=0,U25="n/a",V25<=0,V25="n/a"),"n/a",U25/V25) -> 0.76866785 | X25: =IF(OR(AJ25<=0,AJ25="n/a",U25<=0,U25="n/a"),"n/a",U25/AJ25) -> 0.01868797 | Z25: =IF(OR(AC25<0.01,AC25="n/a"),"n/a",M25/AC25*100) -> 42.105263 | AA25: =IF(OR(AC25<0.01,AC25="n/a"),"n/a",I25/AC25) -> 18.047847 | AB25: 7 | AC25: 2.09 | AD25: 2.58 | AE25: 1.79 | AF25: 2.27 | AG25: 12.9 | AH25: -14.3 | AI25: 10.85 | AJ25: 92.2 | AK25: 7 | AL25: 1940 | AM25: 1.7 | AN25: 0 | AO25: =IF(U25="n/a","n/a",IF(AA25<0,"n/a",IF(AA25="n/a","n/a",J25+U25-AA25))) -> -13.991836 | AP25: =IF(U25="n/a","n/a",J25+U25) -> 4.0560107 | AQ25: =IF(OR(AC25<0.01,AF25="n/a"),"n/a",(I25/SQRT(22.5*AC25*(I25/AF25))-1)*100) -> 34.938031 | AR25: =INDEX(Historical!$C$7:$C$1256,MATCH(B25,Historical!$B$7:$B$1278,0))*IF(AH25="n/a",1.03,IF(AH25<0,1.01,IF(AH25>10,1.1,(1+AH25/100)))) -> 0.86355 | AS25: =IF($AI25="n/a",1.03*AR25,IF($AI25<0,1.01*AR25,IF($AI25>10,1.1*AR25,(1+$AI25/100)*AR25))) -> 0.949905 | AT25: =IF($AK25="n/a",1.03*AS25,IF($AK25<0,1.01*AS25,IF($AK25>10,1.1*AS25,(1+$AK25/100)*AS25))) -> 1.0163984 | AU25: =IF($AK25="n/a",1.03*AT25,IF($AK25<0,1.01*AT25,IF($AK25>10,1.1*AT25,(1+$AK25/100)*AT25))) -> 1.0875462 | AV25: =IF($AK25="n/a",1.03*AU25,IF($AK25<0,1.01*AU25,IF($AK25>10,1.1*AU25,(1+$AK25/100)*AU25))) -> 1.1636745 | AW25: =SUM(AR25:AV25) -> 5.0810741 | AX25: =AW25/I25*100 -> 13.470504 | AY25: 0.67 | AZ25: 14.3 | BA25: -36.19 | BB25: -12.24 | BC25: -18.69 | BE25: 1986 | BF25: =IF(BE25>2008,0,IF(BE25>2001,1,IF(BE25>1990,2,IF(BE25>1980,3,IF(BE25>1973,4,IF(BE25>1970,5,IF(BE25>1960,6,IF(BE25>1958,7,IF(BE25>1953,8,9))))))))) -> 3 | BG25: 9.4
A26: Brown & Brown Inc. | B26: BRO | C26: Financials | D26: Insurance | E26: 27 | F26: 124 | G26: - | H26: - | I26: 43.51 | J26: =(M26/I26)*100 -> 0.85037922 | K26: 0.0925 | L26: 4 | M26: =K26*L26 -> 0.37 | N26: B08 | O26: 0.085 | P26: 44138 | Q26: 44153 | R26: =(K26-O26)/O26*100 -> 8.8235294 | S26: =IF(INDEX(Historical!$D$7:$D$1254,MATCH(B26,Historical!$B$7:$B$1278,0))=0,"n/a",(INDEX(Historical!$C$7:$C$1256,MATCH(B26,Historical!$B$7:$B$1278,0))/INDEX(Historical!$D$7:$D$1254,MATCH(B26,Historical!$B$7:$B$1278,0))-1)*100) -> 6.557377 | T26: =IF(INDEX(Historical!$F$7:$F$1247,MATCH(B26,Historical!$B$7:$B$1278,0))=0,"n/a",((INDEX(Historical!$C$7:$C$1256,MATCH(B26,Historical!$B$7:$B$1278,0))/INDEX(Historical!$F$7:$F$1247,MATCH(B26,Historical!$B$7:$B$1278,0)))^(1/3)-1)*100) -> 8.9579935 | U26: =IF(INDEX(Historical!$H$7:$H$1247,MATCH(B26,Historical!$B$7:$B$1278,0))=0,"n/a",((INDEX(Historical!$C$7:$C$1256,MATCH(B26,Historical!$B$7:$B$1278,0))/INDEX(Historical!$H$7:$H$1247,MATCH(B26,Historical!$B$7:$B$1278,0)))^(1/5)-1)*100) -> 9.6543589 | V26: =IF(INDEX(Historical!$O$7:$O$1247,MATCH(B26,Historical!$B$7:$B$1278,0))=0,"n/a",((INDEX(Historical!$C$7:$C$1256,MATCH(B26,Historical!$B$7:$B$1278,0))/INDEX(Historical!$O$7:$O$1247,MATCH(B26,Historical!$B$7:$B$1278,0)))^(1/10)-1)*100) -> 7.9490433 | W26: =IF(OR(U26<=0,U26="n/a",V26<=0,V26="n/a"),"n/a",U26/V26) -> 1.2145309 | X26: =IF(OR(AJ26<=0,AJ26="n/a",U26<=0,U26="n/a"),"n/a",U26/AJ26) -> 0.65675911 | Z26: =IF(OR(AC26<0.01,AC26="n/a"),"n/a",M26/AC26*100) -> 23.870968 | AA26: =IF(OR(AC26<0.01,AC26="n/a"),"n/a",I26/AC26) -> 28.070968 | AB26: 12 | AC26: 1.55 | AD26: 3.17 | AE26: 4.92 | AF26: 3.32 | AG26: 12.4 | AH26: 15.2 | AI26: 5.49 | AJ26: 14.7 | AK26: 8.84 | AL26: 12280 | AM26: 2.1 | AN26: 0.45 | AO26: =IF(U26="n/a","n/a",IF(AA26<0,"n/a",IF(AA26="n/a","n/a",J26+U26-AA26))) -> -17.56623 | AP26: =IF(U26="n/a","n/a",J26+U26) -> 10.504738 | AQ26: =IF(OR(AC26<0.01,AF26="n/a"),"n/a",(I26/SQRT(22.5*AC26*(I26/AF26))-1)*100) -> 103.51971 | AR26: =INDEX(Historical!$C$7:$C$1256,MATCH(B26,Historical!$B$7:$B$1278,0))*IF(AH26="n/a",1.03,IF(AH26<0,1.01,IF(AH26>10,1.1,(1+AH26/100)))) -> 0.3575 | AS26: =IF($AI26="n/a",1.03*AR26,IF($AI26<0,1.01*AR26,IF($AI26>10,1.1*AR26,(1+$AI26/100)*AR26))) -> 0.37712675 | AT26: =IF($AK26="n/a",1.03*AS26,IF($AK26<0,1.01*AS26,IF($AK26>10,1.1*AS26,(1+$AK26/100)*AS26))) -> 0.41046475 | AU26: =IF($AK26="n/a",1.03*AT26,IF($AK26<0,1.01*AT26,IF($AK26>10,1.1*AT26,(1+$AK26/100)*AT26))) -> 0.44674984 | AV26: =IF($AK26="n/a",1.03*AU26,IF($AK26<0,1.01*AU26,IF($AK26>10,1.1*AU26,(1+$AK26/100)*AU26))) -> 0.48624252 | AW26: =SUM(AR26:AV26) -> 2.0780839 | AX26: =AW26/I26*100 -> 4.7761063 | AY26: 0.7 | AZ26: 41.73 | BA26: -10.64 | BB26: -4.7 | BC26: 2.65 | BE26: 1995 | BF26: =IF(BE26>2008,0,IF(BE26>2001,1,IF(BE26>1990,2,IF(BE26>1980,3,IF(BE26>1973,4,IF(BE26>1970,5,IF(BE26>1960,6,IF(BE26>1958,7,IF(BE26>1953,8,9))))))))) -> 2 | BG26: 5.5
A27: Caterpillar Inc. | B27: CAT | C27: Industrials | D27: Machinery | E27: 26 | F27: 122 | G27: N | H27: Y | I27: 157.05 | J27: =(M27/I27)*100 -> 2.6233684 | K27: 1.03 | L27: 4 | M27: =K27*L27 -> 4.12 | N27: B19 | O27: 0.86 | P27: 43665 | Q27: 43697 | R27: =(K27-O27)/O27*100 -> 19.767442 | S27: =IF(INDEX(Historical!$D$7:$D$1254,MATCH(B27,Historical!$B$7:$B$1278,0))=0,"n/a",(INDEX(Historical!$C$7:$C$1256,MATCH(B27,Historical!$B$7:$B$1278,0))/INDEX(Historical!$D$7:$D$1254,MATCH(B27,Historical!$B$7:$B$1278,0))-1)*100) -> 15.243902 | T27: =IF(INDEX(Historical!$F$7:$F$1247,MATCH(B27,Historical!$B$7:$B$1278,0))=0,"n/a",((INDEX(Historical!$C$7:$C$1256,MATCH(B27,Historical!$B$7:$B$1278,0))/INDEX(Historical!$F$7:$F$1247,MATCH(B27,Historical!$B$7:$B$1278,0)))^(1/3)-1)*100) -> 7.0648783 | U27: =IF(INDEX(Historical!$H$7:$H$1247,MATCH(B27,Historical!$B$7:$B$1278,0))=0,"n/a",((INDEX(Historical!$C$7:$C$1256,MATCH(B27,Historical!$B$7:$B$1278,0))/INDEX(Historical!$H$7:$H$1247,MATCH(B27,Historical!$B$7:$B$1278,0)))^(1/5)-1)*100) -> 7.7714411 | V27: =IF(INDEX(Historical!$O$7:$O$1247,MATCH(B27,Historical!$B$7:$B$1278,0))=0,"n/a",((INDEX(Historical!$C$7:$C$1256,MATCH(B27,Historical!$B$7:$B$1278,0))/INDEX(Historical!$O$7:$O$1247,MATCH(B27,Historical!$B$7:$B$1278,0)))^(1/10)-1)*100) -> 8.4471771 | W27: =IF(OR(U27<=0,U27="n/a",V27<=0,V27="n/a"),"n/a",U27/V27) -> 0.92000452 | X27: =IF(OR(AJ27<=0,AJ27="n/a",U27<=0,U27="n/a"),"n/a",U27/AJ27) -> 0.35813093 | Z27: =IF(OR(AC27<0.01,AC27="n/a"),"n/a",M27/AC27*100) -> 55.450875 | AA27: =IF(OR(AC27<0.01,AC27="n/a"),"n/a",I27/AC27) -> 21.137281 | AB27: 12 | AC27: 7.43 | AD27: n/a | AE27: 1.84 | AF27: 6.19 | AG27: 28.8 | AH27: 3.4 | AI27: 41.21 | AJ27: 21.7 | AK27: -1.87 | AL27: 85580 | AM27: 0.1 | AN27: 2.81 | AO27: =IF(U27="n/a","n/a",IF(AA27<0,"n/a",IF(AA27="n/a","n/a",J27+U27-AA27))) -> -10.742472 | AP27: =IF(U27="n/a","n/a",J27+U27) -> 10.394809 | AQ27: =IF(OR(AC27<0.01,AF27="n/a"),"n/a",(I27/SQRT(22.5*AC27*(I27/AF27))-1)*100) -> 141.1452 | AR27: =INDEX(Historical!$C$7:$C$1256,MATCH(B27,Historical!$B$7:$B$1278,0))*IF(AH27="n/a",1.03,IF(AH27<0,1.01,IF(AH27>10,1.1,(1+AH27/100)))) -> 3.90852 | AS27: =IF($AI27="n/a",1.03*AR27,IF($AI27<0,1.01*AR27,IF($AI27>10,1.1*AR27,(1+$AI27/100)*AR27))) -> 4.299372 | AT27: =IF($AK27="n/a",1.03*AS27,IF($AK27<0,1.01*AS27,IF($AK27>10,1.1*AS27,(1+$AK27/100)*AS27))) -> 4.3423657 | AU27: =IF($AK27="n/a",1.03*AT27,IF($AK27<0,1.01*AT27,IF($AK27>10,1.1*AT27,(1+$AK27/100)*AT27))) -> 4.3857894 | AV27: =IF($AK27="n/a",1.03*AU27,IF($AK27<0,1.01*AU27,IF($AK27>10,1.1*AU27,(1+$AK27/100)*AU27))) -> 4.4296473 | AW27: =SUM(AR27:AV27) -> 21.365694 | AX27: =AW27/I27*100 -> 13.60439 | AY27: 1.03 | AZ27: 79.49 | BA27: -8.3 | BB27: 3.05 | BC27: 19.57 | BE27: 1994 | BF27: =IF(BE27>2008,0,IF(BE27>2001,1,IF(BE27>1990,2,IF(BE27>1980,3,IF(BE27>1973,4,IF(BE27>1970,5,IF(BE27>1960,6,IF(BE27>1958,7,IF(BE27>1953,8,9))))))))) -> 2 | BG27: 5.4
A28: Chubb Limited | B28: CB | C28: Financials | D28: Insurance | E28: 27 | F28: 114 | G28: N | H28: N | I28: 129.91 | J28: =(M28/I28)*100 -> 2.4016627 | K28: 0.78 | L28: 4 | M28: =K28*L28 -> 3.12 | N28: A21 | O28: 0.75 | P28: 44000 | Q28: 44022 | R28: =(K28-O28)/O28*100 -> 4 | S28: =IF(INDEX(Historical!$D$7:$D$1254,MATCH(B28,Historical!$B$7:$B$1278,0))=0,"n/a",(INDEX(Historical!$C$7:$C$1256,MATCH(B28,Historical!$B$7:$B$1278,0))/INDEX(Historical!$D$7:$D$1254,MATCH(B28,Historical!$B$7:$B$1278,0))-1)*100) -> 2.7777778 | T28: =IF(INDEX(Historical!$F$7:$F$1247,MATCH(B28,Historical!$B$7:$B$1278,0))=0,"n/a",((INDEX(Historical!$C$7:$C$1256,MATCH(B28,Historical!$B$7:$B$1278,0))/INDEX(Historical!$F$7:$F$1247,MATCH(B28,Historical!$B$7:$B$1278,0)))^(1/3)-1)*100) -> 2.8586774 | U28: =IF(INDEX(Historical!$H$7:$H$1247,MATCH(B28,Historical!$B$7:$B$1278,0))=0,"n/a",((INDEX(Historical!$C$7:$C$1256,MATCH(B28,Historical!$B$7:$B$1278,0))/INDEX(Historical!$H$7:$H$1247,MATCH(B28,Historical!$B$7:$B$1278,0)))^(1/5)-1)*100) -> 2.9462068 | V28: =IF(INDEX(Historical!$O$7:$O$1247,MATCH(B28,Historical!$B$7:$B$1278,0))=0,"n/a",((INDEX(Historical!$C$7:$C$1256,MATCH(B28,Historical!$B$7:$B$1278,0))/INDEX(Historical!$O$7:$O$1247,MATCH(B28,Historical!$B$7:$B$1278,0)))^(1/10)-1)*100) -> 9.9156132 | W28: =IF(OR(U28<=0,U28="n/a",V28<=0,V28="n/a"),"n/a",U28/V28) -> 0.29712805 | X28: =IF(OR(AJ28<=0,AJ28="n/a",U28<=0,U28="n/a"),"n/a",U28/AJ28) -> 1.0159334 | Y28: Switz.,US$ | Z28: =IF(OR(AC28<0.01,AC28="n/a"),"n/a",M28/AC28*100) -> 65.271967 | AA28: =IF(OR(AC28<0.01,AC28="n/a"),"n/a",I28/AC28) -> 27.177824 | AB28: 12 | AC28: 4.78 | AD28: 14.65 | AE28: 1.68 | AF28: 1.07 | AG28: 4 | AH28: 15.1 | AI28: 54.84 | AJ28: 2.9 | AK28: 1.86 | AL28: 58000 | AM28: 0.5 | AN28: 0.28 | AO28: =IF(U28="n/a","n/a",IF(AA28<0,"n/a",IF(AA28="n/a","n/a",J28+U28-AA28))) -> -21.829955 | AP28: =IF(U28="n/a","n/a",J28+U28) -> 5.3478695 | AQ28: =IF(OR(AC28<0.01,AF28="n/a"),"n/a",(I28/SQRT(22.5*AC28*(I28/AF28))-1)*100) -> 13.686258 | AR28: =INDEX(Historical!$C$7:$C$1256,MATCH(B28,Historical!$B$7:$B$1278,0))*IF(AH28="n/a",1.03,IF(AH28<0,1.01,IF(AH28>10,1.1,(1+AH28/100)))) -> 3.256 | AS28: =IF($AI28="n/a",1.03*AR28,IF($AI28<0,1.01*AR28,IF($AI28>10,1.1*AR28,(1+$AI28/100)*AR28))) -> 3.5816 | AT28: =IF($AK28="n/a",1.03*AS28,IF($AK28<0,1.01*AS28,IF($AK28>10,1.1*AS28,(1+$AK28/100)*AS28))) -> 3.6482178 | AU28: =IF($AK28="n/a",1.03*AT28,IF($AK28<0,1.01*AT28,IF($AK28>10,1.1*AT28,(1+$AK28/100)*AT28))) -> 3.7160746 | AV28: =IF($AK28="n/a",1.03*AU28,IF($AK28<0,1.01*AU28,IF($AK28>10,1.1*AU28,(1+$AK28/100)*AU28))) -> 3.7851936 | AW28: =SUM(AR28:AV28) -> 17.987086 | AX28: =AW28/I28*100 -> 13.845806 | AY28: 0.67 | AZ28: 48.72 | BA28: -22.55 | BB28: 7.24 | BC28: 2.87 | BE28: 1994 | BF28: =IF(BE28>2008,0,IF(BE28>2001,1,IF(BE28>1990,2,IF(BE28>1980,3,IF(BE28>1973,4,IF(BE28>1970,5,IF(BE28>1960,6,IF(BE28>1958,7,IF(BE28>1953,8,9))))))))) -> 2 | BG28: 1.2
A29: Commerce Bancshares | B29: CBSH | C29: Financials | D29: Banks | E29: 52 | F29: 25 | G29: - | H29: - | I29: 62.25 | J29: =(M29/I29)*100 -> 1.7349398 | K29: 0.27 | L29: 4 | M29: =K29*L29 -> 1.08 | N29: C26 | O29: 0.26 | P29: 43895 | Q29: 43913 | R29: =(K29-O29)/O29*100 -> 3.8461538 | S29: =IF(INDEX(Historical!$D$7:$D$1254,MATCH(B29,Historical!$B$7:$B$1278,0))=0,"n/a",(INDEX(Historical!$C$7:$C$1256,MATCH(B29,Historical!$B$7:$B$1278,0))/INDEX(Historical!$D$7:$D$1254,MATCH(B29,Historical!$B$7:$B$1278,0))-1)*100) -> 16.170213 | T29: =IF(INDEX(Historical!$F$7:$F$1247,MATCH(B29,Historical!$B$7:$B$1278,0))=0,"n/a",((INDEX(Historical!$C$7:$C$1256,MATCH(B29,Historical!$B$7:$B$1278,0))/INDEX(Historical!$F$7:$F$1247,MATCH(B29,Historical!$B$7:$B$1278,0)))^(1/3)-1)*100) -> 10.184264 | U29: =IF(INDEX(Historical!$H$7:$H$1247,MATCH(B29,Historical!$B$7:$B$1278,0))=0,"n/a",((INDEX(Historical!$C$7:$C$1256,MATCH(B29,Historical!$B$7:$B$1278,0))/INDEX(Historical!$H$7:$H$1247,MATCH(B29,Historical!$B$7:$B$1278,0)))^(1/5)-1)*100) -> 8.0805298 | V29: =IF(INDEX(Historical!$O$7:$O$1247,MATCH(B29,Historical!$B$7:$B$1278,0))=0,"n/a",((INDEX(Historical!$C$7:$C$1256,MATCH(B29,Historical!$B$7:$B$1278,0))/INDEX(Historical!$O$7:$O$1247,MATCH(B29,Historical!$B$7:$B$1278,0)))^(1/10)-1)*100) -> 6.3625752 | W29: =IF(OR(U29<=0,U29="n/a",V29<=0,V29="n/a"),"n/a",U29/V29) -> 1.2700093 | X29: =IF(OR(AJ29<=0,AJ29="n/a",U29<=0,U29="n/a"),"n/a",U29/AJ29) -> 0.68479066 | Y29: Adj/Stk Div | Z29: =IF(OR(AC29<0.01,AC29="n/a"),"n/a",M29/AC29*100) -> 33.64486 | AA29: =IF(OR(AC29<0.01,AC29="n/a"),"n/a",I29/AC29) -> 19.392523 | AB29: 12 | AC29: 3.21 | AD29: n/a | AE29: 7.48 | AF29: 2.15 | AG29: 11.8 | AH29: -0.5 | AI29: 25.99 | AJ29: 11.8 | AK29: -8.7 | AL29: 6870 | AM29: 2.2 | AN29: 0 | AO29: =IF(U29="n/a","n/a",IF(AA29<0,"n/a",IF(AA29="n/a","n/a",J29+U29-AA29))) -> -9.5770538 | AP29: =IF(U29="n/a","n/a",J29+U29) -> 9.8154696 | AQ29: =IF(OR(AC29<0.01,AF29="n/a"),"n/a",(I29/SQRT(22.5*AC29*(I29/AF29))-1)*100) -> 36.127269 | AR29: =INDEX(Historical!$C$7:$C$1256,MATCH(B29,Historical!$B$7:$B$1278,0))*IF(AH29="n/a",1.03,IF(AH29<0,1.01,IF(AH29>10,1.1,(1+AH29/100)))) -> 1.0504 | AS29: =IF($AI29="n/a",1.03*AR29,IF($AI29<0,1.01*AR29,IF($AI29>10,1.1*AR29,(1+$AI29/100)*AR29))) -> 1.15544 | AT29: =IF($AK29="n/a",1.03*AS29,IF($AK29<0,1.01*AS29,IF($AK29>10,1.1*AS29,(1+$AK29/100)*AS29))) -> 1.1669944 | AU29: =IF($AK29="n/a",1.03*AT29,IF($AK29<0,1.01*AT29,IF($AK29>10,1.1*AT29,(1+$AK29/100)*AT29))) -> 1.1786643 | AV29: =IF($AK29="n/a",1.03*AU29,IF($AK29<0,1.01*AU29,IF($AK29>10,1.1*AU29,(1+$AK29/100)*AU29))) -> 1.190451 | AW29: =SUM(AR29:AV29) -> 5.7419497 | AX29: =AW29/I29*100 -> 9.2240156 | AY29: 1.08 | AZ29: 36.78 | BA29: -13.45 | BB29: 6.69 | BC29: 4.44 | BE29: 1969 | BF29: =IF(BE29>2008,0,IF(BE29>2001,1,IF(BE29>1990,2,IF(BE29>1980,3,IF(BE29>1973,4,IF(BE29>1970,5,IF(BE29>1960,6,IF(BE29>1958,7,IF(BE29>1953,8,9))))))))) -> 6 | BG29: 1.3
A30: Community Bank System | B30: CBU | C30: Financials | D30: Banks | E30: 29 | F30: 95 | G30: N | H30: N | I30: 57.99 | J30: =(M30/I30)*100 -> 2.8970512 | K30: 0.42 | L30: 4 | M30: =K30*L30 -> 1.68 | N30: C01 | O30: 0.41 | P30: 44088 | Q30: 44113 | R30: =(K30-O30)/O30*100 -> 2.4390244 | S30: =IF(INDEX(Historical!$D$7:$D$1254,MATCH(B30,Historical!$B$7:$B$1278,0))=0,"n/a",(INDEX(Historical!$C$7:$C$1256,MATCH(B30,Historical!$B$7:$B$1278,0))/INDEX(Historical!$D$7:$D$1254,MATCH(B30,Historical!$B$7:$B$1278,0))-1)*100) -> 10.714286 | T30: =IF(INDEX(Historical!$F$7:$F$1247,MATCH(B30,Historical!$B$7:$B$1278,0))=0,"n/a",((INDEX(Historical!$C$7:$C$1256,MATCH(B30,Historical!$B$7:$B$1278,0))/INDEX(Historical!$F$7:$F$1247,MATCH(B30,Historical!$B$7:$B$1278,0)))^(1/3)-1)*100) -> 7.4337071 | U30: =IF(INDEX(Historical!$H$7:$H$1247,MATCH(B30,Historical!$B$7:$B$1278,0))=0,"n/a",((INDEX(Historical!$C$7:$C$1256,MATCH(B30,Historical!$B$7:$B$1278,0))/INDEX(Historical!$H$7:$H$1247,MATCH(B30,Historical!$B$7:$B$1278,0)))^(1/5)-1)*100) -> 6.3372364 | V30: =IF(INDEX(Historical!$O$7:$O$1247,MATCH(B30,Historical!$B$7:$B$1278,0))=0,"n/a",((INDEX(Historical!$C$7:$C$1256,MATCH(B30,Historical!$B$7:$B$1278,0))/INDEX(Historical!$O$7:$O$1247,MATCH(B30,Historical!$B$7:$B$1278,0)))^(1/10)-1)*100) -> 5.8241777 | W30: =IF(OR(U30<=0,U30="n/a",V30<=0,V30="n/a"),"n/a",U30/V30) -> 1.0880912 | X30: =IF(OR(AJ30<=0,AJ30="n/a",U30<=0,U30="n/a"),"n/a",U30/AJ30) -> 0.81246621 | Z30: =IF(OR(AC30<0.01,AC30="n/a"),"n/a",M30/AC30*100) -> 56.187291 | AA30: =IF(OR(AC30<0.01,AC30="n/a"),"n/a",I30/AC30) -> 19.394649 | AB30: 12 | AC30: 2.99 | AD30: 2.43 | AE30: 7.96 | AF30: 1.46 | AG30: 8.1 | AH30: -0.5 | AI30: -7.42 | AJ30: 7.8 | AK30: 8 | AL30: 3130 | AM30: 0.3 | AN30: 0.04 | AO30: =IF(U30="n/a","n/a",IF(AA30<0,"n/a",IF(AA30="n/a","n/a",J30+U30-AA30))) -> -10.160361 | AP30: =IF(U30="n/a","n/a",J30+U30) -> 9.2342876 | AQ30: =IF(OR(AC30<0.01,AF30="n/a"),"n/a",(I30/SQRT(22.5*AC30*(I30/AF30))-1)*100) -> 12.182762 | AR30: =INDEX(Historical!$C$7:$C$1256,MATCH(B30,Historical!$B$7:$B$1278,0))*IF(AH30="n/a",1.03,IF(AH30<0,1.01,IF(AH30>10,1.1,(1+AH30/100)))) -> 1.5655 | AS30: =IF($AI30="n/a",1.03*AR30,IF($AI30<0,1.01*AR30,IF($AI30>10,1.1*AR30,(1+$AI30/100)*AR30))) -> 1.581155 | AT30: =IF($AK30="n/a",1.03*AS30,IF($AK30<0,1.01*AS30,IF($AK30>10,1.1*AS30,(1+$AK30/100)*AS30))) -> 1.7076474 | AU30: =IF($AK30="n/a",1.03*AT30,IF($AK30<0,1.01*AT30,IF($AK30>10,1.1*AT30,(1+$AK30/100)*AT30))) -> 1.8442592 | AV30: =IF($AK30="n/a",1.03*AU30,IF($AK30<0,1.01*AU30,IF($AK30>10,1.1*AU30,(1+$AK30/100)*AU30))) -> 1.9917999 | AW30: =SUM(AR30:AV30) -> 8.6903615 | AX30: =AW30/I30*100 -> 14.985966 | AY30: 0.8 | AZ30: 23.36 | BA30: -20.16 | BB30: 0.45 | BC30: -2.64 | BE30: 1993 | BF30: =IF(BE30>2008,0,IF(BE30>2001,1,IF(BE30>1990,2,IF(BE30>1980,3,IF(BE30>1973,4,IF(BE30>1970,5,IF(BE30>1960,6,IF(BE30>1958,7,IF(BE30>1953,8,9))))))))) -> 2 | BG30: 1.3
A31: Cullen/Frost Bankers | B31: CFR | C31: Financials | D31: Banks | E31: 26 | F31: 121 | G31: - | H31: - | I31: 70.27 | J31: =(M31/I31)*100 -> 4.041554 | K31: 0.71 | L31: 4 | M31: =K31*L31 -> 2.84 | N31: C15 | O31: 0.67 | P31: 43615 | Q31: 43630 | R31: =(K31-O31)/O31*100 -> 5.9701493 | S31: =IF(INDEX(Historical!$D$7:$D$1254,MATCH(B31,Historical!$B$7:$B$1278,0))=0,"n/a",(INDEX(Historical!$C$7:$C$1256,MATCH(B31,Historical!$B$7:$B$1278,0))/INDEX(Historical!$D$7:$D$1254,MATCH(B31,Historical!$B$7:$B$1278,0))-1)*100) -> 8.5271318 | T31: =IF(INDEX(Historical!$F$7:$F$1247,MATCH(B31,Historical!$B$7:$B$1278,0))=0,"n/a",((INDEX(Historical!$C$7:$C$1256,MATCH(B31,Historical!$B$7:$B$1278,0))/INDEX(Historical!$F$7:$F$1247,MATCH(B31,Historical!$B$7:$B$1278,0)))^(1/3)-1)*100) -> 9.2043296 | U31: =IF(INDEX(Historical!$H$7:$H$1247,MATCH(B31,Historical!$B$7:$B$1278,0))=0,"n/a",((INDEX(Historical!$C$7:$C$1256,MATCH(B31,Historical!$B$7:$B$1278,0))/INDEX(Historical!$H$7:$H$1247,MATCH(B31,Historical!$B$7:$B$1278,0)))^(1/5)-1)*100) -> 6.643011 | V31: =IF(INDEX(Historical!$O$7:$O$1247,MATCH(B31,Historical!$B$7:$B$1278,0))=0,"n/a",((INDEX(Historical!$C$7:$C$1256,MATCH(B31,Historical!$B$7:$B$1278,0))/INDEX(Historical!$O$7:$O$1247,MATCH(B31,Historical!$B$7:$B$1278,0)))^(1/10)-1)*100) -> 5.0548706 | W31: =IF(OR(U31<=0,U31="n/a",V31<=0,V31="n/a"),"n/a",U31/V31) -> 1.3141802 | X31: =IF(OR(AJ31<=0,AJ31="n/a",U31<=0,U31="n/a"),"n/a",U31/AJ31) -> 0.67785827 | Z31: =IF(OR(AC31<0.01,AC31="n/a"),"n/a",M31/AC31*100) -> 51.171171 | AA31: =IF(OR(AC31<0.01,AC31="n/a"),"n/a",I31/AC31) -> 12.661261 | AB31: 12 | AC31: 5.55 | AD31: 1.26 | AE31: 3.97 | AF31: 1.1 | AG31: 9.1 | AH31: -0.7 | AI31: -9.13 | AJ31: 9.8 | AK31: 10.02 | AL31: 4310 | AM31: 0.3 | AN31: 0.06 | AO31: =IF(U31="n/a","n/a",IF(AA31<0,"n/a",IF(AA31="n/a","n/a",J31+U31-AA31))) -> -1.9766962 | AP31: =IF(U31="n/a","n/a",J31+U31) -> 10.684565 | AQ31: =IF(OR(AC31<0.01,AF31="n/a"),"n/a",(I31/SQRT(22.5*AC31*(I31/AF31))-1)*100) -> -21.323765 | AR31: =INDEX(Historical!$C$7:$C$1256,MATCH(B31,Historical!$B$7:$B$1278,0))*IF(AH31="n/a",1.03,IF(AH31<0,1.01,IF(AH31>10,1.1,(1+AH31/100)))) -> 2.828 | AS31: =IF($AI31="n/a",1.03*AR31,IF($AI31<0,1.01*AR31,IF($AI31>10,1.1*AR31,(1+$AI31/100)*AR31))) -> 2.85628 | AT31: =IF($AK31="n/a",1.03*AS31,IF($AK31<0,1.01*AS31,IF($AK31>10,1.1*AS31,(1+$AK31/100)*AS31))) -> 3.141908 | AU31: =IF($AK31="n/a",1.03*AT31,IF($AK31<0,1.01*AT31,IF($AK31>10,1.1*AT31,(1+$AK31/100)*AT31))) -> 3.4560988 | AV31: =IF($AK31="n/a",1.03*AU31,IF($AK31<0,1.01*AU31,IF($AK31>10,1.1*AU31,(1+$AK31/100)*AU31))) -> 3.8017087 | AW31: =SUM(AR31:AV31) -> 16.083995 | AX31: =AW31/I31*100 -> 22.888851 | AY31: 1.61 | AZ31: 47.35 | BA31: -29.32 | BB31: 3.38 | BC31: -2.44 | BE31: 1994 | BF31: =IF(BE31>2008,0,IF(BE31>2001,1,IF(BE31>1990,2,IF(BE31>1980,3,IF(BE31>1973,4,IF(BE31>1970,5,IF(BE31>1960,6,IF(BE31>1958,7,IF(BE31>1953,8,9))))))))) -> 2 | BG31: 1
A32: Cincinnati Financial | B32: CINF | C32: Financials | D32: Insurance | E32: 60 | F32: 9 | G32: N | H32: N | I32: 70.74 | J32: =(M32/I32)*100 -> 3.3927057 | K32: 0.6 | L32: 4 | M32: =K32*L32 -> 2.4 | N32: A16 | O32: 0.56 | P32: 43907 | Q32: 43936 | R32: =(K32-O32)/O32*100 -> 7.1428571 | S32: =IF(INDEX(Historical!$D$7:$D$1254,MATCH(B32,Historical!$B$7:$B$1278,0))=0,"n/a",(INDEX(Historical!$C$7:$C$1256,MATCH(B32,Historical!$B$7:$B$1278,0))/INDEX(Historical!$D$7:$D$1254,MATCH(B32,Historical!$B$7:$B$1278,0))-1)*100) -> 5.7416268 | T32: =IF(INDEX(Historical!$F$7:$F$1247,MATCH(B32,Historical!$B$7:$B$1278,0))=0,"n/a",((INDEX(Historical!$C$7:$C$1256,MATCH(B32,Historical!$B$7:$B$1278,0))/INDEX(Historical!$F$7:$F$1247,MATCH(B32,Historical!$B$7:$B$1278,0)))^(1/3)-1)*100) -> 5.1670175 | U32: =IF(INDEX(Historical!$H$7:$H$1247,MATCH(B32,Historical!$B$7:$B$1278,0))=0,"n/a",((INDEX(Historical!$C$7:$C$1256,MATCH(B32,Historical!$B$7:$B$1278,0))/INDEX(Historical!$H$7:$H$1247,MATCH(B32,Historical!$B$7:$B$1278,0)))^(1/5)-1)*100) -> 4.8983375 | V32: =IF(INDEX(Historical!$O$7:$O$1247,MATCH(B32,Historical!$B$7:$B$1278,0))=0,"n/a",((INDEX(Historical!$C$7:$C$1256,MATCH(B32,Historical!$B$7:$B$1278,0))/INDEX(Historical!$O$7:$O$1247,MATCH(B32,Historical!$B$7:$B$1278,0)))^(1/10)-1)*100) -> 3.5113072 | W32: =IF(OR(U32<=0,U32="n/a",V32<=0,V32="n/a"),"n/a",U32/V32) -> 1.3950182 | X32: =IF(OR(AJ32<=0,AJ32="n/a",U32<=0,U32="n/a"),"n/a",U32/AJ32) -> 0.15903693 | Z32: =IF(OR(AC32<0.01,AC32="n/a"),"n/a",M32/AC32*100) -> 71.428571 | AA32: =IF(OR(AC32<0.01,AC32="n/a"),"n/a",I32/AC32) -> 21.053571 | AB32: 12 | AC32: 3.36 | AD32: n/a | AE32: 1.74 | AF32: 1.23 | AG32: 6.1 | AH32: 593.3 | AI32: 33.13 | AJ32: 30.8 | AK32: -4.2 | AL32: 11280 | AM32: 0.3 | AN32: 0.1 | AO32: =IF(U32="n/a","n/a",IF(AA32<0,"n/a",IF(AA32="n/a","n/a",J32+U32-AA32))) -> -12.762528 | AP32: =IF(U32="n/a","n/a",J32+U32) -> 8.2910431 | AQ32: =IF(OR(AC32<0.01,AF32="n/a"),"n/a",(I32/SQRT(22.5*AC32*(I32/AF32))-1)*100) -> 7.2813391 | AR32: =INDEX(Historical!$C$7:$C$1256,MATCH(B32,Historical!$B$7:$B$1278,0))*IF(AH32="n/a",1.03,IF(AH32<0,1.01,IF(AH32>10,1.1,(1+AH32/100)))) -> 2.431 | AS32: =IF($AI32="n/a",1.03*AR32,IF($AI32<0,1.01*AR32,IF($AI32>10,1.1*AR32,(1+$AI32/100)*AR32))) -> 2.6741 | AT32: =IF($AK32="n/a",1.03*AS32,IF($AK32<0,1.01*AS32,IF($AK32>10,1.1*AS32,(1+$AK32/100)*AS32))) -> 2.700841 | AU32: =IF($AK32="n/a",1.03*AT32,IF($AK32<0,1.01*AT32,IF($AK32>10,1.1*AT32,(1+$AK32/100)*AT32))) -> 2.7278494 | AV32: =IF($AK32="n/a",1.03*AU32,IF($AK32<0,1.01*AU32,IF($AK32>10,1.1*AU32,(1+$AK32/100)*AU32))) -> 2.7551279 | AW32: =SUM(AR32:AV32) -> 13.288918 | AX32: =AW32/I32*100 -> 18.785579 | AY32: 0.52 | AZ32: 53.55 | BA32: -38.77 | BB32: -9.56 | BC32: -10.95 | BE32: 1961 | BF32: =IF(BE32>2008,0,IF(BE32>2001,1,IF(BE32>1990,2,IF(BE32>1980,3,IF(BE32>1973,4,IF(BE32>1970,5,IF(BE32>1960,6,IF(BE32>1958,7,IF(BE32>1953,8,9))))))))) -> 6 | BG32: 2.3
A33: Colgate-Palmolive Co. | B33: CL | C33: Consumer Staples | D33: Household Products | E33: 57 | F33: 14 | G33: Y | H33: Y | I33: 78.89 | J33: =(M33/I33)*100 -> 2.2309545 | K33: 0.44 | L33: 4 | M33: =K33*L33 -> 1.76 | N33: B15 | O33: 0.43 | P33: 43938 | Q33: 43966 | R33: =(K33-O33)/O33*100 -> 2.3255814 | S33: =IF(INDEX(Historical!$D$7:$D$1254,MATCH(B33,Historical!$B$7:$B$1278,0))=0,"n/a",(INDEX(Historical!$C$7:$C$1256,MATCH(B33,Historical!$B$7:$B$1278,0))/INDEX(Historical!$D$7:$D$1254,MATCH(B33,Historical!$B$7:$B$1278,0))-1)*100) -> 3.0120482 | T33: =IF(INDEX(Historical!$F$7:$F$1247,MATCH(B33,Historical!$B$7:$B$1278,0))=0,"n/a",((INDEX(Historical!$C$7:$C$1256,MATCH(B33,Historical!$B$7:$B$1278,0))/INDEX(Historical!$F$7:$F$1247,MATCH(B33,Historical!$B$7:$B$1278,0)))^(1/3)-1)*100) -> 3.3288202 | U33: =IF(INDEX(Historical!$H$7:$H$1247,MATCH(B33,Historical!$B$7:$B$1278,0))=0,"n/a",((INDEX(Historical!$C$7:$C$1256,MATCH(B33,Historical!$B$7:$B$1278,0))/INDEX(Historical!$H$7:$H$1247,MATCH(B33,Historical!$B$7:$B$1278,0)))^(1/5)-1)*100) -> 3.7866641 | V33: =IF(INDEX(Historical!$O$7:$O$1247,MATCH(B33,Historical!$B$7:$B$1278,0))=0,"n/a",((INDEX(Historical!$C$7:$C$1256,MATCH(B33,Historical!$B$7:$B$1278,0))/INDEX(Historical!$O$7:$O$1247,MATCH(B33,Historical!$B$7:$B$1278,0)))^(1/10)-1)*100) -> 7.1148702 | W33: =IF(OR(U33<=0,U33="n/a",V33<=0,V33="n/a"),"n/a",U33/V33) -> 0.5322183 | X33: =IF(OR(AJ33<=0,AJ33="n/a",U33<=0,U33="n/a"),"n/a",U33/AJ33) -> 1.2215046 | Z33: =IF(OR(AC33<0.01,AC33="n/a"),"n/a",M33/AC33*100) -> 58.862876 | AA33: =IF(OR(AC33<0.01,AC33="n/a"),"n/a",I33/AC33) -> 26.384615 | AB33: 12 | AC33: 2.99 | AD33: 4.52 | AE33: 4.24 | AF33: 254.48 | AG33: n/a | AH33: -3.2 | AI33: 5.97 | AJ33: 3.1 | AK33: 5.82 | AL33: 67600 | AM33: 0.1 | AN33: 27.58 | AO33: =IF(U33="n/a","n/a",IF(AA33<0,"n/a",IF(AA33="n/a","n/a",J33+U33-AA33))) -> -20.366997 | AP33: =IF(U33="n/a","n/a",J33+U33) -> 6.0176186 | AQ33: =IF(OR(AC33<0.01,AF33="n/a"),"n/a",(I33/SQRT(22.5*AC33*(I33/AF33))-1)*100) -> 1627.4717 | AR33: =INDEX(Historical!$C$7:$C$1256,MATCH(B33,Historical!$B$7:$B$1278,0))*IF(AH33="n/a",1.03,IF(AH33<0,1.01,IF(AH33>10,1.1,(1+AH33/100)))) -> 1.7271 | AS33: =IF($AI33="n/a",1.03*AR33,IF($AI33<0,1.01*AR33,IF($AI33>10,1.1*AR33,(1+$AI33/100)*AR33))) -> 1.8302079 | AT33: =IF($AK33="n/a",1.03*AS33,IF($AK33<0,1.01*AS33,IF($AK33>10,1.1*AS33,(1+$AK33/100)*AS33))) -> 1.936726 | AU33: =IF($AK33="n/a",1.03*AT33,IF($AK33<0,1.01*AT33,IF($AK33>10,1.1*AT33,(1+$AK33/100)*AT33))) -> 2.0494434 | AV33: =IF($AK33="n/a",1.03*AU33,IF($AK33<0,1.01*AU33,IF($AK33>10,1.1*AU33,(1+$AK33/100)*AU33))) -> 2.168721 | AW33: =SUM(AR33:AV33) -> 9.7121983 | AX33: =AW33/I33*100 -> 12.311064 | AY33: 0.57 | AZ33: 34.88 | BA33: -2.59 | BB33: 1.19 | BC33: 7.39 | BE33: 1964 | BF33: =IF(BE33>2008,0,IF(BE33>2001,1,IF(BE33>1990,2,IF(BE33>1980,3,IF(BE33>1973,4,IF(BE33>1970,5,IF(BE33>1960,6,IF(BE33>1958,7,IF(BE33>1953,8,9))))))))) -> 6 | BG33: 17.1
A34: Clorox Company | B34: CLX | C34: Consumer Staples | D34: Household Products | E34: 43 | F34: 62 | G34: N | H34: Y | I34: 207.25 | J34: =(M34/I34)*100 -> 2.1423402 | K34: 1.11 | L34: 4 | M34: =K34*L34 -> 4.44 | N34: B11 | O34: 1.06 | P34: 44040 | Q34: 44057 | R34: =(K34-O34)/O34*100 -> 4.7169811 | S34: =IF(INDEX(Historical!$D$7:$D$1254,MATCH(B34,Historical!$B$7:$B$1278,0))=0,"n/a",(INDEX(Historical!$C$7:$C$1256,MATCH(B34,Historical!$B$7:$B$1278,0))/INDEX(Historical!$D$7:$D$1254,MATCH(B34,Historical!$B$7:$B$1278,0))-1)*100) -> 8.6021505 | T34: =IF(INDEX(Historical!$F$7:$F$1247,MATCH(B34,Historical!$B$7:$B$1278,0))=0,"n/a",((INDEX(Historical!$C$7:$C$1256,MATCH(B34,Historical!$B$7:$B$1278,0))/INDEX(Historical!$F$7:$F$1247,MATCH(B34,Historical!$B$7:$B$1278,0)))^(1/3)-1)*100) -> 8.7636831 | U34: =IF(INDEX(Historical!$H$7:$H$1247,MATCH(B34,Historical!$B$7:$B$1278,0))=0,"n/a",((INDEX(Historical!$C$7:$C$1256,MATCH(B34,Historical!$B$7:$B$1278,0))/INDEX(Historical!$H$7:$H$1247,MATCH(B34,Historical!$B$7:$B$1278,0)))^(1/5)-1)*100) -> 6.855449 | V34: =IF(INDEX(Historical!$O$7:$O$1247,MATCH(B34,Historical!$B$7:$B$1278,0))=0,"n/a",((INDEX(Historical!$C$7:$C$1256,MATCH(B34,Historical!$B$7:$B$1278,0))/INDEX(Historical!$O$7:$O$1247,MATCH(B34,Historical!$B$7:$B$1278,0)))^(1/10)-1)*100) -> 7.7228943 | W34: =IF(OR(U34<=0,U34="n/a",V34<=0,V34="n/a"),"n/a",U34/V34) -> 0.88767872 | X34: =IF(OR(AJ34<=0,AJ34="n/a",U34<=0,U34="n/a"),"n/a",U34/AJ34) -> 0.6855449 | Z34: =IF(OR(AC34<0.01,AC34="n/a"),"n/a",M34/AC34*100) -> 60.408163 | AA34: =IF(OR(AC34<0.01,AC34="n/a"),"n/a",I34/AC34) -> 28.197279 | AB34: 6 | AC34: 7.35 | AD34: 7.85 | AE34: 3.86 | AF34: 28.86 | AG34: 138.7 | AH34: 16.4 | AI34: 1.92 | AJ34: 10 | AK34: 3.6 | AL34: 25940 | AM34: 0.3 | AN34: 3.08 | AO34: =IF(U34="n/a","n/a",IF(AA34<0,"n/a",IF(AA34="n/a","n/a",J34+U34-AA34))) -> -19.19949 | AP34: =IF(U34="n/a","n/a",J34+U34) -> 8.9977891 | AQ34: =IF(OR(AC34<0.01,AF34="n/a"),"n/a",(I34/SQRT(22.5*AC34*(I34/AF34))-1)*100) -> 501.39596 | AR34: =INDEX(Historical!$C$7:$C$1256,MATCH(B34,Historical!$B$7:$B$1278,0))*IF(AH34="n/a",1.03,IF(AH34<0,1.01,IF(AH34>10,1.1,(1+AH34/100)))) -> 4.444 | AS34: =IF($AI34="n/a",1.03*AR34,IF($AI34<0,1.01*AR34,IF($AI34>10,1.1*AR34,(1+$AI34/100)*AR34))) -> 4.5293248 | AT34: =IF($AK34="n/a",1.03*AS34,IF($AK34<0,1.01*AS34,IF($AK34>10,1.1*AS34,(1+$AK34/100)*AS34))) -> 4.6923805 | AU34: =IF($AK34="n/a",1.03*AT34,IF($AK34<0,1.01*AT34,IF($AK34>10,1.1*AT34,(1+$AK34/100)*AT34))) -> 4.8613062 | AV34: =IF($AK34="n/a",1.03*AU34,IF($AK34<0,1.01*AU34,IF($AK34>10,1.1*AU34,(1+$AK34/100)*AU34))) -> 5.0363132 | AW34: =SUM(AR34:AV34) -> 23.563325 | AX34: =AW34/I34*100 -> 11.369517 | AY34: 0.23 | AZ34: 43.61 | BA34: -13.6 | BB34: -3.4 | BC34: 3.58 | BE34: 1978 | BF34: =IF(BE34>2008,0,IF(BE34>2001,1,IF(BE34>1990,2,IF(BE34>1980,3,IF(BE34>1973,4,IF(BE34>1970,5,IF(BE34>1960,6,IF(BE34>1958,7,IF(BE34>1953,8,9))))))))) -> 4 | BG34: 16.4
A35: Canadian National Railway | B35: CNI | C35: Industrials | D35: Road & Rail | E35: 25 | F35: 134 | G35: - | H35: - | I35: 99.45 | J35: =(M35/I35)*100 -> 1.7496229 | K35: 0.435 | L35: 4 | M35: =K35*L35 -> 1.74 | N35: C29 | O35: 0.405 | P35: 43899 | Q35: 43921 | R35: =(K35-O35)/O35*100 -> 7.4074074 | S35: =IF(INDEX(Historical!$D$7:$D$1254,MATCH(B35,Historical!$B$7:$B$1278,0))=0,"n/a",(INDEX(Historical!$C$7:$C$1256,MATCH(B35,Historical!$B$7:$B$1278,0))/INDEX(Historical!$D$7:$D$1254,MATCH(B35,Historical!$B$7:$B$1278,0))-1)*100) -> 16.376707 | T35: =IF(INDEX(Historical!$F$7:$F$1247,MATCH(B35,Historical!$B$7:$B$1278,0))=0,"n/a",((INDEX(Historical!$C$7:$C$1256,MATCH(B35,Historical!$B$7:$B$1278,0))/INDEX(Historical!$F$7:$F$1247,MATCH(B35,Historical!$B$7:$B$1278,0)))^(1/3)-1)*100) -> 12.506432 | U35: =IF(INDEX(Historical!$H$7:$H$1247,MATCH(B35,Historical!$B$7:$B$1278,0))=0,"n/a",((INDEX(Historical!$C$7:$C$1256,MATCH(B35,Historical!$B$7:$B$1278,0))/INDEX(Historical!$H$7:$H$1247,MATCH(B35,Historical!$B$7:$B$1278,0)))^(1/5)-1)*100) -> 12.333405 | V35: =IF(INDEX(Historical!$O$7:$O$1247,MATCH(B35,Historical!$B$7:$B$1278,0))=0,"n/a",((INDEX(Historical!$C$7:$C$1256,MATCH(B35,Historical!$B$7:$B$1278,0))/INDEX(Historical!$O$7:$O$1247,MATCH(B35,Historical!$B$7:$B$1278,0)))^(1/10)-1)*100) -> 13.771779 | W35: =IF(OR(U35<=0,U35="n/a",V35<=0,V35="n/a"),"n/a",U35/V35) -> 0.89555642 | X35: =IF(OR(AJ35<=0,AJ35="n/a",U35<=0,U35="n/a"),"n/a",U35/AJ35) -> 1.4176328 | Y35: @,Canada | Z35: =IF(OR(AC35<0.01,AC35="n/a"),"n/a",M35/AC35*100) -> 49.856734 | AA35: =IF(OR(AC35<0.01,AC35="n/a"),"n/a",I35/AC35) -> 28.495702 | AB35: 12 | AC35: 3.49 | AD35: 5.75 | AE35: 6.73 | AF35: 4.81 | AG35: 18.2 | AH35: -0.6 | AI35: 18.36 | AJ35: 8.7 | AK35: 4.95 | AL35: 70410 | AM35: 0.2 | AN35: 0.71 | AO35: =IF(U35="n/a","n/a",IF(AA35<0,"n/a",IF(AA35="n/a","n/a",J35+U35-AA35))) -> -14.412674 | AP35: =IF(U35="n/a","n/a",J35+U35) -> 14.083028 | AQ35: =IF(OR(AC35<0.01,AF35="n/a"),"n/a",(I35/SQRT(22.5*AC35*(I35/AF35))-1)*100) -> 146.81466 | AR35: =INDEX(Historical!$C$7:$C$1256,MATCH(B35,Historical!$B$7:$B$1278,0))*IF(AH35="n/a",1.03,IF(AH35<0,1.01,IF(AH35>10,1.1,(1+AH35/100)))) -> 1.634988 | AS35: =IF($AI35="n/a",1.03*AR35,IF($AI35<0,1.01*AR35,IF($AI35>10,1.1*AR35,(1+$AI35/100)*AR35))) -> 1.7984868 | AT35: =IF($AK35="n/a",1.03*AS35,IF($AK35<0,1.01*AS35,IF($AK35>10,1.1*AS35,(1+$AK35/100)*AS35))) -> 1.8875119 | AU35: =IF($AK35="n/a",1.03*AT35,IF($AK35<0,1.01*AT35,IF($AK35>10,1.1*AT35,(1+$AK35/100)*AT35))) -> 1.9809437 | AV35: =IF($AK35="n/a",1.03*AU35,IF($AK35<0,1.01*AU35,IF($AK35>10,1.1*AU35,(1+$AK35/100)*AU35))) -> 2.0790005 | AW35: =SUM(AR35:AV35) -> 9.3809309 | AX35: =AW35/I35*100 -> 9.4328113 | AY35: 0.85 | AZ35: 52.69 | BA35: -11.97 | BB35: -6.42 | BC35: 8.04 | BE35: 1998 | BF35: =IF(BE35>2008,0,IF(BE35>2001,1,IF(BE35>1990,2,IF(BE35>1980,3,IF(BE35>1973,4,IF(BE35>1970,5,IF(BE35>1960,6,IF(BE35>1958,7,IF(BE35>1953,8,9))))))))) -> 2 | BG35: 7.6
A36: Chesapeake Financial Shares | B36: CPKF | C36: Financials | D36: Banks | E36: 28 | F36: 97 | G36: - | H36: - | I36: 19.5 | J36: =(M36/I36)*100 -> 2.5641026 | K36: 0.125 | L36: 4 | M36: =K36*L36 -> 0.5 | N36: C15 | O36: 0.12083333 | P36: 43795 | Q36: 43811 | R36: =(K36-O36)/O36*100 -> 3.4482759 | S36: =IF(INDEX(Historical!$D$7:$D$1254,MATCH(B36,Historical!$B$7:$B$1278,0))=0,"n/a",(INDEX(Historical!$C$7:$C$1256,MATCH(B36,Historical!$B$7:$B$1278,0))/INDEX(Historical!$D$7:$D$1254,MATCH(B36,Historical!$B$7:$B$1278,0))-1)*100) -> 6.3636364 | T36: =IF(INDEX(Historical!$F$7:$F$1247,MATCH(B36,Historical!$B$7:$B$1278,0))=0,"n/a",((INDEX(Historical!$C$7:$C$1256,MATCH(B36,Historical!$B$7:$B$1278,0))/INDEX(Historical!$F$7:$F$1247,MATCH(B36,Historical!$B$7:$B$1278,0)))^(1/3)-1)*100) -> 6.0848244 | U36: =IF(INDEX(Historical!$H$7:$H$1247,MATCH(B36,Historical!$B$7:$B$1278,0))=0,"n/a",((INDEX(Historical!$C$7:$C$1256,MATCH(B36,Historical!$B$7:$B$1278,0))/INDEX(Historical!$H$7:$H$1247,MATCH(B36,Historical!$B$7:$B$1278,0)))^(1/5)-1)*100) -> 5.3873952 | V36: =IF(INDEX(Historical!$O$7:$O$1247,MATCH(B36,Historical!$B$7:$B$1278,0))=0,"n/a",((INDEX(Historical!$C$7:$C$1256,MATCH(B36,Historical!$B$7:$B$1278,0))/INDEX(Historical!$O$7:$O$1247,MATCH(B36,Historical!$B$7:$B$1278,0)))^(1/10)-1)*100) -> 7.2079291 | W36: =IF(OR(U36<=0,U36="n/a",V36<=0,V36="n/a"),"n/a",U36/V36) -> 0.74742623 | X36: =IF(OR(AJ36<=0,AJ36="n/a",U36<=0,U36="n/a"),"n/a",U36/AJ36) -> n/a | Y36: Adj/Stk Div | Z36: =IF(OR(AC36<0.01,AC36="n/a"),"n/a",M36/AC36*100) -> n/a | AA36: =IF(OR(AC36<0.01,AC36="n/a"),"n/a",I36/AC36) -> n/a | AB36: 12 | AC36: n/a | AD36: n/a | AE36: n/a | AF36: n/a | AG36: n/a | AH36: n/a | AI36: n/a | AJ36: n/a | AK36: n/a | AL36: n/a | AM36: n/a | AN36: n/a | AO36: =IF(U36="n/a","n/a",IF(AA36<0,"n/a",IF(AA36="n/a","n/a",J36+U36-AA36))) -> n/a | AP36: =IF(U36="n/a","n/a",J36+U36) -> 7.9514978 | AQ36: =IF(OR(AC36<0.01,AF36="n/a"),"n/a",(I36/SQRT(22.5*AC36*(I36/AF36))-1)*100) -> n/a | AR36: =INDEX(Historical!$C$7:$C$1256,MATCH(B36,Historical!$B$7:$B$1278,0))*IF(AH36="n/a",1.03,IF(AH36<0,1.01,IF(AH36>10,1.1,(1+AH36/100)))) -> 0.502125 | AS36: =IF($AI36="n/a",1.03*AR36,IF($AI36<0,1.01*AR36,IF($AI36>10,1.1*AR36,(1+$AI36/100)*AR36))) -> 0.51718875 | AT36: =IF($AK36="n/a",1.03*AS36,IF($AK36<0,1.01*AS36,IF($AK36>10,1.1*AS36,(1+$AK36/100)*AS36))) -> 0.53270441 | AU36: =IF($AK36="n/a",1.03*AT36,IF($AK36<0,1.01*AT36,IF($AK36>10,1.1*AT36,(1+$AK36/100)*AT36))) -> 0.54868554 | AV36: =IF($AK36="n/a",1.03*AU36,IF($AK36<0,1.01*AU36,IF($AK36>10,1.1*AU36,(1+$AK36/100)*AU36))) -> 0.56514611 | AW36: =SUM(AR36:AV36) -> 2.6658498 | AX36: =AW36/I36*100 -> 13.671025 | AY36: n/a | AZ36: n/a | BA36: n/a | BB36: n/a | BC36: n/a | BD36: OTC | BE36: 1992 | BF36: =IF(BE36>2008,0,IF(BE36>2001,1,IF(BE36>1990,2,IF(BE36>1980,3,IF(BE36>1973,4,IF(BE36>1970,5,IF(BE36>1960,6,IF(BE36>1958,7,IF(BE36>1953,8,9))))))))) -> 2 | BG36: n/a
A37: Carlisle Companies | B37: CSL | C37: Industrials | D37: Industrial Conglomerates | E37: 44 | F37: 60 | G37: N | H37: N | I37: 123.87 | J37: =(M37/I37)*100 -> 1.6953257 | K37: 0.525 | L37: 4 | M37: =K37*L37 -> 2.1 | N37: C01 | O37: 0.5 | P37: 44060 | Q37: 44075 | R37: =(K37-O37)/O37*100 -> 5 | S37: =IF(INDEX(Historical!$D$7:$D$1254,MATCH(B37,Historical!$B$7:$B$1278,0))=0,"n/a",(INDEX(Historical!$C$7:$C$1256,MATCH(B37,Historical!$B$7:$B$1278,0))/INDEX(Historical!$D$7:$D$1254,MATCH(B37,Historical!$B$7:$B$1278,0))-1)*100) -> 16.883117 | T37: =IF(INDEX(Historical!$F$7:$F$1247,MATCH(B37,Historical!$B$7:$B$1278,0))=0,"n/a",((INDEX(Historical!$C$7:$C$1256,MATCH(B37,Historical!$B$7:$B$1278,0))/INDEX(Historical!$F$7:$F$1247,MATCH(B37,Historical!$B$7:$B$1278,0)))^(1/3)-1)*100) -> 11.457608 | U37: =IF(INDEX(Historical!$H$7:$H$1247,MATCH(B37,Historical!$B$7:$B$1278,0))=0,"n/a",((INDEX(Historical!$C$7:$C$1256,MATCH(B37,Historical!$B$7:$B$1278,0))/INDEX(Historical!$H$7:$H$1247,MATCH(B37,Historical!$B$7:$B$1278,0)))^(1/5)-1)*100) -> 13.875142 | V37: =IF(INDEX(Historical!$O$7:$O$1247,MATCH(B37,Historical!$B$7:$B$1278,0))=0,"n/a",((INDEX(Historical!$C$7:$C$1256,MATCH(B37,Historical!$B$7:$B$1278,0))/INDEX(Historical!$O$7:$O$1247,MATCH(B37,Historical!$B$7:$B$1278,0)))^(1/10)-1)*100) -> 11.069085 | W37: =IF(OR(U37<=0,U37="n/a",V37<=0,V37="n/a"),"n/a",U37/V37) -> 1.2535039 | X37: =IF(OR(AJ37<=0,AJ37="n/a",U37<=0,U37="n/a"),"n/a",U37/AJ37) -> 0.84091768 | Z37: =IF(OR(AC37<0.01,AC37="n/a"),"n/a",M37/AC37*100) -> 34.090909 | AA37: =IF(OR(AC37<0.01,AC37="n/a"),"n/a",I37/AC37) -> 20.108766 | AB37: 12 | AC37: 6.16 | AD37: 1.34 | AE37: 1.54 | AF37: 2.71 | AG37: 13.4 | AH37: 41.2 | AI37: 29.41 | AJ37: 16.5 | AK37: 15 | AL37: 6640 | AM37: 0.2 | AN37: 0.84 | AO37: =IF(U37="n/a","n/a",IF(AA37<0,"n/a",IF(AA37="n/a","n/a",J37+U37-AA37))) -> -4.5382988 | AP37: =IF(U37="n/a","n/a",J37+U37) -> 15.570467 | AQ37: =IF(OR(AC37<0.01,AF37="n/a"),"n/a",(I37/SQRT(22.5*AC37*(I37/AF37))-1)*100) -> 55.627413 | AR37: =INDEX(Historical!$C$7:$C$1256,MATCH(B37,Historical!$B$7:$B$1278,0))*IF(AH37="n/a",1.03,IF(AH37<0,1.01,IF(AH37>10,1.1,(1+AH37/100)))) -> 1.98 | AS37: =IF($AI37="n/a",1.03*AR37,IF($AI37<0,1.01*AR37,IF($AI37>10,1.1*AR37,(1+$AI37/100)*AR37))) -> 2.178 | AT37: =IF($AK37="n/a",1.03*AS37,IF($AK37<0,1.01*AS37,IF($AK37>10,1.1*AS37,(1+$AK37/100)*AS37))) -> 2.3958 | AU37: =IF($AK37="n/a",1.03*AT37,IF($AK37<0,1.01*AT37,IF($AK37>10,1.1*AT37,(1+$AK37/100)*AT37))) -> 2.63538 | AV37: =IF($AK37="n/a",1.03*AU37,IF($AK37<0,1.01*AU37,IF($AK37>10,1.1*AU37,(1+$AK37/100)*AU37))) -> 2.898918 | AW37: =SUM(AR37:AV37) -> 12.088098 | AX37: =AW37/I37*100 -> 9.758697 | AY37: 0.9 | AZ37: 26.98 | BA37: -27.08 | BB37: -1.08 | BC37: -3.47 | BE37: 1977 | BF37: =IF(BE37>2008,0,IF(BE37>2001,1,IF(BE37>1990,2,IF(BE37>1980,3,IF(BE37>1973,4,IF(BE37>1970,5,IF(BE37>1960,6,IF(BE37>1958,7,IF(BE37>1953,8,9))))))))) -> 4 | BG37: 5.8
A38: Computer Services Inc. | B38: CSVI | C38: Information Technology | D38: IT Services | E38: 49 | F38: 36 | G38: - | H38: - | I38: 60 | J38: =(M38/I38)*100 -> 1.6666667 | K38: 0.25 | L38: 4 | M38: =K38*L38 -> 1 | N38: C25 | O38: 0.21 | P38: 44074 | Q38: 44099 | R38: =(K38-O38)/O38*100 -> 19.047619 | S38: =IF(INDEX(Historical!$D$7:$D$1254,MATCH(B38,Historical!$B$7:$B$1278,0))=0,"n/a",(INDEX(Historical!$C$7:$C$1256,MATCH(B38,Historical!$B$7:$B$1278,0))/INDEX(Historical!$D$7:$D$1254,MATCH(B38,Historical!$B$7:$B$1278,0))-1)*100) -> 16.41791 | T38: =IF(INDEX(Historical!$F$7:$F$1247,MATCH(B38,Historical!$B$7:$B$1278,0))=0,"n/a",((INDEX(Historical!$C$7:$C$1256,MATCH(B38,Historical!$B$7:$B$1278,0))/INDEX(Historical!$F$7:$F$1247,MATCH(B38,Historical!$B$7:$B$1278,0)))^(1/3)-1)*100) -> 13.746902 | U38: =IF(INDEX(Historical!$H$7:$H$1247,MATCH(B38,Historical!$B$7:$B$1278,0))=0,"n/a",((INDEX(Historical!$C$7:$C$1256,MATCH(B38,Historical!$B$7:$B$1278,0))/INDEX(Historical!$H$7:$H$1247,MATCH(B38,Historical!$B$7:$B$1278,0)))^(1/5)-1)*100) -> 15.468148 | V38: =IF(INDEX(Historical!$O$7:$O$1247,MATCH(B38,Historical!$B$7:$B$1278,0))=0,"n/a",((INDEX(Historical!$C$7:$C$1256,MATCH(B38,Historical!$B$7:$B$1278,0))/INDEX(Historical!$O$7:$O$1247,MATCH(B38,Historical!$B$7:$B$1278,0)))^(1/10)-1)*100) -> 15.792974 | W38: =IF(OR(U38<=0,U38="n/a",V38<=0,V38="n/a"),"n/a",U38/V38) -> 0.97943224 | X38: =IF(OR(AJ38<=0,AJ38="n/a",U38<=0,U38="n/a"),"n/a",U38/AJ38) -> n/a | Y38: Adj Split | Z38: =IF(OR(AC38<0.01,AC38="n/a"),"n/a",M38/AC38*100) -> 49.751244 | AA38: =IF(OR(AC38<0.01,AC38="n/a"),"n/a",I38/AC38) -> 29.850746 | AB38: 2 | AC38: 2.01 | AD38: n/a | AE38: 5.74 | AF38: 6.42 | AG38: 32 | AH38: n/a | AI38: n/a | AJ38: n/a | AK38: n/a | AL38: 1650 | AM38: n/a | AN38: 0.0312 | AO38: =IF(U38="n/a","n/a",IF(AA38<0,"n/a",IF(AA38="n/a","n/a",J38+U38-AA38))) -> -12.715931 | AP38: =IF(U38="n/a","n/a",J38+U38) -> 17.134815 | AQ38: =IF(OR(AC38<0.01,AF38="n/a"),"n/a",(I38/SQRT(22.5*AC38*(I38/AF38))-1)*100) -> 191.84607 | AR38: =INDEX(Historical!$C$7:$C$1256,MATCH(B38,Historical!$B$7:$B$1278,0))*IF(AH38="n/a",1.03,IF(AH38<0,1.01,IF(AH38>10,1.1,(1+AH38/100)))) -> 0.8034 | AS38: =IF($AI38="n/a",1.03*AR38,IF($AI38<0,1.01*AR38,IF($AI38>10,1.1*AR38,(1+$AI38/100)*AR38))) -> 0.827502 | AT38: =IF($AK38="n/a",1.03*AS38,IF($AK38<0,1.01*AS38,IF($AK38>10,1.1*AS38,(1+$AK38/100)*AS38))) -> 0.85232706 | AU38: =IF($AK38="n/a",1.03*AT38,IF($AK38<0,1.01*AT38,IF($AK38>10,1.1*AT38,(1+$AK38/100)*AT38))) -> 0.87789687 | AV38: =IF($AK38="n/a",1.03*AU38,IF($AK38<0,1.01*AU38,IF($AK38>10,1.1*AU38,(1+$AK38/100)*AU38))) -> 0.90423378 | AW38: =SUM(AR38:AV38) -> 4.2653597 | AX38: =AW38/I38*100 -> 7.1089328 | AY38: 0.58 | AZ38: 62.118346 | BA38: -4.5346062 | BB38: 0.58675608 | BC38: 11.441308 | BD38: OTC | BE38: 1972 | BF38: =IF(BE38>2008,0,IF(BE38>2001,1,IF(BE38>1990,2,IF(BE38>1980,3,IF(BE38>1973,4,IF(BE38>1970,5,IF(BE38>1960,6,IF(BE38>1958,7,IF(BE38>1953,8,9))))))))) -> 5 | BG38: 12.32
A39: Cintas Corp. | B39: CTAS | C39: Industrials | D39: Commercial Services & Supplies | E39: 38 | F39: 73 | G39: - | H39: - | I39: 314.55 | J39: =(M39/I39)*100 -> 0.89333969 | K39: 2.81 | L39: 1 | M39: =K39*L39 -> 2.81 | N39: Dec | O39: 2.55 | P39: 44140 | Q39: 44169 | R39: =(K39-O39)/O39*100 -> 10.196078 | S39: =IF(INDEX(Historical!$D$7:$D$1254,MATCH(B39,Historical!$B$7:$B$1278,0))=0,"n/a",(INDEX(Historical!$C$7:$C$1256,MATCH(B39,Historical!$B$7:$B$1278,0))/INDEX(Historical!$D$7:$D$1254,MATCH(B39,Historical!$B$7:$B$1278,0))-1)*100) -> 24.390244 | T39: =IF(INDEX(Historical!$F$7:$F$1247,MATCH(B39,Historical!$B$7:$B$1278,0))=0,"n/a",((INDEX(Historical!$C$7:$C$1256,MATCH(B39,Historical!$B$7:$B$1278,0))/INDEX(Historical!$F$7:$F$1247,MATCH(B39,Historical!$B$7:$B$1278,0)))^(1/3)-1)*100) -> 24.230866 | U39: =IF(INDEX(Historical!$H$7:$H$1247,MATCH(B39,Historical!$B$7:$B$1278,0))=0,"n/a",((INDEX(Historical!$C$7:$C$1256,MATCH(B39,Historical!$B$7:$B$1278,0))/INDEX(Historical!$H$7:$H$1247,MATCH(B39,Historical!$B$7:$B$1278,0)))^(1/5)-1)*100) -> 24.573094 | V39: =IF(INDEX(Historical!$O$7:$O$1247,MATCH(B39,Historical!$B$7:$B$1278,0))=0,"n/a",((INDEX(Historical!$C$7:$C$1256,MATCH(B39,Historical!$B$7:$B$1278,0))/INDEX(Historical!$O$7:$O$1247,MATCH(B39,Historical!$B$7:$B$1278,0)))^(1/10)-1)*100) -> 18.425229 | W39: =IF(OR(U39<=0,U39="n/a",V39<=0,V39="n/a"),"n/a",U39/V39) -> 1.3336656 | X39: =IF(OR(AJ39<=0,AJ39="n/a",U39<=0,U39="n/a"),"n/a",U39/AJ39) -> 1.2865494 | Z39: =IF(OR(AC39<0.01,AC39="n/a"),"n/a",M39/AC39*100) -> 32.827103 | AA39: =IF(OR(AC39<0.01,AC39="n/a"),"n/a",I39/AC39) -> 36.746495 | AB39: 5 | AC39: 8.56 | AD39: 3.08 | AE39: 4.69 | AF39: 9.09 | AG39: n/a | AH39: 1.6 | AI39: 6.4 | AJ39: 19.1 | AK39: 11.95 | AL39: 32950 | AM39: 1.1 | AN39: 0.7 | AO39: =IF(U39="n/a","n/a",IF(AA39<0,"n/a",IF(AA39="n/a","n/a",J39+U39-AA39))) -> -11.280062 | AP39: =IF(U39="n/a","n/a",J39+U39) -> 25.466434 | AQ39: =IF(OR(AC39<0.01,AF39="n/a"),"n/a",(I39/SQRT(22.5*AC39*(I39/AF39))-1)*100) -> 285.29968 | AR39: =INDEX(Historical!$C$7:$C$1256,MATCH(B39,Historical!$B$7:$B$1278,0))*IF(AH39="n/a",1.03,IF(AH39<0,1.01,IF(AH39>10,1.1,(1+AH39/100)))) -> 2.5908 | AS39: =IF($AI39="n/a",1.03*AR39,IF($AI39<0,1.01*AR39,IF($AI39>10,1.1*AR39,(1+$AI39/100)*AR39))) -> 2.7566112 | AT39: =IF($AK39="n/a",1.03*AS39,IF($AK39<0,1.01*AS39,IF($AK39>10,1.1*AS39,(1+$AK39/100)*AS39))) -> 3.0322723 | AU39: =IF($AK39="n/a",1.03*AT39,IF($AK39<0,1.01*AT39,IF($AK39>10,1.1*AT39,(1+$AK39/100)*AT39))) -> 3.3354996 | AV39: =IF($AK39="n/a",1.03*AU39,IF($AK39<0,1.01*AU39,IF($AK39>10,1.1*AU39,(1+$AK39/100)*AU39))) -> 3.6690495 | AW39: =SUM(AR39:AV39) -> 15.384233 | AX39: =AW39/I39*100 -> 4.8908703 | AY39: 1.52 | AZ39: 103.82 | BA39: -12.3 | BB39: -5.02 | BC39: 14.69 | BE39: 1984 | BF39: =IF(BE39>2008,0,IF(BE39>2001,1,IF(BE39>1990,2,IF(BE39>1980,3,IF(BE39>1973,4,IF(BE39>1970,5,IF(BE39>1960,6,IF(BE39>1958,7,IF(BE39>1953,8,9))))))))) -> 3 | BG39: n/a
A40: Community Trust Banc. | B40: CTBI | C40: Financials | D40: Banks | E40: 40 | F40: 65 | G40: N | H40: - | I40: 31.82 | J40: =(M40/I40)*100 -> 4.8397234 | K40: 0.385 | L40: 4 | M40: =K40*L40 -> 1.54 | N40: A01 | O40: 0.38 | P40: 44088 | Q40: 44105 | R40: =(K40-O40)/O40*100 -> 1.3157895 | S40: =IF(INDEX(Historical!$D$7:$D$1254,MATCH(B40,Historical!$B$7:$B$1278,0))=0,"n/a",(INDEX(Historical!$C$7:$C$1256,MATCH(B40,Historical!$B$7:$B$1278,0))/INDEX(Historical!$D$7:$D$1254,MATCH(B40,Historical!$B$7:$B$1278,0))-1)*100) -> 9.6296296 | T40: =IF(INDEX(Historical!$F$7:$F$1247,MATCH(B40,Historical!$B$7:$B$1278,0))=0,"n/a",((INDEX(Historical!$C$7:$C$1256,MATCH(B40,Historical!$B$7:$B$1278,0))/INDEX(Historical!$F$7:$F$1247,MATCH(B40,Historical!$B$7:$B$1278,0)))^(1/3)-1)*100) -> 5.7914495 | U40: =IF(INDEX(Historical!$H$7:$H$1247,MATCH(B40,Historical!$B$7:$B$1278,0))=0,"n/a",((INDEX(Historical!$C$7:$C$1256,MATCH(B40,Historical!$B$7:$B$1278,0))/INDEX(Historical!$H$7:$H$1247,MATCH(B40,Historical!$B$7:$B$1278,0)))^(1/5)-1)*100) -> 4.7641602 | V40: =IF(INDEX(Historical!$O$7:$O$1247,MATCH(B40,Historical!$B$7:$B$1278,0))=0,"n/a",((INDEX(Historical!$C$7:$C$1256,MATCH(B40,Historical!$B$7:$B$1278,0))/INDEX(Historical!$O$7:$O$1247,MATCH(B40,Historical!$B$7:$B$1278,0)))^(1/10)-1)*100) -> 3.0973056 | W40: =IF(OR(U40<=0,U40="n/a",V40<=0,V40="n/a"),"n/a",U40/V40) -> 1.5381628 | X40: =IF(OR(AJ40<=0,AJ40="n/a",U40<=0,U40="n/a"),"n/a",U40/AJ40) -> 0.60305826 | Z40: =IF(OR(AC40<0.01,AC40="n/a"),"n/a",M40/AC40*100) -> 45.833333 | AA40: =IF(OR(AC40<0.01,AC40="n/a"),"n/a",I40/AC40) -> 9.4702381 | AB40: 12 | AC40: 3.36 | AD40: 1.89 | AE40: 3.19 | AF40: 0.89 | AG40: 9.1 | AH40: 8.7 | AI40: -14.05 | AJ40: 7.9 | AK40: 5 | AL40: 571.17 | AM40: 0.1 | AN40: 0.09 | AO40: =IF(U40="n/a","n/a",IF(AA40<0,"n/a",IF(AA40="n/a","n/a",J40+U40-AA40))) -> 0.13364556 | AP40: =IF(U40="n/a","n/a",J40+U40) -> 9.6038837 | AQ40: =IF(OR(AC40<0.01,AF40="n/a"),"n/a",(I40/SQRT(22.5*AC40*(I40/AF40))-1)*100) -> -38.795382 | AR40: =INDEX(Historical!$C$7:$C$1256,MATCH(B40,Historical!$B$7:$B$1278,0))*IF(AH40="n/a",1.03,IF(AH40<0,1.01,IF(AH40>10,1.1,(1+AH40/100)))) -> 1.60876 | AS40: =IF($AI40="n/a",1.03*AR40,IF($AI40<0,1.01*AR40,IF($AI40>10,1.1*AR40,(1+$AI40/100)*AR40))) -> 1.6248476 | AT40: =IF($AK40="n/a",1.03*AS40,IF($AK40<0,1.01*AS40,IF($AK40>10,1.1*AS40,(1+$AK40/100)*AS40))) -> 1.70609 | AU40: =IF($AK40="n/a",1.03*AT40,IF($AK40<0,1.01*AT40,IF($AK40>10,1.1*AT40,(1+$AK40/100)*AT40))) -> 1.7913945 | AV40: =IF($AK40="n/a",1.03*AU40,IF($AK40<0,1.01*AU40,IF($AK40>10,1.1*AU40,(1+$AK40/100)*AU40))) -> 1.8809642 | AW40: =SUM(AR40:AV40) -> 8.6120563 | AX40: =AW40/I40*100 -> 27.064916 | AY40: 0.93 | AZ40: 20.3 | BA40: -33.07 | BB40: 3.18 | BC40: -5.49 | BE40: 1981 | BF40: =IF(BE40>2008,0,IF(BE40>2001,1,IF(BE40>1990,2,IF(BE40>1980,3,IF(BE40>1973,4,IF(BE40>1970,5,IF(BE40>1960,6,IF(BE40>1958,7,IF(BE40>1953,8,9))))))))) -> 3 | BG40: 1.2
A41: Chevron Corp. | B41: CVX | C41: Energy | D41: Oil, Gas & Consumable Fuels | E41: 33 | F41: 86 | G41: Y | H41: Y | I41: 69.5 | J41: =(M41/I41)*100 -> 7.4244604 | K41: 1.29 | L41: 4 | M41: =K41*L41 -> 5.16 | N41: C12 | O41: 1.19 | P41: 43875 | Q41: 43900 | R41: =(K41-O41)/O41*100 -> 8.4033613 | S41: =IF(INDEX(Historical!$D$7:$D$1254,MATCH(B41,Historical!$B$7:$B$1278,0))=0,"n/a",(INDEX(Historical!$C$7:$C$1256,MATCH(B41,Historical!$B$7:$B$1278,0))/INDEX(Historical!$D$7:$D$1254,MATCH(B41,Historical!$B$7:$B$1278,0))-1)*100) -> 6.25 | T41: =IF(INDEX(Historical!$F$7:$F$1247,MATCH(B41,Historical!$B$7:$B$1278,0))=0,"n/a",((INDEX(Historical!$C$7:$C$1256,MATCH(B41,Historical!$B$7:$B$1278,0))/INDEX(Historical!$F$7:$F$1247,MATCH(B41,Historical!$B$7:$B$1278,0)))^(1/3)-1)*100) -> 3.5261079 | U41: =IF(INDEX(Historical!$H$7:$H$1247,MATCH(B41,Historical!$B$7:$B$1278,0))=0,"n/a",((INDEX(Historical!$C$7:$C$1256,MATCH(B41,Historical!$B$7:$B$1278,0))/INDEX(Historical!$H$7:$H$1247,MATCH(B41,Historical!$B$7:$B$1278,0)))^(1/5)-1)*100) -> 2.4861011 | V41: =IF(INDEX(Historical!$O$7:$O$1247,MATCH(B41,Historical!$B$7:$B$1278,0))=0,"n/a",((INDEX(Historical!$C$7:$C$1256,MATCH(B41,Historical!$B$7:$B$1278,0))/INDEX(Historical!$O$7:$O$1247,MATCH(B41,Historical!$B$7:$B$1278,0)))^(1/10)-1)*100) -> 5.9918644 | W41: =IF(OR(U41<=0,U41="n/a",V41<=0,V41="n/a"),"n/a",U41/V41) -> 0.41491277 | X41: =IF(OR(AJ41<=0,AJ41="n/a",U41<=0,U41="n/a"),"n/a",U41/AJ41) -> n/a | Z41: =IF(OR(AC41<0.01,AC41="n/a"),"n/a",M41/AC41*100) -> n/a | AA41: =IF(OR(AC41<0.01,AC41="n/a"),"n/a",I41/AC41) -> n/a | AB41: 12 | AC41: -4.71 | AD41: n/a | AE41: 1.18 | AF41: 0.96 | AG41: -6 | AH41: -80 | AI41: 847.2 | AJ41: -31.4 | AK41: -4.41 | AL41: 135320 | AM41: 0.05 | AN41: 0.25 | AO41: =IF(U41="n/a","n/a",IF(AA41<0,"n/a",IF(AA41="n/a","n/a",J41+U41-AA41))) -> n/a | AP41: =IF(U41="n/a","n/a",J41+U41) -> 9.9105615 | AQ41: =IF(OR(AC41<0.01,AF41="n/a"),"n/a",(I41/SQRT(22.5*AC41*(I41/AF41))-1)*100) -> n/a | AR41: =INDEX(Historical!$C$7:$C$1256,MATCH(B41,Historical!$B$7:$B$1278,0))*IF(AH41="n/a",1.03,IF(AH41<0,1.01,IF(AH41>10,1.1,(1+AH41/100)))) -> 4.8076 | AS41: =IF($AI41="n/a",1.03*AR41,IF($AI41<0,1.01*AR41,IF($AI41>10,1.1*AR41,(1+$AI41/100)*AR41))) -> 5.28836 | AT41: =IF($AK41="n/a",1.03*AS41,IF($AK41<0,1.01*AS41,IF($AK41>10,1.1*AS41,(1+$AK41/100)*AS41))) -> 5.3412436 | AU41: =IF($AK41="n/a",1.03*AT41,IF($AK41<0,1.01*AT41,IF($AK41>10,1.1*AT41,(1+$AK41/100)*AT41))) -> 5.394656 | AV41: =IF($AK41="n/a",1.03*AU41,IF($AK41<0,1.01*AU41,IF($AK41>10,1.1*AU41,(1+$AK41/100)*AU41))) -> 5.4486026 | AW41: =SUM(AR41:AV41) -> 26.280462 | AX41: =AW41/I41*100 -> 37.813615 | AY41: 1.22 | AZ41: 34.69 | BA41: -43.47 | BB41: -8.91 | BC41: -20.48 | BE41: 1988 | BF41: =IF(BE41>2008,0,IF(BE41>2001,1,IF(BE41>1990,2,IF(BE41>1980,3,IF(BE41>1973,4,IF(BE41>1970,5,IF(BE41>1960,6,IF(BE41>1958,7,IF(BE41>1953,8,9))))))))) -> 3 | BG41: -3.6
A42: California Water Service | B42: CWT | C42: Utilities | D42: Water Utilities | E42: 53 | F42: 19 | G42: N | H42: N | I42: 44.57 | J42: =(M42/I42)*100 -> 1.9071124 | K42: 0.2125 | L42: 4 | M42: =K42*L42 -> 0.85 | N42: B23 | O42: 0.1975 | P42: 43868 | Q42: 43881 | R42: =(K42-O42)/O42*100 -> 7.5949367 | S42: =IF(INDEX(Historical!$D$7:$D$1254,MATCH(B42,Historical!$B$7:$B$1278,0))=0,"n/a",(INDEX(Historical!$C$7:$C$1256,MATCH(B42,Historical!$B$7:$B$1278,0))/INDEX(Historical!$D$7:$D$1254,MATCH(B42,Historical!$B$7:$B$1278,0))-1)*100) -> 5.0531915 | T42: =IF(INDEX(Historical!$F$7:$F$1247,MATCH(B42,Historical!$B$7:$B$1278,0))=0,"n/a",((INDEX(Historical!$C$7:$C$1256,MATCH(B42,Historical!$B$7:$B$1278,0))/INDEX(Historical!$F$7:$F$1247,MATCH(B42,Historical!$B$7:$B$1278,0)))^(1/3)-1)*100) -> 4.6146886 | U42: =IF(INDEX(Historical!$H$7:$H$1247,MATCH(B42,Historical!$B$7:$B$1278,0))=0,"n/a",((INDEX(Historical!$C$7:$C$1256,MATCH(B42,Historical!$B$7:$B$1278,0))/INDEX(Historical!$H$7:$H$1247,MATCH(B42,Historical!$B$7:$B$1278,0)))^(1/5)-1)*100) -> 3.9783082 | V42: =IF(INDEX(Historical!$O$7:$O$1247,MATCH(B42,Historical!$B$7:$B$1278,0))=0,"n/a",((INDEX(Historical!$C$7:$C$1256,MATCH(B42,Historical!$B$7:$B$1278,0))/INDEX(Historical!$O$7:$O$1247,MATCH(B42,Historical!$B$7:$B$1278,0)))^(1/10)-1)*100) -> 2.9621275 | W42: =IF(OR(U42<=0,U42="n/a",V42<=0,V42="n/a"),"n/a",U42/V42) -> 1.3430577 | X42: =IF(OR(AJ42<=0,AJ42="n/a",U42<=0,U42="n/a"),"n/a",U42/AJ42) -> n/a | Z42: =IF(OR(AC42<0.01,AC42="n/a"),"n/a",M42/AC42*100) -> n/a | AA42: =IF(OR(AC42<0.01,AC42="n/a"),"n/a",I42/AC42) -> n/a | AB42: 12 | AC42: -1.7 | AD42: n/a | AE42: 3.06 | AF42: 2.79 | AG42: 5 | AH42: -153.7 | AI42: 15.18 | AJ42: -24.7 | AK42: 11.5 | AL42: 2170 | AM42: 0.8 | AN42: 1.51 | AO42: =IF(U42="n/a","n/a",IF(AA42<0,"n/a",IF(AA42="n/a","n/a",J42+U42-AA42))) -> n/a | AP42: =IF(U42="n/a","n/a",J42+U42) -> 5.8854206 | AQ42: =IF(OR(AC42<0.01,AF42="n/a"),"n/a",(I42/SQRT(22.5*AC42*(I42/AF42))-1)*100) -> n/a | AR42: =INDEX(Historical!$C$7:$C$1256,MATCH(B42,Historical!$B$7:$B$1278,0))*IF(AH42="n/a",1.03,IF(AH42<0,1.01,IF(AH42>10,1.1,(1+AH42/100)))) -> 0.7979 | AS42: =IF($AI42="n/a",1.03*AR42,IF($AI42<0,1.01*AR42,IF($AI42>10,1.1*AR42,(1+$AI42/100)*AR42))) -> 0.87769 | AT42: =IF($AK42="n/a",1.03*AS42,IF($AK42<0,1.01*AS42,IF($AK42>10,1.1*AS42,(1+$AK42/100)*AS42))) -> 0.965459 | AU42: =IF($AK42="n/a",1.03*AT42,IF($AK42<0,1.01*AT42,IF($AK42>10,1.1*AT42,(1+$AK42/100)*AT42))) -> 1.0620049 | AV42: =IF($AK42="n/a",1.03*AU42,IF($AK42<0,1.01*AU42,IF($AK42>10,1.1*AU42,(1+$AK42/100)*AU42))) -> 1.1682054 | AW42: =SUM(AR42:AV42) -> 4.8712593 | AX42: =AW42/I42*100 -> 10.929458 | AY42: -0.01 | AZ42: 12.15 | BA42: -22.3 | BB42: -1.12 | BC42: -7.46 | BE42: 1968 | BF42: =IF(BE42>2008,0,IF(BE42>2001,1,IF(BE42>1990,2,IF(BE42>1980,3,IF(BE42>1973,4,IF(BE42>1970,5,IF(BE42>1960,6,IF(BE42>1958,7,IF(BE42>1953,8,9))))))))) -> 6 | BG42: 1.2
A43: Donaldson Company | B43: DCI | C43: Industrials | D43: Machinery | E43: 33 | F43: 81 | G43: N | H43: N | I43: 47.5 | J43: =(M43/I43)*100 -> 1.7684211 | K43: 0.21 | L43: 4 | M43: =K43*L43 -> 0.84 | N43: B31 | O43: 0.19 | P43: 43628 | Q43: 43644 | R43: =(K43-O43)/O43*100 -> 10.526316 | S43: =IF(INDEX(Historical!$D$7:$D$1254,MATCH(B43,Historical!$B$7:$B$1278,0))=0,"n/a",(INDEX(Historical!$C$7:$C$1256,MATCH(B43,Historical!$B$7:$B$1278,0))/INDEX(Historical!$D$7:$D$1254,MATCH(B43,Historical!$B$7:$B$1278,0))-1)*100) -> 9.3333333 | T43: =IF(INDEX(Historical!$F$7:$F$1247,MATCH(B43,Historical!$B$7:$B$1278,0))=0,"n/a",((INDEX(Historical!$C$7:$C$1256,MATCH(B43,Historical!$B$7:$B$1278,0))/INDEX(Historical!$F$7:$F$1247,MATCH(B43,Historical!$B$7:$B$1278,0)))^(1/3)-1)*100) -> 5.6678853 | U43: =IF(INDEX(Historical!$H$7:$H$1247,MATCH(B43,Historical!$B$7:$B$1278,0))=0,"n/a",((INDEX(Historical!$C$7:$C$1256,MATCH(B43,Historical!$B$7:$B$1278,0))/INDEX(Historical!$H$7:$H$1247,MATCH(B43,Historical!$B$7:$B$1278,0)))^(1/5)-1)*100) -> 5.246588 | V43: =IF(INDEX(Historical!$O$7:$O$1247,MATCH(B43,Historical!$B$7:$B$1278,0))=0,"n/a",((INDEX(Historical!$C$7:$C$1256,MATCH(B43,Historical!$B$7:$B$1278,0))/INDEX(Historical!$O$7:$O$1247,MATCH(B43,Historical!$B$7:$B$1278,0)))^(1/10)-1)*100) -> 13.555612 | W43: =IF(OR(U43<=0,U43="n/a",V43<=0,V43="n/a"),"n/a",U43/V43) -> 0.38704177 | X43: =IF(OR(AJ43<=0,AJ43="n/a",U43<=0,U43="n/a"),"n/a",U43/AJ43) -> 0.8600964 | Z43: =IF(OR(AC43<0.01,AC43="n/a"),"n/a",M43/AC43*100) -> 42 | AA43: =IF(OR(AC43<0.01,AC43="n/a"),"n/a",I43/AC43) -> 23.75 | AB43: 7 | AC43: 2 | AD43: 2.37 | AE43: 2.32 | AF43: 6.09 | AG43: 27.2 | AH43: -8.7 | AI43: 18.26 | AJ43: 6.1 | AK43: 10 | AL43: 6000 | AM43: 0.4 | AN43: 0.64 | AO43: =IF(U43="n/a","n/a",IF(AA43<0,"n/a",IF(AA43="n/a","n/a",J43+U43-AA43))) -> -16.734991 | AP43: =IF(U43="n/a","n/a",J43+U43) -> 7.0150091 | AQ43: =IF(OR(AC43<0.01,AF43="n/a"),"n/a",(I43/SQRT(22.5*AC43*(I43/AF43))-1)*100) -> 153.54158 | AR43: =INDEX(Historical!$C$7:$C$1256,MATCH(B43,Historical!$B$7:$B$1278,0))*IF(AH43="n/a",1.03,IF(AH43<0,1.01,IF(AH43>10,1.1,(1+AH43/100)))) -> 0.8282 | AS43: =IF($AI43="n/a",1.03*AR43,IF($AI43<0,1.01*AR43,IF($AI43>10,1.1*AR43,(1+$AI43/100)*AR43))) -> 0.91102 | AT43: =IF($AK43="n/a",1.03*AS43,IF($AK43<0,1.01*AS43,IF($AK43>10,1.1*AS43,(1+$AK43/100)*AS43))) -> 1.002122 | AU43: =IF($AK43="n/a",1.03*AT43,IF($AK43<0,1.01*AT43,IF($AK43>10,1.1*AT43,(1+$AK43/100)*AT43))) -> 1.1023342 | AV43: =IF($AK43="n/a",1.03*AU43,IF($AK43<0,1.01*AU43,IF($AK43>10,1.1*AU43,(1+$AK43/100)*AU43))) -> 1.2125676 | AW43: =SUM(AR43:AV43) -> 5.0562438 | AX43: =AW43/I43*100 -> 10.644724 | AY43: 1.42 | AZ43: 52.83 | BA43: -18.55 | BB43: -3.48 | BC43: 0.83 | BE43: 1987 | BF43: =IF(BE43>2008,0,IF(BE43>2001,1,IF(BE43>1990,2,IF(BE43>1980,3,IF(BE43>1973,4,IF(BE43>1970,5,IF(BE43>1960,6,IF(BE43>1958,7,IF(BE43>1953,8,9))))))))) -> 3 | BG43: 11.3
A44: Dover Corp. | B44: DOV | C44: Industrials | D44: Machinery | E44: 65 | F44: 2 | G44: Y | H44: N | I44: 110.71 | J44: =(M44/I44)*100 -> 1.7884563 | K44: 0.495 | L44: 4 | M44: =K44*L44 -> 1.98 | N44: C15 | O44: 0.49 | P44: 44071 | Q44: 44089 | R44: =(K44-O44)/O44*100 -> 1.0204082 | S44: =IF(INDEX(Historical!$D$7:$D$1254,MATCH(B44,Historical!$B$7:$B$1278,0))=0,"n/a",(INDEX(Historical!$C$7:$C$1256,MATCH(B44,Historical!$B$7:$B$1278,0))/INDEX(Historical!$D$7:$D$1254,MATCH(B44,Historical!$B$7:$B$1278,0))-1)*100) -> 2.1052632 | T44: =IF(INDEX(Historical!$F$7:$F$1247,MATCH(B44,Historical!$B$7:$B$1278,0))=0,"n/a",((INDEX(Historical!$C$7:$C$1256,MATCH(B44,Historical!$B$7:$B$1278,0))/INDEX(Historical!$F$7:$F$1247,MATCH(B44,Historical!$B$7:$B$1278,0)))^(1/3)-1)*100) -> 4.0936957 | U44: =IF(INDEX(Historical!$H$7:$H$1247,MATCH(B44,Historical!$B$7:$B$1278,0))=0,"n/a",((INDEX(Historical!$C$7:$C$1256,MATCH(B44,Historical!$B$7:$B$1278,0))/INDEX(Historical!$H$7:$H$1247,MATCH(B44,Historical!$B$7:$B$1278,0)))^(1/5)-1)*100) -> 4.5909256 | V44: =IF(INDEX(Historical!$O$7:$O$1247,MATCH(B44,Historical!$B$7:$B$1278,0))=0,"n/a",((INDEX(Historical!$C$7:$C$1256,MATCH(B44,Historical!$B$7:$B$1278,0))/INDEX(Historical!$O$7:$O$1247,MATCH(B44,Historical!$B$7:$B$1278,0)))^(1/10)-1)*100) -> 8.5765174 | W44: =IF(OR(U44<=0,U44="n/a",V44<=0,V44="n/a"),"n/a",U44/V44) -> 0.53529018 | X44: =IF(OR(AJ44<=0,AJ44="n/a",U44<=0,U44="n/a"),"n/a",U44/AJ44) -> n/a | Z44: =IF(OR(AC44<0.01,AC44="n/a"),"n/a",M44/AC44*100) -> 43.137255 | AA44: =IF(OR(AC44<0.01,AC44="n/a"),"n/a",I44/AC44) -> 24.119826 | AB44: 12 | AC44: 4.59 | AD44: 7 | AE44: 2.37 | AF44: 4.91 | AG44: 21.7 | AH44: 19.5 | AI44: 12.59 | AJ44: 0 | AK44: 3.45 | AL44: 15810 | AM44: 0.2 | AN44: 0.97 | AO44: =IF(U44="n/a","n/a",IF(AA44<0,"n/a",IF(AA44="n/a","n/a",J44+U44-AA44))) -> -17.740444 | AP44: =IF(U44="n/a","n/a",J44+U44) -> 6.3793819 | AQ44: =IF(OR(AC44<0.01,AF44="n/a"),"n/a",(I44/SQRT(22.5*AC44*(I44/AF44))-1)*100) -> 129.4228 | AR44: =INDEX(Historical!$C$7:$C$1256,MATCH(B44,Historical!$B$7:$B$1278,0))*IF(AH44="n/a",1.03,IF(AH44<0,1.01,IF(AH44>10,1.1,(1+AH44/100)))) -> 2.134 | AS44: =IF($AI44="n/a",1.03*AR44,IF($AI44<0,1.01*AR44,IF($AI44>10,1.1*AR44,(1+$AI44/100)*AR44))) -> 2.3474 | AT44: =IF($AK44="n/a",1.03*AS44,IF($AK44<0,1.01*AS44,IF($AK44>10,1.1*AS44,(1+$AK44/100)*AS44))) -> 2.4283853 | AU44: =IF($AK44="n/a",1.03*AT44,IF($AK44<0,1.01*AT44,IF($AK44>10,1.1*AT44,(1+$AK44/100)*AT44))) -> 2.5121646 | AV44: =IF($AK44="n/a",1.03*AU44,IF($AK44<0,1.01*AU44,IF($AK44>10,1.1*AU44,(1+$AK44/100)*AU44))) -> 2.5988343 | AW44: =SUM(AR44:AV44) -> 12.020784 | AX44: =AW44/I44*100 -> 10.857903 | AY44: 1.38 | AZ44: 75.87 | BA44: -7.94 | BB44: -0.6 | BC44: 8.34 | BE44: 1956 | BF44: =IF(BE44>2008,0,IF(BE44>2001,1,IF(BE44>1990,2,IF(BE44>1980,3,IF(BE44>1973,4,IF(BE44>1970,5,IF(BE44>1960,6,IF(BE44>1958,7,IF(BE44>1953,8,9))))))))) -> 8 | BG44: 7.5
A45: Enterprise Bancorp Inc. | B45: EBTC | C45: Financials | D45: Banks | E45: 28 | F45: 102 | G45: N | H45: - | I45: 22.61 | J45: =(M45/I45)*100 -> 3.0959752 | K45: 0.175 | L45: 4 | M45: =K45*L45 -> 0.7 | N45: C01 | O45: 0.16 | P45: 43868 | Q45: 43891 | R45: =(K45-O45)/O45*100 -> 9.375 | S45: =IF(INDEX(Historical!$D$7:$D$1254,MATCH(B45,Historical!$B$7:$B$1278,0))=0,"n/a",(INDEX(Historical!$C$7:$C$1256,MATCH(B45,Historical!$B$7:$B$1278,0))/INDEX(Historical!$D$7:$D$1254,MATCH(B45,Historical!$B$7:$B$1278,0))-1)*100) -> 10.344828 | T45: =IF(INDEX(Historical!$F$7:$F$1247,MATCH(B45,Historical!$B$7:$B$1278,0))=0,"n/a",((INDEX(Historical!$C$7:$C$1256,MATCH(B45,Historical!$B$7:$B$1278,0))/INDEX(Historical!$F$7:$F$1247,MATCH(B45,Historical!$B$7:$B$1278,0)))^(1/3)-1)*100) -> 7.166458 | U45: =IF(INDEX(Historical!$H$7:$H$1247,MATCH(B45,Historical!$B$7:$B$1278,0))=0,"n/a",((INDEX(Historical!$C$7:$C$1256,MATCH(B45,Historical!$B$7:$B$1278,0))/INDEX(Historical!$H$7:$H$1247,MATCH(B45,Historical!$B$7:$B$1278,0)))^(1/5)-1)*100) -> 5.9223841 | V45: =IF(INDEX(Historical!$O$7:$O$1247,MATCH(B45,Historical!$B$7:$B$1278,0))=0,"n/a",((INDEX(Historical!$C$7:$C$1256,MATCH(B45,Historical!$B$7:$B$1278,0))/INDEX(Historical!$O$7:$O$1247,MATCH(B45,Historical!$B$7:$B$1278,0)))^(1/10)-1)*100) -> 5.3512366 | W45: =IF(OR(U45<=0,U45="n/a",V45<=0,V45="n/a"),"n/a",U45/V45) -> 1.1067319 | X45: =IF(OR(AJ45<=0,AJ45="n/a",U45<=0,U45="n/a"),"n/a",U45/AJ45) -> 0.39482561 | Z45: =IF(OR(AC45<0.01,AC45="n/a"),"n/a",M45/AC45*100) -> 28.688525 | AA45: =IF(OR(AC45<0.01,AC45="n/a"),"n/a",I45/AC45) -> 9.2663934 | AB45: 12 | AC45: 2.44 | AD45: n/a | AE45: 1.88 | AF45: 0.85 | AG45: 9.8 | AH45: 17.6 | AI45: n/a | AJ45: 15 | AK45: n/a | AL45: 264.76 | AM45: 10.3 | AN45: 0.05 | AO45: =IF(U45="n/a","n/a",IF(AA45<0,"n/a",IF(AA45="n/a","n/a",J45+U45-AA45))) -> -0.24803411 | AP45: =IF(U45="n/a","n/a",J45+U45) -> 9.0183593 | AQ45: =IF(OR(AC45<0.01,AF45="n/a"),"n/a",(I45/SQRT(22.5*AC45*(I45/AF45))-1)*100) -> -40.833814 | AR45: =INDEX(Historical!$C$7:$C$1256,MATCH(B45,Historical!$B$7:$B$1278,0))*IF(AH45="n/a",1.03,IF(AH45<0,1.01,IF(AH45>10,1.1,(1+AH45/100)))) -> 0.704 | AS45: =IF($AI45="n/a",1.03*AR45,IF($AI45<0,1.01*AR45,IF($AI45>10,1.1*AR45,(1+$AI45/100)*AR45))) -> 0.72512 | AT45: =IF($AK45="n/a",1.03*AS45,IF($AK45<0,1.01*AS45,IF($AK45>10,1.1*AS45,(1+$AK45/100)*AS45))) -> 0.7468736 | AU45: =IF($AK45="n/a",1.03*AT45,IF($AK45<0,1.01*AT45,IF($AK45>10,1.1*AT45,(1+$AK45/100)*AT45))) -> 0.76927981 | AV45: =IF($AK45="n/a",1.03*AU45,IF($AK45<0,1.01*AU45,IF($AK45>10,1.1*AU45,(1+$AK45/100)*AU45))) -> 0.7923582 | AW45: =SUM(AR45:AV45) -> 3.7376316 | AX45: =AW45/I45*100 -> 16.530878 | AY45: 0.43 | AZ45: 17.3 | BA45: -34.94 | BB45: 3.06 | BC45: -6.4 | BE45: 1995 | BF45: =IF(BE45>2008,0,IF(BE45>2001,1,IF(BE45>1990,2,IF(BE45>1980,3,IF(BE45>1973,4,IF(BE45>1970,5,IF(BE45>1960,6,IF(BE45>1958,7,IF(BE45>1953,8,9))))))))) -> 2 | BG45: 0.9
A46: Ecolab Inc. | B46: ECL | C46: Materials | D46: Chemicals | E46: 28 | F46: 100 | G46: N | H46: N | I46: 183.59 | J46: =(M46/I46)*100 -> 1.0240209 | K46: 0.47 | L46: 4 | M46: =K46*L46 -> 1.88 | N46: A16 | O46: 0.46 | P46: 43814 | Q46: 43844 | R46: =(K46-O46)/O46*100 -> 2.173913 | S46: =IF(INDEX(Historical!$D$7:$D$1254,MATCH(B46,Historical!$B$7:$B$1278,0))=0,"n/a",(INDEX(Historical!$C$7:$C$1256,MATCH(B46,Historical!$B$7:$B$1278,0))/INDEX(Historical!$D$7:$D$1254,MATCH(B46,Historical!$B$7:$B$1278,0))-1)*100) -> 12.195122 | T46: =IF(INDEX(Historical!$F$7:$F$1247,MATCH(B46,Historical!$B$7:$B$1278,0))=0,"n/a",((INDEX(Historical!$C$7:$C$1256,MATCH(B46,Historical!$B$7:$B$1278,0))/INDEX(Historical!$F$7:$F$1247,MATCH(B46,Historical!$B$7:$B$1278,0)))^(1/3)-1)*100) -> 9.5376104 | U46: =IF(INDEX(Historical!$H$7:$H$1247,MATCH(B46,Historical!$B$7:$B$1278,0))=0,"n/a",((INDEX(Historical!$C$7:$C$1256,MATCH(B46,Historical!$B$7:$B$1278,0))/INDEX(Historical!$H$7:$H$1247,MATCH(B46,Historical!$B$7:$B$1278,0)))^(1/5)-1)*100) -> 10.837068 | V46: =IF(INDEX(Historical!$O$7:$O$1247,MATCH(B46,Historical!$B$7:$B$1278,0))=0,"n/a",((INDEX(Historical!$C$7:$C$1256,MATCH(B46,Historical!$B$7:$B$1278,0))/INDEX(Historical!$O$7:$O$1247,MATCH(B46,Historical!$B$7:$B$1278,0)))^(1/10)-1)*100) -> 12.632307 | W46: =IF(OR(U46<=0,U46="n/a",V46<=0,V46="n/a"),"n/a",U46/V46) -> 0.85788508 | X46: =IF(OR(AJ46<=0,AJ46="n/a",U46<=0,U46="n/a"),"n/a",U46/AJ46) -> 1.7479141 | Z46: =IF(OR(AC46<0.01,AC46="n/a"),"n/a",M46/AC46*100) -> 41.777778 | AA46: =IF(OR(AC46<0.01,AC46="n/a"),"n/a",I46/AC46) -> 40.797778 | AB46: 12 | AC46: 4.5 | AD46: 5.03 | AE46: 3.93 | AF46: 9.03 | AG46: -10.8 | AH46: 1.8 | AI46: 29.9 | AJ46: 6.2 | AK46: 8.11 | AL46: 52390 | AM46: 0.4 | AN46: 1.24 | AO46: =IF(U46="n/a","n/a",IF(AA46<0,"n/a",IF(AA46="n/a","n/a",J46+U46-AA46))) -> -28.936689 | AP46: =IF(U46="n/a","n/a",J46+U46) -> 11.861089 | AQ46: =IF(OR(AC46<0.01,AF46="n/a"),"n/a",(I46/SQRT(22.5*AC46*(I46/AF46))-1)*100) -> 304.64192 | AR46: =INDEX(Historical!$C$7:$C$1256,MATCH(B46,Historical!$B$7:$B$1278,0))*IF(AH46="n/a",1.03,IF(AH46<0,1.01,IF(AH46>10,1.1,(1+AH46/100)))) -> 1.87312 | AS46: =IF($AI46="n/a",1.03*AR46,IF($AI46<0,1.01*AR46,IF($AI46>10,1.1*AR46,(1+$AI46/100)*AR46))) -> 2.060432 | AT46: =IF($AK46="n/a",1.03*AS46,IF($AK46<0,1.01*AS46,IF($AK46>10,1.1*AS46,(1+$AK46/100)*AS46))) -> 2.227533 | AU46: =IF($AK46="n/a",1.03*AT46,IF($AK46<0,1.01*AT46,IF($AK46>10,1.1*AT46,(1+$AK46/100)*AT46))) -> 2.408186 | AV46: =IF($AK46="n/a",1.03*AU46,IF($AK46<0,1.01*AU46,IF($AK46>10,1.1*AU46,(1+$AK46/100)*AU46))) -> 2.6034898 | AW46: =SUM(AR46:AV46) -> 11.172761 | AX46: =AW46/I46*100 -> 6.0857132 | AY46: 0.92 | AZ46: 47.34 | BA46: -20.65 | BB46: -8.19 | BC46: -5.68 | BE46: 1993 | BF46: =IF(BE46>2008,0,IF(BE46>2001,1,IF(BE46>1990,2,IF(BE46>1980,3,IF(BE46>1973,4,IF(BE46>1970,5,IF(BE46>1960,6,IF(BE46>1958,7,IF(BE46>1953,8,9))))))))) -> 2 | BG46: -4.2
A47: Consolidated Edison | B47: ED | C47: Utilities | D47: Multi-Utilities | E47: 46 | F47: 49 | G47: N | H47: Y | I47: 78.49 | J47: =(M47/I47)*100 -> 3.8985858 | K47: 0.765 | L47: 4 | M47: =K47*L47 -> 3.06 | N47: C15 | O47: 0.74 | P47: 43879 | Q47: 43905 | R47: =(K47-O47)/O47*100 -> 3.3783784 | S47: =IF(INDEX(Historical!$D$7:$D$1254,MATCH(B47,Historical!$B$7:$B$1278,0))=0,"n/a",(INDEX(Historical!$C$7:$C$1256,MATCH(B47,Historical!$B$7:$B$1278,0))/INDEX(Historical!$D$7:$D$1254,MATCH(B47,Historical!$B$7:$B$1278,0))-1)*100) -> 3.4965035 | T47: =IF(INDEX(Historical!$F$7:$F$1247,MATCH(B47,Historical!$B$7:$B$1278,0))=0,"n/a",((INDEX(Historical!$C$7:$C$1256,MATCH(B47,Historical!$B$7:$B$1278,0))/INDEX(Historical!$F$7:$F$1247,MATCH(B47,Historical!$B$7:$B$1278,0)))^(1/3)-1)*100) -> 3.3678871 | U47: =IF(INDEX(Historical!$H$7:$H$1247,MATCH(B47,Historical!$B$7:$B$1278,0))=0,"n/a",((INDEX(Historical!$C$7:$C$1256,MATCH(B47,Historical!$B$7:$B$1278,0))/INDEX(Historical!$H$7:$H$1247,MATCH(B47,Historical!$B$7:$B$1278,0)))^(1/5)-1)*100) -> 3.2709647 | V47: =IF(INDEX(Historical!$O$7:$O$1247,MATCH(B47,Historical!$B$7:$B$1278,0))=0,"n/a",((INDEX(Historical!$C$7:$C$1256,MATCH(B47,Historical!$B$7:$B$1278,0))/INDEX(Historical!$O$7:$O$1247,MATCH(B47,Historical!$B$7:$B$1278,0)))^(1/10)-1)*100) -> 2.2911287 | W47: =IF(OR(U47<=0,U47="n/a",V47<=0,V47="n/a"),"n/a",U47/V47) -> 1.4276652 | X47: =IF(OR(AJ47<=0,AJ47="n/a",U47<=0,U47="n/a"),"n/a",U47/AJ47) -> 1.7215604 | Z47: =IF(OR(AC47<0.01,AC47="n/a"),"n/a",M47/AC47*100) -> 76.691729 | AA47: =IF(OR(AC47<0.01,AC47="n/a"),"n/a",I47/AC47) -> 19.671679 | AB47: 12 | AC47: 3.99 | AD47: 7.72 | AE47: 2.14 | AF47: 1.44 | AG47: 7.4 | AH47: -10.4 | AI47: 6.24 | AJ47: 1.9 | AK47: 2.55 | AL47: 26200 | AM47: 0.2 | AN47: 1.26 | AO47: =IF(U47="n/a","n/a",IF(AA47<0,"n/a",IF(AA47="n/a","n/a",J47+U47-AA47))) -> -12.502129 | AP47: =IF(U47="n/a","n/a",J47+U47) -> 7.1695505 | AQ47: =IF(OR(AC47<0.01,AF47="n/a"),"n/a",(I47/SQRT(22.5*AC47*(I47/AF47))-1)*100) -> 12.204611 | AR47: =INDEX(Historical!$C$7:$C$1256,MATCH(B47,Historical!$B$7:$B$1278,0))*IF(AH47="n/a",1.03,IF(AH47<0,1.01,IF(AH47>10,1.1,(1+AH47/100)))) -> 2.9896 | AS47: =IF($AI47="n/a",1.03*AR47,IF($AI47<0,1.01*AR47,IF($AI47>10,1.1*AR47,(1+$AI47/100)*AR47))) -> 3.176151 | AT47: =IF($AK47="n/a",1.03*AS47,IF($AK47<0,1.01*AS47,IF($AK47>10,1.1*AS47,(1+$AK47/100)*AS47))) -> 3.2571429 | AU47: =IF($AK47="n/a",1.03*AT47,IF($AK47<0,1.01*AT47,IF($AK47>10,1.1*AT47,(1+$AK47/100)*AT47))) -> 3.3402 | AV47: =IF($AK47="n/a",1.03*AU47,IF($AK47<0,1.01*AU47,IF($AK47>10,1.1*AU47,(1+$AK47/100)*AU47))) -> 3.4253751 | AW47: =SUM(AR47:AV47) -> 16.188469 | AX47: =AW47/I47*100 -> 20.624881 | AY47: 0.17 | AZ47: 26.54 | BA47: -17.47 | BB47: 2.31 | BC47: -0.8 | BE47: 1975 | BF47: =IF(BE47>2008,0,IF(BE47>2001,1,IF(BE47>1990,2,IF(BE47>1980,3,IF(BE47>1973,4,IF(BE47>1970,5,IF(BE47>1960,6,IF(BE47>1958,7,IF(BE47>1953,8,9))))))))) -> 4 | BG47: 2.3
A48: Eagle Financial Services | B48: EFSI | C48: Financials | D48: Banks | E48: 33 | F48: 82 | G48: - | H48: - | I48: 25.5 | J48: =(M48/I48)*100 -> 4.0784314 | K48: 0.26 | L48: 4 | M48: =K48*L48 -> 1.04 | N48: B16 | O48: 0.25 | P48: 43769 | Q48: 43784 | R48: =(K48-O48)/O48*100 -> 4 | S48: =IF(INDEX(Historical!$D$7:$D$1254,MATCH(B48,Historical!$B$7:$B$1278,0))=0,"n/a",(INDEX(Historical!$C$7:$C$1256,MATCH(B48,Historical!$B$7:$B$1278,0))/INDEX(Historical!$D$7:$D$1254,MATCH(B48,Historical!$B$7:$B$1278,0))-1)*100) -> 6.3829787 | T48: =IF(INDEX(Historical!$F$7:$F$1247,MATCH(B48,Historical!$B$7:$B$1278,0))=0,"n/a",((INDEX(Historical!$C$7:$C$1256,MATCH(B48,Historical!$B$7:$B$1278,0))/INDEX(Historical!$F$7:$F$1247,MATCH(B48,Historical!$B$7:$B$1278,0)))^(1/3)-1)*100) -> 6.8387297 | U48: =IF(INDEX(Historical!$H$7:$H$1247,MATCH(B48,Historical!$B$7:$B$1278,0))=0,"n/a",((INDEX(Historical!$C$7:$C$1256,MATCH(B48,Historical!$B$7:$B$1278,0))/INDEX(Historical!$H$7:$H$1247,MATCH(B48,Historical!$B$7:$B$1278,0)))^(1/5)-1)*100) -> 5.3663304 | V48: =IF(INDEX(Historical!$O$7:$O$1247,MATCH(B48,Historical!$B$7:$B$1278,0))=0,"n/a",((INDEX(Historical!$C$7:$C$1256,MATCH(B48,Historical!$B$7:$B$1278,0))/INDEX(Historical!$O$7:$O$1247,MATCH(B48,Historical!$B$7:$B$1278,0)))^(1/10)-1)*100) -> 3.9319579 | W48: =IF(OR(U48<=0,U48="n/a",V48<=0,V48="n/a"),"n/a",U48/V48) -> 1.3647985 | X48: =IF(OR(AJ48<=0,AJ48="n/a",U48<=0,U48="n/a"),"n/a",U48/AJ48) -> n/a | Z48: =IF(OR(AC48<0.01,AC48="n/a"),"n/a",M48/AC48*100) -> n/a | AA48: =IF(OR(AC48<0.01,AC48="n/a"),"n/a",I48/AC48) -> n/a | AB48: 12 | AC48: n/a | AD48: n/a | AE48: n/a | AF48: n/a | AG48: n/a | AH48: n/a | AI48: n/a | AJ48: n/a | AK48: n/a | AL48: n/a | AM48: n/a | AN48: n/a | AO48: =IF(U48="n/a","n/a",IF(AA48<0,"n/a",IF(AA48="n/a","n/a",J48+U48-AA48))) -> n/a | AP48: =IF(U48="n/a","n/a",J48+U48) -> 9.4447617 | AQ48: =IF(OR(AC48<0.01,AF48="n/a"),"n/a",(I48/SQRT(22.5*AC48*(I48/AF48))-1)*100) -> n/a | AR48: =INDEX(Historical!$C$7:$C$1256,MATCH(B48,Historical!$B$7:$B$1278,0))*IF(AH48="n/a",1.03,IF(AH48<0,1.01,IF(AH48>10,1.1,(1+AH48/100)))) -> 1.03 | AS48: =IF($AI48="n/a",1.03*AR48,IF($AI48<0,1.01*AR48,IF($AI48>10,1.1*AR48,(1+$AI48/100)*AR48))) -> 1.0609 | AT48: =IF($AK48="n/a",1.03*AS48,IF($AK48<0,1.01*AS48,IF($AK48>10,1.1*AS48,(1+$AK48/100)*AS48))) -> 1.092727 | AU48: =IF($AK48="n/a",1.03*AT48,IF($AK48<0,1.01*AT48,IF($AK48>10,1.1*AT48,(1+$AK48/100)*AT48))) -> 1.1255088 | AV48: =IF($AK48="n/a",1.03*AU48,IF($AK48<0,1.01*AU48,IF($AK48>10,1.1*AU48,(1+$AK48/100)*AU48))) -> 1.1592741 | AW48: =SUM(AR48:AV48) -> 5.4684099 | AX48: =AW48/I48*100 -> 21.444745 | AY48: n/a | AZ48: n/a | BA48: n/a | BB48: n/a | BC48: n/a | BD48: OTC | BE48: 1987 | BF48: =IF(BE48>2008,0,IF(BE48>2001,1,IF(BE48>1990,2,IF(BE48>1980,3,IF(BE48>1973,4,IF(BE48>1970,5,IF(BE48>1960,6,IF(BE48>1958,7,IF(BE48>1953,8,9))))))))) -> 3 | BG48: n/a
A49: Emerson Electric | B49: EMR | C49: Industrials | D49: Electrical Equipment | E49: 63 | F49: 7 | G49: N | H49: N | I49: 64.79 | J49: =(M49/I49)*100 -> 3.0868961 | K49: 0.5 | L49: 4 | M49: =K49*L49 -> 2 | N49: C11 | O49: 0.49 | P49: 43782 | Q49: 43808 | R49: =(K49-O49)/O49*100 -> 2.0408163 | S49: =IF(INDEX(Historical!$D$7:$D$1254,MATCH(B49,Historical!$B$7:$B$1278,0))=0,"n/a",(INDEX(Historical!$C$7:$C$1256,MATCH(B49,Historical!$B$7:$B$1278,0))/INDEX(Historical!$D$7:$D$1254,MATCH(B49,Historical!$B$7:$B$1278,0))-1)*100) -> 1.285347 | T49: =IF(INDEX(Historical!$F$7:$F$1247,MATCH(B49,Historical!$B$7:$B$1278,0))=0,"n/a",((INDEX(Historical!$C$7:$C$1256,MATCH(B49,Historical!$B$7:$B$1278,0))/INDEX(Historical!$F$7:$F$1247,MATCH(B49,Historical!$B$7:$B$1278,0)))^(1/3)-1)*100) -> 1.1246618 | U49: =IF(INDEX(Historical!$H$7:$H$1247,MATCH(B49,Historical!$B$7:$B$1278,0))=0,"n/a",((INDEX(Historical!$C$7:$C$1256,MATCH(B49,Historical!$B$7:$B$1278,0))/INDEX(Historical!$H$7:$H$1247,MATCH(B49,Historical!$B$7:$B$1278,0)))^(1/5)-1)*100) -> 2.2799982 | V49: =IF(INDEX(Historical!$O$7:$O$1247,MATCH(B49,Historical!$B$7:$B$1278,0))=0,"n/a",((INDEX(Historical!$C$7:$C$1256,MATCH(B49,Historical!$B$7:$B$1278,0))/INDEX(Historical!$O$7:$O$1247,MATCH(B49,Historical!$B$7:$B$1278,0)))^(1/10)-1)*100) -> 4.0459152 | W49: =IF(OR(U49<=0,U49="n/a",V49<=0,V49="n/a"),"n/a",U49/V49) -> 0.56353088 | X49: =IF(OR(AJ49<=0,AJ49="n/a",U49<=0,U49="n/a"),"n/a",U49/AJ49) -> 0.65142805 | Z49: =IF(OR(AC49<0.01,AC49="n/a"),"n/a",M49/AC49*100) -> 62.5 | AA49: =IF(OR(AC49<0.01,AC49="n/a"),"n/a",I49/AC49) -> 20.246875 | AB49: 9 | AC49: 3.2 | AD49: 18.89 | AE49: 2.24 | AF49: 4.94 | AG49: 24.5 | AH49: 17.2 | AI49: 3.7 | AJ49: 3.5 | AK49: 1.07 | AL49: 38570 | AM49: 0.4 | AN49: 0.92 | AO49: =IF(U49="n/a","n/a",IF(AA49<0,"n/a",IF(AA49="n/a","n/a",J49+U49-AA49))) -> -14.879981 | AP49: =IF(U49="n/a","n/a",J49+U49) -> 5.3668943 | AQ49: =IF(OR(AC49<0.01,AF49="n/a"),"n/a",(I49/SQRT(22.5*AC49*(I49/AF49))-1)*100) -> 110.83913 | AR49: =INDEX(Historical!$C$7:$C$1256,MATCH(B49,Historical!$B$7:$B$1278,0))*IF(AH49="n/a",1.03,IF(AH49<0,1.01,IF(AH49>10,1.1,(1+AH49/100)))) -> 2.167 | AS49: =IF($AI49="n/a",1.03*AR49,IF($AI49<0,1.01*AR49,IF($AI49>10,1.1*AR49,(1+$AI49/100)*AR49))) -> 2.247179 | AT49: =IF($AK49="n/a",1.03*AS49,IF($AK49<0,1.01*AS49,IF($AK49>10,1.1*AS49,(1+$AK49/100)*AS49))) -> 2.2712238 | AU49: =IF($AK49="n/a",1.03*AT49,IF($AK49<0,1.01*AT49,IF($AK49>10,1.1*AT49,(1+$AK49/100)*AT49))) -> 2.2955259 | AV49: =IF($AK49="n/a",1.03*AU49,IF($AK49<0,1.01*AU49,IF($AK49>10,1.1*AU49,(1+$AK49/100)*AU49))) -> 2.320088 | AW49: =SUM(AR49:AV49) -> 11.301017 | AX49: =AW49/I49*100 -> 17.442532 | AY49: 1.54 | AZ49: 71.63 | BA49: -17.34 | BB49: -4.75 | BC49: 3.34 | BE49: 1958 | BF49: =IF(BE49>2008,0,IF(BE49>2001,1,IF(BE49>1990,2,IF(BE49>1980,3,IF(BE49>1973,4,IF(BE49>1970,5,IF(BE49>1960,6,IF(BE49>1958,7,IF(BE49>1953,8,9))))))))) -> 8 | BG49: 9.2
A50: Erie Indemnity Company | B50: ERIE | C50: Financials | D50: Insurance | E50: 30 | F50: 91 | G50: - | H50: - | I50: 232.87 | J50: =(M50/I50)*100 -> 1.6575772 | K50: 0.965 | L50: 4 | M50: =K50*L50 -> 3.86 | N50: A23 | O50: 0.9 | P50: 43835 | Q50: 43851 | R50: =(K50-O50)/O50*100 -> 7.2222222 | S50: =IF(INDEX(Historical!$D$7:$D$1254,MATCH(B50,Historical!$B$7:$B$1278,0))=0,"n/a",(INDEX(Historical!$C$7:$C$1256,MATCH(B50,Historical!$B$7:$B$1278,0))/INDEX(Historical!$D$7:$D$1254,MATCH(B50,Historical!$B$7:$B$1278,0))-1)*100) -> 7.1428571 | T50: =IF(INDEX(Historical!$F$7:$F$1247,MATCH(B50,Historical!$B$7:$B$1278,0))=0,"n/a",((INDEX(Historical!$C$7:$C$1256,MATCH(B50,Historical!$B$7:$B$1278,0))/INDEX(Historical!$F$7:$F$1247,MATCH(B50,Historical!$B$7:$B$1278,0)))^(1/3)-1)*100) -> 7.2275912 | U50: =IF(INDEX(Historical!$H$7:$H$1247,MATCH(B50,Historical!$B$7:$B$1278,0))=0,"n/a",((INDEX(Historical!$C$7:$C$1256,MATCH(B50,Historical!$B$7:$B$1278,0))/INDEX(Historical!$H$7:$H$1247,MATCH(B50,Historical!$B$7:$B$1278,0)))^(1/5)-1)*100) -> 7.2244326 | V50: =IF(INDEX(Historical!$O$7:$O$1247,MATCH(B50,Historical!$B$7:$B$1278,0))=0,"n/a",((INDEX(Historical!$C$7:$C$1256,MATCH(B50,Historical!$B$7:$B$1278,0))/INDEX(Historical!$O$7:$O$1247,MATCH(B50,Historical!$B$7:$B$1278,0)))^(1/10)-1)*100) -> 7.1773463 | W50: =IF(OR(U50<=0,U50="n/a",V50<=0,V50="n/a"),"n/a",U50/V50) -> 1.0065604 | X50: =IF(OR(AJ50<=0,AJ50="n/a",U50<=0,U50="n/a"),"n/a",U50/AJ50) -> 0.52733085 | Z50: =IF(OR(AC50<0.01,AC50="n/a"),"n/a",M50/AC50*100) -> 76.435644 | AA50: =IF(OR(AC50<0.01,AC50="n/a"),"n/a",I50/AC50) -> 46.112871 | AB50: 12 | AC50: 5.05 | AD50: 4.61 | AE50: 4.28 | AF50: 10.2 | AG50: 25.9 | AH50: 9.9 | AI50: 9.49 | AJ50: 13.7 | AK50: 10 | AL50: 10730 | AM50: 0.8 | AN50: 0.08 | AO50: =IF(U50="n/a","n/a",IF(AA50<0,"n/a",IF(AA50="n/a","n/a",J50+U50-AA50))) -> -37.230861 | AP50: =IF(U50="n/a","n/a",J50+U50) -> 8.8820098 | AQ50: =IF(OR(AC50<0.01,AF50="n/a"),"n/a",(I50/SQRT(22.5*AC50*(I50/AF50))-1)*100) -> 357.21441 | AR50: =INDEX(Historical!$C$7:$C$1256,MATCH(B50,Historical!$B$7:$B$1278,0))*IF(AH50="n/a",1.03,IF(AH50<0,1.01,IF(AH50>10,1.1,(1+AH50/100)))) -> 3.9564 | AS50: =IF($AI50="n/a",1.03*AR50,IF($AI50<0,1.01*AR50,IF($AI50>10,1.1*AR50,(1+$AI50/100)*AR50))) -> 4.3318624 | AT50: =IF($AK50="n/a",1.03*AS50,IF($AK50<0,1.01*AS50,IF($AK50>10,1.1*AS50,(1+$AK50/100)*AS50))) -> 4.7650486 | AU50: =IF($AK50="n/a",1.03*AT50,IF($AK50<0,1.01*AT50,IF($AK50>10,1.1*AT50,(1+$AK50/100)*AT50))) -> 5.2415535 | AV50: =IF($AK50="n/a",1.03*AU50,IF($AK50<0,1.01*AU50,IF($AK50>10,1.1*AU50,(1+$AK50/100)*AU50))) -> 5.7657088 | AW50: =SUM(AR50:AV50) -> 24.060573 | AX50: =AW50/I50*100 -> 10.332191 | AY50: 0.53 | AZ50: 78.86 | BA50: -4.01 | BB50: 6.49 | BC50: 23.89 | BE50: 1991 | BF50: =IF(BE50>2008,0,IF(BE50>2001,1,IF(BE50>1990,2,IF(BE50>1980,3,IF(BE50>1973,4,IF(BE50>1970,5,IF(BE50>1960,6,IF(BE50>1958,7,IF(BE50>1953,8,9))))))))) -> 2 | BG50: 14.7
A51: Essex Property Trust | B51: ESS | C51: Real Estate | D51: Equity Real Estate Investment Trusts (REITs) | E51: 26 | F51: 127 | G51: N | H51: Y | I51: 204.59 | J51: =(M51/I51)*100 -> 4.0617821 | K51: 2.0775 | L51: 4 | M51: =K51*L51 -> 8.31 | N51: A16 | O51: 1.95 | P51: 43920 | Q51: 43936 | R51: =(K51-O51)/O51*100 -> 6.5384615 | S51: =IF(INDEX(Historical!$D$7:$D$1254,MATCH(B51,Historical!$B$7:$B$1278,0))=0,"n/a",(INDEX(Historical!$C$7:$C$1256,MATCH(B51,Historical!$B$7:$B$1278,0))/INDEX(Historical!$D$7:$D$1254,MATCH(B51,Historical!$B$7:$B$1278,0))-1)*100) -> 5.1841746 | T51: =IF(INDEX(Historical!$F$7:$F$1247,MATCH(B51,Historical!$B$7:$B$1278,0))=0,"n/a",((INDEX(Historical!$C$7:$C$1256,MATCH(B51,Historical!$B$7:$B$1278,0))/INDEX(Historical!$F$7:$F$1247,MATCH(B51,Historical!$B$7:$B$1278,0)))^(1/3)-1)*100) -> 7.3058163 | U51: =IF(INDEX(Historical!$H$7:$H$1247,MATCH(B51,Historical!$B$7:$B$1278,0))=0,"n/a",((INDEX(Historical!$C$7:$C$1256,MATCH(B51,Historical!$B$7:$B$1278,0))/INDEX(Historical!$H$7:$H$1247,MATCH(B51,Historical!$B$7:$B$1278,0)))^(1/5)-1)*100) -> 8.9607621 | V51: =IF(INDEX(Historical!$O$7:$O$1247,MATCH(B51,Historical!$B$7:$B$1278,0))=0,"n/a",((INDEX(Historical!$C$7:$C$1256,MATCH(B51,Historical!$B$7:$B$1278,0))/INDEX(Historical!$O$7:$O$1247,MATCH(B51,Historical!$B$7:$B$1278,0)))^(1/10)-1)*100) -> 6.4930476 | W51: =IF(OR(U51<=0,U51="n/a",V51<=0,V51="n/a"),"n/a",U51/V51) -> 1.3800549 | X51: =IF(OR(AJ51<=0,AJ51="n/a",U51<=0,U51="n/a"),"n/a",U51/AJ51) -> 0.33942281 | Z51: =IF(OR(AC51<0.01,AC51="n/a"),"n/a",M51/AC51*100) -> 87.473684 | AA51: =IF(OR(AC51<0.01,AC51="n/a"),"n/a",I51/AC51) -> 21.535789 | AB51: 12 | AC51: 9.5 | AD51: 2.73 | AE51: 8.83 | AF51: 2.17 | AG51: 10.1 | AH51: 12.8 | AI51: -49.46 | AJ51: 26.4 | AK51: 7.9 | AL51: 13290 | AM51: 2.11 | AN51: 1.02 | AO51: =IF(U51="n/a","n/a",IF(AA51<0,"n/a",IF(AA51="n/a","n/a",J51+U51-AA51))) -> -8.5132453 | AP51: =IF(U51="n/a","n/a",J51+U51) -> 13.022544 | AQ51: =IF(OR(AC51<0.01,AF51="n/a"),"n/a",(I51/SQRT(22.5*AC51*(I51/AF51))-1)*100) -> 44.118259 | AR51: =INDEX(Historical!$C$7:$C$1256,MATCH(B51,Historical!$B$7:$B$1278,0))*IF(AH51="n/a",1.03,IF(AH51<0,1.01,IF(AH51>10,1.1,(1+AH51/100)))) -> 8.481 | AS51: =IF($AI51="n/a",1.03*AR51,IF($AI51<0,1.01*AR51,IF($AI51>10,1.1*AR51,(1+$AI51/100)*AR51))) -> 8.56581 | AT51: =IF($AK51="n/a",1.03*AS51,IF($AK51<0,1.01*AS51,IF($AK51>10,1.1*AS51,(1+$AK51/100)*AS51))) -> 9.242509 | AU51: =IF($AK51="n/a",1.03*AT51,IF($AK51<0,1.01*AT51,IF($AK51>10,1.1*AT51,(1+$AK51/100)*AT51))) -> 9.9726672 | AV51: =IF($AK51="n/a",1.03*AU51,IF($AK51<0,1.01*AU51,IF($AK51>10,1.1*AU51,(1+$AK51/100)*AU51))) -> 10.760508 | AW51: =SUM(AR51:AV51) -> 47.022494 | AX51: =AW51/I51*100 -> 22.98377 | AY51: 0.7 | AZ51: 16.37 | BA51: -38.1 | BB51: -2.52 | BC51: -15.04 | BE51: 1995 | BF51: =IF(BE51>2008,0,IF(BE51>2001,1,IF(BE51>1990,2,IF(BE51>1980,3,IF(BE51>1973,4,IF(BE51>1970,5,IF(BE51>1960,6,IF(BE51>1958,7,IF(BE51>1953,8,9))))))))) -> 2 | BG51: 4.8
A52: Eaton Vance Corp. | B52: EV | C52: Financials | D52: Capital Markets | E52: 39 | F52: 66 | G52: - | H52: - | I52: 59.79 | J52: =(M52/I52)*100 -> 2.5087807 | K52: 0.375 | L52: 4 | M52: =K52*L52 -> 1.5 | N52: B15 | O52: 0.35 | P52: 43768 | Q52: 43784 | R52: =(K52-O52)/O52*100 -> 7.1428571 | S52: =IF(INDEX(Historical!$D$7:$D$1254,MATCH(B52,Historical!$B$7:$B$1278,0))=0,"n/a",(INDEX(Historical!$C$7:$C$1256,MATCH(B52,Historical!$B$7:$B$1278,0))/INDEX(Historical!$D$7:$D$1254,MATCH(B52,Historical!$B$7:$B$1278,0))-1)*100) -> 11.328125 | T52: =IF(INDEX(Historical!$F$7:$F$1247,MATCH(B52,Historical!$B$7:$B$1278,0))=0,"n/a",((INDEX(Historical!$C$7:$C$1256,MATCH(B52,Historical!$B$7:$B$1278,0))/INDEX(Historical!$F$7:$F$1247,MATCH(B52,Historical!$B$7:$B$1278,0)))^(1/3)-1)*100) -> 9.8505241 | U52: =IF(INDEX(Historical!$H$7:$H$1247,MATCH(B52,Historical!$B$7:$B$1278,0))=0,"n/a",((INDEX(Historical!$C$7:$C$1256,MATCH(B52,Historical!$B$7:$B$1278,0))/INDEX(Historical!$H$7:$H$1247,MATCH(B52,Historical!$B$7:$B$1278,0)))^(1/5)-1)*100) -> 9.3842251 | V52: =IF(INDEX(Historical!$O$7:$O$1247,MATCH(B52,Historical!$B$7:$B$1278,0))=0,"n/a",((INDEX(Historical!$C$7:$C$1256,MATCH(B52,Historical!$B$7:$B$1278,0))/INDEX(Historical!$O$7:$O$1247,MATCH(B52,Historical!$B$7:$B$1278,0)))^(1/10)-1)*100) -> 8.590913 | W52: =IF(OR(U52<=0,U52="n/a",V52<=0,V52="n/a"),"n/a",U52/V52) -> 1.0923432 | X52: =IF(OR(AJ52<=0,AJ52="n/a",U52<=0,U52="n/a"),"n/a",U52/AJ52) -> 1.25123 | Z52: =IF(OR(AC52<0.01,AC52="n/a"),"n/a",M52/AC52*100) -> 60 | AA52: =IF(OR(AC52<0.01,AC52="n/a"),"n/a",I52/AC52) -> 23.916 | AB52: 10 | AC52: 2.5 | AD52: 5.6 | AE52: 4 | AF52: 5.12 | AG52: 22.8 | AH52: 5.8 | AI52: 5.53 | AJ52: 7.5 | AK52: 4.28 | AL52: 6840 | AM52: 3.6 | AN52: 0 | AO52: =IF(U52="n/a","n/a",IF(AA52<0,"n/a",IF(AA52="n/a","n/a",J52+U52-AA52))) -> -12.022994 | AP52: =IF(U52="n/a","n/a",J52+U52) -> 11.893006 | AQ52: =IF(OR(AC52<0.01,AF52="n/a"),"n/a",(I52/SQRT(22.5*AC52*(I52/AF52))-1)*100) -> 133.28563 | AR52: =INDEX(Historical!$C$7:$C$1256,MATCH(B52,Historical!$B$7:$B$1278,0))*IF(AH52="n/a",1.03,IF(AH52<0,1.01,IF(AH52>10,1.1,(1+AH52/100)))) -> 1.50765 | AS52: =IF($AI52="n/a",1.03*AR52,IF($AI52<0,1.01*AR52,IF($AI52>10,1.1*AR52,(1+$AI52/100)*AR52))) -> 1.591023 | AT52: =IF($AK52="n/a",1.03*AS52,IF($AK52<0,1.01*AS52,IF($AK52>10,1.1*AS52,(1+$AK52/100)*AS52))) -> 1.6591188 | AU52: =IF($AK52="n/a",1.03*AT52,IF($AK52<0,1.01*AT52,IF($AK52>10,1.1*AT52,(1+$AK52/100)*AT52))) -> 1.7301291 | AV52: =IF($AK52="n/a",1.03*AU52,IF($AK52<0,1.01*AU52,IF($AK52>10,1.1*AU52,(1+$AK52/100)*AU52))) -> 1.8041786 | AW52: =SUM(AR52:AV52) -> 8.2920996 | AX52: =AW52/I52*100 -> 13.868707 | AY52: 1.56 | AZ52: 153.45 | BA52: -4.26 | BB52: 29.73 | BC52: 48.04 | BE52: 1982 | BF52: =IF(BE52>2008,0,IF(BE52>2001,1,IF(BE52>1990,2,IF(BE52>1980,3,IF(BE52>1973,4,IF(BE52>1970,5,IF(BE52>1960,6,IF(BE52>1958,7,IF(BE52>1953,8,9))))))))) -> 3 | BG52: 6.9
A53: Expeditors International | B53: EXPD | C53: Industrials | D53: Air Freight & Logistics | E53: 26 | F53: 128 | G53: - | H53: - | I53: 88.37 | J53: =(M53/I53)*100 -> 1.17687 | K53: 0.52 | L53: 2 | M53: =K53*L53 -> 1.04 | N53: JnDe | O53: 0.5 | P53: 43980 | Q53: 43997 | R53: =(K53-O53)/O53*100 -> 4 | S53: =IF(INDEX(Historical!$D$7:$D$1254,MATCH(B53,Historical!$B$7:$B$1278,0))=0,"n/a",(INDEX(Historical!$C$7:$C$1256,MATCH(B53,Historical!$B$7:$B$1278,0))/INDEX(Historical!$D$7:$D$1254,MATCH(B53,Historical!$B$7:$B$1278,0))-1)*100) -> 11.111111 | T53: =IF(INDEX(Historical!$F$7:$F$1247,MATCH(B53,Historical!$B$7:$B$1278,0))=0,"n/a",((INDEX(Historical!$C$7:$C$1256,MATCH(B53,Historical!$B$7:$B$1278,0))/INDEX(Historical!$F$7:$F$1247,MATCH(B53,Historical!$B$7:$B$1278,0)))^(1/3)-1)*100) -> 7.7217345 | U53: =IF(INDEX(Historical!$H$7:$H$1247,MATCH(B53,Historical!$B$7:$B$1278,0))=0,"n/a",((INDEX(Historical!$C$7:$C$1256,MATCH(B53,Historical!$B$7:$B$1278,0))/INDEX(Historical!$H$7:$H$1247,MATCH(B53,Historical!$B$7:$B$1278,0)))^(1/5)-1)*100) -> 9.3362074 | V53: =IF(INDEX(Historical!$O$7:$O$1247,MATCH(B53,Historical!$B$7:$B$1278,0))=0,"n/a",((INDEX(Historical!$C$7:$C$1256,MATCH(B53,Historical!$B$7:$B$1278,0))/INDEX(Historical!$O$7:$O$1247,MATCH(B53,Historical!$B$7:$B$1278,0)))^(1/10)-1)*100) -> 10.15942 | W53: =IF(OR(U53<=0,U53="n/a",V53<=0,V53="n/a"),"n/a",U53/V53) -> 0.91897052 | X53: =IF(OR(AJ53<=0,AJ53="n/a",U53<=0,U53="n/a"),"n/a",U53/AJ53) -> 0.77158739 | Z53: =IF(OR(AC53<0.01,AC53="n/a"),"n/a",M53/AC53*100) -> 29.545455 | AA53: =IF(OR(AC53<0.01,AC53="n/a"),"n/a",I53/AC53) -> 25.105114 | AB53: 12 | AC53: 3.52 | AD53: 3.81 | AE53: 1.71 | AF53: 6.82 | AG53: 28.1 | AH53: -5.4 | AI53: 3.13 | AJ53: 12.1 | AK53: 6.59 | AL53: 14670 | AM53: 0.2 | AN53: 0 | AO53: =IF(U53="n/a","n/a",IF(AA53<0,"n/a",IF(AA53="n/a","n/a",J53+U53-AA53))) -> -14.592036 | AP53: =IF(U53="n/a","n/a",J53+U53) -> 10.513077 | AQ53: =IF(OR(AC53<0.01,AF53="n/a"),"n/a",(I53/SQRT(22.5*AC53*(I53/AF53))-1)*100) -> 175.85574 | AR53: =INDEX(Historical!$C$7:$C$1256,MATCH(B53,Historical!$B$7:$B$1278,0))*IF(AH53="n/a",1.03,IF(AH53<0,1.01,IF(AH53>10,1.1,(1+AH53/100)))) -> 1.01 | AS53: =IF($AI53="n/a",1.03*AR53,IF($AI53<0,1.01*AR53,IF($AI53>10,1.1*AR53,(1+$AI53/100)*AR53))) -> 1.041613 | AT53: =IF($AK53="n/a",1.03*AS53,IF($AK53<0,1.01*AS53,IF($AK53>10,1.1*AS53,(1+$AK53/100)*AS53))) -> 1.1102553 | AU53: =IF($AK53="n/a",1.03*AT53,IF($AK53<0,1.01*AT53,IF($AK53>10,1.1*AT53,(1+$AK53/100)*AT53))) -> 1.1834211 | AV53: =IF($AK53="n/a",1.03*AU53,IF($AK53<0,1.01*AU53,IF($AK53>10,1.1*AU53,(1+$AK53/100)*AU53))) -> 1.2614086 | AW53: =SUM(AR53:AV53) -> 5.606698 | AX53: =AW53/I53*100 -> 6.3445717 | AY53: 0.82 | AZ53: 68.16 | BA53: -7.34 | BB53: -2.44 | BC53: 13.02 | BE53: 1995 | BF53: =IF(BE53>2008,0,IF(BE53>2001,1,IF(BE53>1990,2,IF(BE53>1980,3,IF(BE53>1973,4,IF(BE53>1970,5,IF(BE53>1960,6,IF(BE53>1958,7,IF(BE53>1953,8,9))))))))) -> 2 | BG53: 16.4
A54: Franklin Electric Co. | B54: FELE | C54: Industrials | D54: Machinery | E54: 28 | F54: 101 | G54: - | H54: - | I54: 59.73 | J54: =(M54/I54)*100 -> 1.0380044 | K54: 0.155 | L54: 4 | M54: =K54*L54 -> 0.62 | N54: B17 | O54: 0.145 | P54: 43866 | Q54: 43881 | R54: =(K54-O54)/O54*100 -> 6.8965517 | S54: =IF(INDEX(Historical!$D$7:$D$1254,MATCH(B54,Historical!$B$7:$B$1278,0))=0,"n/a",(INDEX(Historical!$C$7:$C$1256,MATCH(B54,Historical!$B$7:$B$1278,0))/INDEX(Historical!$D$7:$D$1254,MATCH(B54,Historical!$B$7:$B$1278,0))-1)*100) -> 24.064171 | T54: =IF(INDEX(Historical!$F$7:$F$1247,MATCH(B54,Historical!$B$7:$B$1278,0))=0,"n/a",((INDEX(Historical!$C$7:$C$1256,MATCH(B54,Historical!$B$7:$B$1278,0))/INDEX(Historical!$F$7:$F$1247,MATCH(B54,Historical!$B$7:$B$1278,0)))^(1/3)-1)*100) -> 13.421909 | U54: =IF(INDEX(Historical!$H$7:$H$1247,MATCH(B54,Historical!$B$7:$B$1278,0))=0,"n/a",((INDEX(Historical!$C$7:$C$1256,MATCH(B54,Historical!$B$7:$B$1278,0))/INDEX(Historical!$H$7:$H$1247,MATCH(B54,Historical!$B$7:$B$1278,0)))^(1/5)-1)*100) -> 10.788488 | V54: =IF(INDEX(Historical!$O$7:$O$1247,MATCH(B54,Historical!$B$7:$B$1278,0))=0,"n/a",((INDEX(Historical!$C$7:$C$1256,MATCH(B54,Historical!$B$7:$B$1278,0))/INDEX(Historical!$O$7:$O$1247,MATCH(B54,Historical!$B$7:$B$1278,0)))^(1/10)-1)*100) -> 8.7799359 | W54: =IF(OR(U54<=0,U54="n/a",V54<=0,V54="n/a"),"n/a",U54/V54) -> 1.2287662 | X54: =IF(OR(AJ54<=0,AJ54="n/a",U54<=0,U54="n/a"),"n/a",U54/AJ54) -> 1.4579038 | Z54: =IF(OR(AC54<0.01,AC54="n/a"),"n/a",M54/AC54*100) -> 32.804233 | AA54: =IF(OR(AC54<0.01,AC54="n/a"),"n/a",I54/AC54) -> 31.603175 | AB54: 12 | AC54: 1.89 | AD54: 2.36 | AE54: 2.2 | AF54: 3.57 | AG54: 11.4 | AH54: -9.6 | AI54: 18.28 | AJ54: 7.4 | AK54: 13.4 | AL54: 2730 | AM54: 1.4 | AN54: 0.12 | AO54: =IF(U54="n/a","n/a",IF(AA54<0,"n/a",IF(AA54="n/a","n/a",J54+U54-AA54))) -> -19.776682 | AP54: =IF(U54="n/a","n/a",J54+U54) -> 11.826493 | AQ54: =IF(OR(AC54<0.01,AF54="n/a"),"n/a",(I54/SQRT(22.5*AC54*(I54/AF54))-1)*100) -> 123.9279 | AR54: =INDEX(Historical!$C$7:$C$1256,MATCH(B54,Historical!$B$7:$B$1278,0))*IF(AH54="n/a",1.03,IF(AH54<0,1.01,IF(AH54>10,1.1,(1+AH54/100)))) -> 0.5858 | AS54: =IF($AI54="n/a",1.03*AR54,IF($AI54<0,1.01*AR54,IF($AI54>10,1.1*AR54,(1+$AI54/100)*AR54))) -> 0.64438 | AT54: =IF($AK54="n/a",1.03*AS54,IF($AK54<0,1.01*AS54,IF($AK54>10,1.1*AS54,(1+$AK54/100)*AS54))) -> 0.708818 | AU54: =IF($AK54="n/a",1.03*AT54,IF($AK54<0,1.01*AT54,IF($AK54>10,1.1*AT54,(1+$AK54/100)*AT54))) -> 0.7796998 | AV54: =IF($AK54="n/a",1.03*AU54,IF($AK54<0,1.01*AU54,IF($AK54>10,1.1*AU54,(1+$AK54/100)*AU54))) -> 0.85766978 | AW54: =SUM(AR54:AV54) -> 3.5763676 | AX54: =AW54/I54*100 -> 5.9875566 | AY54: 1.03 | AZ54: 44.8 | BA54: -8.33 | BB54: -0.96 | BC54: 9.6 | BE54: 1993 | BF54: =IF(BE54>2008,0,IF(BE54>2001,1,IF(BE54>1990,2,IF(BE54>1980,3,IF(BE54>1973,4,IF(BE54>1970,5,IF(BE54>1960,6,IF(BE54>1958,7,IF(BE54>1953,8,9))))))))) -> 2 | BG54: 7.5
A55: First of Long Island Corp. | B55: FLIC | C55: Financials | D55: Banks | E55: 25 | F55: 138 | G55: N | H55: N | I55: 15.43 | J55: =(M55/I55)*100 -> 4.9254699 | K55: 0.19 | L55: 4 | M55: =K55*L55 -> 0.76 | N55: A20 | O55: 0.18 | P55: 44113 | Q55: 44126 | R55: =(K55-O55)/O55*100 -> 5.5555556 | S55: =IF(INDEX(Historical!$D$7:$D$1254,MATCH(B55,Historical!$B$7:$B$1278,0))=0,"n/a",(INDEX(Historical!$C$7:$C$1256,MATCH(B55,Historical!$B$7:$B$1278,0))/INDEX(Historical!$D$7:$D$1254,MATCH(B55,Historical!$B$7:$B$1278,0))-1)*100) -> 11.290323 | T55: =IF(INDEX(Historical!$F$7:$F$1247,MATCH(B55,Historical!$B$7:$B$1278,0))=0,"n/a",((INDEX(Historical!$C$7:$C$1256,MATCH(B55,Historical!$B$7:$B$1278,0))/INDEX(Historical!$F$7:$F$1247,MATCH(B55,Historical!$B$7:$B$1278,0)))^(1/3)-1)*100) -> 8.5138345 | U55: =IF(INDEX(Historical!$H$7:$H$1247,MATCH(B55,Historical!$B$7:$B$1278,0))=0,"n/a",((INDEX(Historical!$C$7:$C$1256,MATCH(B55,Historical!$B$7:$B$1278,0))/INDEX(Historical!$H$7:$H$1247,MATCH(B55,Historical!$B$7:$B$1278,0)))^(1/5)-1)*100) -> 7.9309422 | V55: =IF(INDEX(Historical!$O$7:$O$1247,MATCH(B55,Historical!$B$7:$B$1278,0))=0,"n/a",((INDEX(Historical!$C$7:$C$1256,MATCH(B55,Historical!$B$7:$B$1278,0))/INDEX(Historical!$O$7:$O$1247,MATCH(B55,Historical!$B$7:$B$1278,0)))^(1/10)-1)*100) -> 7.6911436 | W55: =IF(OR(U55<=0,U55="n/a",V55<=0,V55="n/a"),"n/a",U55/V55) -> 1.0311785 | X55: =IF(OR(AJ55<=0,AJ55="n/a",U55<=0,U55="n/a"),"n/a",U55/AJ55) -> 0.91160255 | Z55: =IF(OR(AC55<0.01,AC55="n/a"),"n/a",M55/AC55*100) -> 46.060606 | AA55: =IF(OR(AC55<0.01,AC55="n/a"),"n/a",I55/AC55) -> 9.3515152 | AB55: 12 | AC55: 1.65 | AD55: 1.34 | AE55: 2.61 | AF55: 0.94 | AG55: 10.3 | AH55: 2.7 | AI55: -3.88 | AJ55: 8.7 | AK55: 7 | AL55: 364.15 | AM55: 1.4 | AN55: 1.13 | AO55: =IF(U55="n/a","n/a",IF(AA55<0,"n/a",IF(AA55="n/a","n/a",J55+U55-AA55))) -> 3.5048969 | AP55: =IF(U55="n/a","n/a",J55+U55) -> 12.856412 | AQ55: =IF(OR(AC55<0.01,AF55="n/a"),"n/a",(I55/SQRT(22.5*AC55*(I55/AF55))-1)*100) -> -37.495158 | AR55: =INDEX(Historical!$C$7:$C$1256,MATCH(B55,Historical!$B$7:$B$1278,0))*IF(AH55="n/a",1.03,IF(AH55<0,1.01,IF(AH55>10,1.1,(1+AH55/100)))) -> 0.70863 | AS55: =IF($AI55="n/a",1.03*AR55,IF($AI55<0,1.01*AR55,IF($AI55>10,1.1*AR55,(1+$AI55/100)*AR55))) -> 0.7157163 | AT55: =IF($AK55="n/a",1.03*AS55,IF($AK55<0,1.01*AS55,IF($AK55>10,1.1*AS55,(1+$AK55/100)*AS55))) -> 0.76581644 | AU55: =IF($AK55="n/a",1.03*AT55,IF($AK55<0,1.01*AT55,IF($AK55>10,1.1*AT55,(1+$AK55/100)*AT55))) -> 0.81942359 | AV55: =IF($AK55="n/a",1.03*AU55,IF($AK55<0,1.01*AU55,IF($AK55>10,1.1*AU55,(1+$AK55/100)*AU55))) -> 0.87678324 | AW55: =SUM(AR55:AV55) -> 3.8863696 | AX55: =AW55/I55*100 -> 25.1871 | AY55: 0.52 | AZ55: 26.94 | BA55: -39.56 | BB55: -0.56 | BC55: -7.29 | BE55: 1997 | BF55: =IF(BE55>2008,0,IF(BE55>2001,1,IF(BE55>1990,2,IF(BE55>1980,3,IF(BE55>1973,4,IF(BE55>1970,5,IF(BE55>1960,6,IF(BE55>1958,7,IF(BE55>1953,8,9))))))))) -> 2 | BG55: 1
A56: Farmers & Merchants Bancorp | B56: FMCB | C56: Financials | D56: Banks | E56: 57 | F56: 15 | G56: - | H56: - | I56: 705 | J56: =(M56/I56)*100 -> 2.0567376 | K56: 7.25 | L56: 2 | M56: =K56*L56 -> 14.5 | N56: JaJl | O56: 7.15 | P56: 43993 | Q56: 44013 | R56: =(K56-O56)/O56*100 -> 1.3986014 | S56: =IF(INDEX(Historical!$D$7:$D$1254,MATCH(B56,Historical!$B$7:$B$1278,0))=0,"n/a",(INDEX(Historical!$C$7:$C$1256,MATCH(B56,Historical!$B$7:$B$1278,0))/INDEX(Historical!$D$7:$D$1254,MATCH(B56,Historical!$B$7:$B$1278,0))-1)*100) -> 2.1582734 | T56: =IF(INDEX(Historical!$F$7:$F$1247,MATCH(B56,Historical!$B$7:$B$1278,0))=0,"n/a",((INDEX(Historical!$C$7:$C$1256,MATCH(B56,Historical!$B$7:$B$1278,0))/INDEX(Historical!$F$7:$F$1247,MATCH(B56,Historical!$B$7:$B$1278,0)))^(1/3)-1)*100) -> 2.8551269 | U56: =IF(INDEX(Historical!$H$7:$H$1247,MATCH(B56,Historical!$B$7:$B$1278,0))=0,"n/a",((INDEX(Historical!$C$7:$C$1256,MATCH(B56,Historical!$B$7:$B$1278,0))/INDEX(Historical!$H$7:$H$1247,MATCH(B56,Historical!$B$7:$B$1278,0)))^(1/5)-1)*100) -> 2.4197143 | V56: =IF(INDEX(Historical!$O$7:$O$1247,MATCH(B56,Historical!$B$7:$B$1278,0))=0,"n/a",((INDEX(Historical!$C$7:$C$1256,MATCH(B56,Historical!$B$7:$B$1278,0))/INDEX(Historical!$O$7:$O$1247,MATCH(B56,Historical!$B$7:$B$1278,0)))^(1/10)-1)*100) -> 2.6800768 | W56: =IF(OR(U56<=0,U56="n/a",V56<=0,V56="n/a"),"n/a",U56/V56) -> 0.9028526 | X56: =IF(OR(AJ56<=0,AJ56="n/a",U56<=0,U56="n/a"),"n/a",U56/AJ56) -> n/a | Z56: =IF(OR(AC56<0.01,AC56="n/a"),"n/a",M56/AC56*100) -> n/a | AA56: =IF(OR(AC56<0.01,AC56="n/a"),"n/a",I56/AC56) -> n/a | AB56: 12 | AC56: n/a | AD56: n/a | AE56: n/a | AF56: n/a | AG56: n/a | AH56: n/a | AI56: n/a | AJ56: n/a | AK56: n/a | AL56: n/a | AM56: n/a | AN56: n/a | AO56: =IF(U56="n/a","n/a",IF(AA56<0,"n/a",IF(AA56="n/a","n/a",J56+U56-AA56))) -> n/a | AP56: =IF(U56="n/a","n/a",J56+U56) -> 4.4764518 | AQ56: =IF(OR(AC56<0.01,AF56="n/a"),"n/a",(I56/SQRT(22.5*AC56*(I56/AF56))-1)*100) -> n/a | AR56: =INDEX(Historical!$C$7:$C$1256,MATCH(B56,Historical!$B$7:$B$1278,0))*IF(AH56="n/a",1.03,IF(AH56<0,1.01,IF(AH56>10,1.1,(1+AH56/100)))) -> 14.626 | AS56: =IF($AI56="n/a",1.03*AR56,IF($AI56<0,1.01*AR56,IF($AI56>10,1.1*AR56,(1+$AI56/100)*AR56))) -> 15.06478 | AT56: =IF($AK56="n/a",1.03*AS56,IF($AK56<0,1.01*AS56,IF($AK56>10,1.1*AS56,(1+$AK56/100)*AS56))) -> 15.516723 | AU56: =IF($AK56="n/a",1.03*AT56,IF($AK56<0,1.01*AT56,IF($AK56>10,1.1*AT56,(1+$AK56/100)*AT56))) -> 15.982225 | AV56: =IF($AK56="n/a",1.03*AU56,IF($AK56<0,1.01*AU56,IF($AK56>10,1.1*AU56,(1+$AK56/100)*AU56))) -> 16.461692 | AW56: =SUM(AR56:AV56) -> 77.65142 | AX56: =AW56/I56*100 -> 11.014386 | AY56: n/a | AZ56: n/a | BA56: n/a | BB56: n/a | BC56: n/a | BD56: OTC | BE56: 1964 | BF56: =IF(BE56>2008,0,IF(BE56>2001,1,IF(BE56>1990,2,IF(BE56>1980,3,IF(BE56>1973,4,IF(BE56>1970,5,IF(BE56>1960,6,IF(BE56>1958,7,IF(BE56>1953,8,9))))))))) -> 6 | BG56: n/a
A57: Federal Realty Inv. Trust | B57: FRT | C57: Real Estate | D57: Equity Real Estate Investment Trusts (REITs) | E57: 53 | F57: 23 | G57: N | H57: N | I57: 68.78 | J57: =(M57/I57)*100 -> 6.1645827 | K57: 1.06 | L57: 4 | M57: =K57*L57 -> 4.24 | N57: A16 | O57: 1.05 | P57: 44095 | Q57: 44119 | R57: =(K57-O57)/O57*100 -> 0.95238095 | S57: =IF(INDEX(Historical!$D$7:$D$1254,MATCH(B57,Historical!$B$7:$B$1278,0))=0,"n/a",(INDEX(Historical!$C$7:$C$1256,MATCH(B57,Historical!$B$7:$B$1278,0))/INDEX(Historical!$D$7:$D$1254,MATCH(B57,Historical!$B$7:$B$1278,0))-1)*100) -> 2.238806 | T57: =IF(INDEX(Historical!$F$7:$F$1247,MATCH(B57,Historical!$B$7:$B$1278,0))=0,"n/a",((INDEX(Historical!$C$7:$C$1256,MATCH(B57,Historical!$B$7:$B$1278,0))/INDEX(Historical!$F$7:$F$1247,MATCH(B57,Historical!$B$7:$B$1278,0)))^(1/3)-1)*100) -> 2.6485318 | U57: =IF(INDEX(Historical!$H$7:$H$1247,MATCH(B57,Historical!$B$7:$B$1278,0))=0,"n/a",((INDEX(Historical!$C$7:$C$1256,MATCH(B57,Historical!$B$7:$B$1278,0))/INDEX(Historical!$H$7:$H$1247,MATCH(B57,Historical!$B$7:$B$1278,0)))^(1/5)-1)*100) -> 5.0672482 | V57: =IF(INDEX(Historical!$O$7:$O$1247,MATCH(B57,Historical!$B$7:$B$1278,0))=0,"n/a",((INDEX(Historical!$C$7:$C$1256,MATCH(B57,Historical!$B$7:$B$1278,0))/INDEX(Historical!$O$7:$O$1247,MATCH(B57,Historical!$B$7:$B$1278,0)))^(1/10)-1)*100) -> 4.6453974 | W57: =IF(OR(U57<=0,U57="n/a",V57<=0,V57="n/a"),"n/a",U57/V57) -> 1.0908105 | X57: =IF(OR(AJ57<=0,AJ57="n/a",U57<=0,U57="n/a"),"n/a",U57/AJ57) -> 0.35189224 | Z57: =IF(OR(AC57<0.01,AC57="n/a"),"n/a",M57/AC57*100) -> 118.43575 | AA57: =IF(OR(AC57<0.01,AC57="n/a"),"n/a",I57/AC57) -> 19.212291 | AB57: 12 | AC57: 3.58 | AD57: 2.87 | AE57: 5.8 | AF57: 2.28 | AG57: 11.6 | AH57: 53 | AI57: 17.95 | AJ57: 14.4 | AK57: 6.7 | AL57: 5110 | AM57: 0.87 | AN57: 1.99 | AO57: =IF(U57="n/a","n/a",IF(AA57<0,"n/a",IF(AA57="n/a","n/a",J57+U57-AA57))) -> -7.9804596 | AP57: =IF(U57="n/a","n/a",J57+U57) -> 11.231831 | AQ57: =IF(OR(AC57<0.01,AF57="n/a"),"n/a",(I57/SQRT(22.5*AC57*(I57/AF57))-1)*100) -> 39.529403 | AR57: =INDEX(Historical!$C$7:$C$1256,MATCH(B57,Historical!$B$7:$B$1278,0))*IF(AH57="n/a",1.03,IF(AH57<0,1.01,IF(AH57>10,1.1,(1+AH57/100)))) -> 4.521 | AS57: =IF($AI57="n/a",1.03*AR57,IF($AI57<0,1.01*AR57,IF($AI57>10,1.1*AR57,(1+$AI57/100)*AR57))) -> 4.9731 | AT57: =IF($AK57="n/a",1.03*AS57,IF($AK57<0,1.01*AS57,IF($AK57>10,1.1*AS57,(1+$AK57/100)*AS57))) -> 5.3062977 | AU57: =IF($AK57="n/a",1.03*AT57,IF($AK57<0,1.01*AT57,IF($AK57>10,1.1*AT57,(1+$AK57/100)*AT57))) -> 5.6618196 | AV57: =IF($AK57="n/a",1.03*AU57,IF($AK57<0,1.01*AU57,IF($AK57>10,1.1*AU57,(1+$AK57/100)*AU57))) -> 6.0411616 | AW57: =SUM(AR57:AV57) -> 26.503379 | AX57: =AW57/I57*100 -> 38.533555 | AY57: 0.92 | AZ57: 7.28 | BA57: -51.33 | BB57: -11.02 | BC57: -21.79 | BE57: 1968 | BF57: =IF(BE57>2008,0,IF(BE57>2001,1,IF(BE57>1990,2,IF(BE57>1980,3,IF(BE57>1973,4,IF(BE57>1970,5,IF(BE57>1960,6,IF(BE57>1958,7,IF(BE57>1953,8,9))))))))) -> 6 | BG57: 3.7
A58: H.B. Fuller Company | B58: FUL | C58: Materials | D58: Chemicals | E58: 51 | F58: 27 | G58: Y | H58: Y | I58: 45.25 | J58: =(M58/I58)*100 -> 1.4364641 | K58: 0.1625 | L58: 4 | M58: =K58*L58 -> 0.65 | N58: B10 | O58: 0.16 | P58: 43936 | Q58: 43951 | R58: =(K58-O58)/O58*100 -> 1.5625 | S58: =IF(INDEX(Historical!$D$7:$D$1254,MATCH(B58,Historical!$B$7:$B$1278,0))=0,"n/a",(INDEX(Historical!$C$7:$C$1256,MATCH(B58,Historical!$B$7:$B$1278,0))/INDEX(Historical!$D$7:$D$1254,MATCH(B58,Historical!$B$7:$B$1278,0))-1)*100) -> 3.2520325 | T58: =IF(INDEX(Historical!$F$7:$F$1247,MATCH(B58,Historical!$B$7:$B$1278,0))=0,"n/a",((INDEX(Historical!$C$7:$C$1256,MATCH(B58,Historical!$B$7:$B$1278,0))/INDEX(Historical!$F$7:$F$1247,MATCH(B58,Historical!$B$7:$B$1278,0)))^(1/3)-1)*100) -> 4.9068094 | U58: =IF(INDEX(Historical!$H$7:$H$1247,MATCH(B58,Historical!$B$7:$B$1278,0))=0,"n/a",((INDEX(Historical!$C$7:$C$1256,MATCH(B58,Historical!$B$7:$B$1278,0))/INDEX(Historical!$H$7:$H$1247,MATCH(B58,Historical!$B$7:$B$1278,0)))^(1/5)-1)*100) -> 6.6603928 | V58: =IF(INDEX(Historical!$O$7:$O$1247,MATCH(B58,Historical!$B$7:$B$1278,0))=0,"n/a",((INDEX(Historical!$C$7:$C$1256,MATCH(B58,Historical!$B$7:$B$1278,0))/INDEX(Historical!$O$7:$O$1247,MATCH(B58,Historical!$B$7:$B$1278,0)))^(1/10)-1)*100) -> 8.9283678 | W58: =IF(OR(U58<=0,U58="n/a",V58<=0,V58="n/a"),"n/a",U58/V58) -> 0.74598101 | X58: =IF(OR(AJ58<=0,AJ58="n/a",U58<=0,U58="n/a"),"n/a",U58/AJ58) -> 0.31716156 | Z58: =IF(OR(AC58<0.01,AC58="n/a"),"n/a",M58/AC58*100) -> 29.545455 | AA58: =IF(OR(AC58<0.01,AC58="n/a"),"n/a",I58/AC58) -> 20.568182 | AB58: 11 | AC58: 2.2 | AD58: 2.57 | AE58: 0.85 | AF58: 1.8 | AG58: 9.3 | AH58: -38.7 | AI58: 23.31 | AJ58: 21 | AK58: 8.01 | AL58: 2330 | AM58: 0.7 | AN58: 1.42 | AO58: =IF(U58="n/a","n/a",IF(AA58<0,"n/a",IF(AA58="n/a","n/a",J58+U58-AA58))) -> -12.471325 | AP58: =IF(U58="n/a","n/a",J58+U58) -> 8.0968569 | AQ58: =IF(OR(AC58<0.01,AF58="n/a"),"n/a",(I58/SQRT(22.5*AC58*(I58/AF58))-1)*100) -> 28.275272 | AR58: =INDEX(Historical!$C$7:$C$1256,MATCH(B58,Historical!$B$7:$B$1278,0))*IF(AH58="n/a",1.03,IF(AH58<0,1.01,IF(AH58>10,1.1,(1+AH58/100)))) -> 0.64135 | AS58: =IF($AI58="n/a",1.03*AR58,IF($AI58<0,1.01*AR58,IF($AI58>10,1.1*AR58,(1+$AI58/100)*AR58))) -> 0.705485 | AT58: =IF($AK58="n/a",1.03*AS58,IF($AK58<0,1.01*AS58,IF($AK58>10,1.1*AS58,(1+$AK58/100)*AS58))) -> 0.76199435 | AU58: =IF($AK58="n/a",1.03*AT58,IF($AK58<0,1.01*AT58,IF($AK58>10,1.1*AT58,(1+$AK58/100)*AT58))) -> 0.8230301 | AV58: =IF($AK58="n/a",1.03*AU58,IF($AK58<0,1.01*AU58,IF($AK58>10,1.1*AU58,(1+$AK58/100)*AU58))) -> 0.88895481 | AW58: =SUM(AR58:AV58) -> 3.8208143 | AX58: =AW58/I58*100 -> 8.4437884 | AY58: 1.78 | AZ58: 91.09 | BA58: -13.65 | BB58: -6.48 | BC58: 7.29 | BE58: 1970 | BF58: =IF(BE58>2008,0,IF(BE58>2001,1,IF(BE58>1990,2,IF(BE58>1980,3,IF(BE58>1973,4,IF(BE58>1970,5,IF(BE58>1960,6,IF(BE58>1958,7,IF(BE58>1953,8,9))))))))) -> 6 | BG58: 2.9
A59: General Dynamics | B59: GD | C59: Industrials | D59: Aerospace & Defense | E59: 29 | F59: 94 | G59: - | H59: - | I59: 131.33 | J59: =(M59/I59)*100 -> 3.3503388 | K59: 1.1 | L59: 4 | M59: =K59*L59 -> 4.4 | N59: B11 | O59: 1.02 | P59: 43929 | Q59: 43959 | R59: =(K59-O59)/O59*100 -> 7.8431373 | S59: =IF(INDEX(Historical!$D$7:$D$1254,MATCH(B59,Historical!$B$7:$B$1278,0))=0,"n/a",(INDEX(Historical!$C$7:$C$1256,MATCH(B59,Historical!$B$7:$B$1278,0))/INDEX(Historical!$D$7:$D$1254,MATCH(B59,Historical!$B$7:$B$1278,0))-1)*100) -> 9.9173554 | T59: =IF(INDEX(Historical!$F$7:$F$1247,MATCH(B59,Historical!$B$7:$B$1278,0))=0,"n/a",((INDEX(Historical!$C$7:$C$1256,MATCH(B59,Historical!$B$7:$B$1278,0))/INDEX(Historical!$F$7:$F$1247,MATCH(B59,Historical!$B$7:$B$1278,0)))^(1/3)-1)*100) -> 10.341483 | U59: =IF(INDEX(Historical!$H$7:$H$1247,MATCH(B59,Historical!$B$7:$B$1278,0))=0,"n/a",((INDEX(Historical!$C$7:$C$1256,MATCH(B59,Historical!$B$7:$B$1278,0))/INDEX(Historical!$H$7:$H$1247,MATCH(B59,Historical!$B$7:$B$1278,0)))^(1/5)-1)*100) -> 10.517615 | V59: =IF(INDEX(Historical!$O$7:$O$1247,MATCH(B59,Historical!$B$7:$B$1278,0))=0,"n/a",((INDEX(Historical!$C$7:$C$1256,MATCH(B59,Historical!$B$7:$B$1278,0))/INDEX(Historical!$O$7:$O$1247,MATCH(B59,Historical!$B$7:$B$1278,0)))^(1/10)-1)*100) -> 10.351607 | W59: =IF(OR(U59<=0,U59="n/a",V59<=0,V59="n/a"),"n/a",U59/V59) -> 1.016037 | X59: =IF(OR(AJ59<=0,AJ59="n/a",U59<=0,U59="n/a"),"n/a",U59/AJ59) -> 1.1817545 | Z59: =IF(OR(AC59<0.01,AC59="n/a"),"n/a",M59/AC59*100) -> 39.076377 | AA59: =IF(OR(AC59<0.01,AC59="n/a"),"n/a",I59/AC59) -> 11.66341 | AB59: 12 | AC59: 11.26 | AD59: 3.01 | AE59: 0.97 | AF59: 2.71 | AG59: 24.1 | AH59: 6.7 | AI59: 8.78 | AJ59: 8.9 | AK59: 3.88 | AL59: 37340 | AM59: 0.4 | AN59: 1.05 | AO59: =IF(U59="n/a","n/a",IF(AA59<0,"n/a",IF(AA59="n/a","n/a",J59+U59-AA59))) -> 2.204544 | AP59: =IF(U59="n/a","n/a",J59+U59) -> 13.867954 | AQ59: =IF(OR(AC59<0.01,AF59="n/a"),"n/a",(I59/SQRT(22.5*AC59*(I59/AF59))-1)*100) -> 18.523963 | AR59: =INDEX(Historical!$C$7:$C$1256,MATCH(B59,Historical!$B$7:$B$1278,0))*IF(AH59="n/a",1.03,IF(AH59<0,1.01,IF(AH59>10,1.1,(1+AH59/100)))) -> 4.25733 | AS59: =IF($AI59="n/a",1.03*AR59,IF($AI59<0,1.01*AR59,IF($AI59>10,1.1*AR59,(1+$AI59/100)*AR59))) -> 4.6311236 | AT59: =IF($AK59="n/a",1.03*AS59,IF($AK59<0,1.01*AS59,IF($AK59>10,1.1*AS59,(1+$AK59/100)*AS59))) -> 4.8108112 | AU59: =IF($AK59="n/a",1.03*AT59,IF($AK59<0,1.01*AT59,IF($AK59>10,1.1*AT59,(1+$AK59/100)*AT59))) -> 4.9974706 | AV59: =IF($AK59="n/a",1.03*AU59,IF($AK59<0,1.01*AU59,IF($AK59>10,1.1*AU59,(1+$AK59/100)*AU59))) -> 5.1913725 | AW59: =SUM(AR59:AV59) -> 23.888108 | AX59: =AW59/I59*100 -> 18.189376 | AY59: 1 | AZ59: 30.61 | BA59: -30.91 | BB59: -8.49 | BC59: -11.81 | BE59: 1992 | BF59: =IF(BE59>2008,0,IF(BE59>2001,1,IF(BE59>1990,2,IF(BE59>1980,3,IF(BE59>1973,4,IF(BE59>1970,5,IF(BE59>1960,6,IF(BE59>1958,7,IF(BE59>1953,8,9))))))))) -> 2 | BG59: 6.5
A60: Genuine Parts Co. | B60: GPC | C60: Consumer Discretionary | D60: Distributors | E60: 64 | F60: 4 | G60: N | H60: N | I60: 90.43 | J60: =(M60/I60)*100 -> 3.4944156 | K60: 0.79 | L60: 4 | M60: =K60*L60 -> 3.16 | N60: A02 | O60: 0.7625 | P60: 43895 | Q60: 43922 | R60: =(K60-O60)/O60*100 -> 3.6065574 | S60: =IF(INDEX(Historical!$D$7:$D$1254,MATCH(B60,Historical!$B$7:$B$1278,0))=0,"n/a",(INDEX(Historical!$C$7:$C$1256,MATCH(B60,Historical!$B$7:$B$1278,0))/INDEX(Historical!$D$7:$D$1254,MATCH(B60,Historical!$B$7:$B$1278,0))-1)*100) -> 6.0846561 | T60: =IF(INDEX(Historical!$F$7:$F$1247,MATCH(B60,Historical!$B$7:$B$1278,0))=0,"n/a",((INDEX(Historical!$C$7:$C$1256,MATCH(B60,Historical!$B$7:$B$1278,0))/INDEX(Historical!$F$7:$F$1247,MATCH(B60,Historical!$B$7:$B$1278,0)))^(1/3)-1)*100) -> 5.1417237 | U60: =IF(INDEX(Historical!$H$7:$H$1247,MATCH(B60,Historical!$B$7:$B$1278,0))=0,"n/a",((INDEX(Historical!$C$7:$C$1256,MATCH(B60,Historical!$B$7:$B$1278,0))/INDEX(Historical!$H$7:$H$1247,MATCH(B60,Historical!$B$7:$B$1278,0)))^(1/5)-1)*100) -> 5.5104706 | V60: =IF(INDEX(Historical!$O$7:$O$1247,MATCH(B60,Historical!$B$7:$B$1278,0))=0,"n/a",((INDEX(Historical!$C$7:$C$1256,MATCH(B60,Historical!$B$7:$B$1278,0))/INDEX(Historical!$O$7:$O$1247,MATCH(B60,Historical!$B$7:$B$1278,0)))^(1/10)-1)*100) -> 6.5812603 | W60: =IF(OR(U60<=0,U60="n/a",V60<=0,V60="n/a"),"n/a",U60/V60) -> 0.83729717 | X60: =IF(OR(AJ60<=0,AJ60="n/a",U60<=0,U60="n/a"),"n/a",U60/AJ60) -> n/a | Z60: =IF(OR(AC60<0.01,AC60="n/a"),"n/a",M60/AC60*100) -> 10533.333 | AA60: =IF(OR(AC60<0.01,AC60="n/a"),"n/a",I60/AC60) -> 3014.3333 | AB60: 12 | AC60: 0.03 | AD60: n/a | AE60: 0.75 | AF60: 4.33 | AG60: -5.9 | AH60: -22.9 | AI60: 11.53 | AJ60: -1.5 | AK60: -1.1 | AL60: 12780 | AM60: 2.76 | AN60: 0.96 | AO60: =IF(U60="n/a","n/a",IF(AA60<0,"n/a",IF(AA60="n/a","n/a",J60+U60-AA60))) -> -3005.3284 | AP60: =IF(U60="n/a","n/a",J60+U60) -> 9.0048861 | AQ60: =IF(OR(AC60<0.01,AF60="n/a"),"n/a",(I60/SQRT(22.5*AC60*(I60/AF60))-1)*100) -> 2308.5093 | AR60: =INDEX(Historical!$C$7:$C$1256,MATCH(B60,Historical!$B$7:$B$1278,0))*IF(AH60="n/a",1.03,IF(AH60<0,1.01,IF(AH60>10,1.1,(1+AH60/100)))) -> 3.037575 | AS60: =IF($AI60="n/a",1.03*AR60,IF($AI60<0,1.01*AR60,IF($AI60>10,1.1*AR60,(1+$AI60/100)*AR60))) -> 3.3413325 | AT60: =IF($AK60="n/a",1.03*AS60,IF($AK60<0,1.01*AS60,IF($AK60>10,1.1*AS60,(1+$AK60/100)*AS60))) -> 3.3747458 | AU60: =IF($AK60="n/a",1.03*AT60,IF($AK60<0,1.01*AT60,IF($AK60>10,1.1*AT60,(1+$AK60/100)*AT60))) -> 3.4084933 | AV60: =IF($AK60="n/a",1.03*AU60,IF($AK60<0,1.01*AU60,IF($AK60>10,1.1*AU60,(1+$AK60/100)*AU60))) -> 3.4425782 | AW60: =SUM(AR60:AV60) -> 16.604725 | AX60: =AW60/I60*100 -> 18.361965 | AY60: 1.08 | AZ60: 82.02 | BA60: -16.72 | BB60: -7.1 | BC60: 3.38 | BE60: 1957 | BF60: =IF(BE60>2008,0,IF(BE60>2001,1,IF(BE60>1990,2,IF(BE60>1980,3,IF(BE60>1973,4,IF(BE60>1970,5,IF(BE60>1960,6,IF(BE60>1958,7,IF(BE60>1953,8,9))))))))) -> 8 | BG60: -1.4
A61: Gorman-Rupp Company | B61: GRC | C61: Industrials | D61: Machinery | E61: 48 | F61: 43 | G61: N | H61: N | I61: 31.05 | J61: =(M61/I61)*100 -> 1.9967794 | K61: 0.155 | L61: 4 | M61: =K61*L61 -> 0.62 | N61: C08 | O61: 0.145 | P61: 44147 | Q61: 44175 | R61: =(K61-O61)/O61*100 -> 6.8965517 | S61: =IF(INDEX(Historical!$D$7:$D$1254,MATCH(B61,Historical!$B$7:$B$1278,0))=0,"n/a",(INDEX(Historical!$C$7:$C$1256,MATCH(B61,Historical!$B$7:$B$1278,0))/INDEX(Historical!$D$7:$D$1254,MATCH(B61,Historical!$B$7:$B$1278,0))-1)*100) -> 7.8431373 | T61: =IF(INDEX(Historical!$F$7:$F$1247,MATCH(B61,Historical!$B$7:$B$1278,0))=0,"n/a",((INDEX(Historical!$C$7:$C$1256,MATCH(B61,Historical!$B$7:$B$1278,0))/INDEX(Historical!$F$7:$F$1247,MATCH(B61,Historical!$B$7:$B$1278,0)))^(1/3)-1)*100) -> 8.5503958 | U61: =IF(INDEX(Historical!$H$7:$H$1247,MATCH(B61,Historical!$B$7:$B$1278,0))=0,"n/a",((INDEX(Historical!$C$7:$C$1256,MATCH(B61,Historical!$B$7:$B$1278,0))/INDEX(Historical!$H$7:$H$1247,MATCH(B61,Historical!$B$7:$B$1278,0)))^(1/5)-1)*100) -> 8.2510688 | V61: =IF(INDEX(Historical!$O$7:$O$1247,MATCH(B61,Historical!$B$7:$B$1278,0))=0,"n/a",((INDEX(Historical!$C$7:$C$1256,MATCH(B61,Historical!$B$7:$B$1278,0))/INDEX(Historical!$O$7:$O$1247,MATCH(B61,Historical!$B$7:$B$1278,0)))^(1/10)-1)*100) -> 7.8134067 | W61: =IF(OR(U61<=0,U61="n/a",V61<=0,V61="n/a"),"n/a",U61/V61) -> 1.0560142 | X61: =IF(OR(AJ61<=0,AJ61="n/a",U61<=0,U61="n/a"),"n/a",U61/AJ61) -> n/a | Z61: =IF(OR(AC61<0.01,AC61="n/a"),"n/a",M61/AC61*100) -> 55.357143 | AA61: =IF(OR(AC61<0.01,AC61="n/a"),"n/a",I61/AC61) -> 27.723214 | AB61: 12 | AC61: 1.12 | AD61: 1.85 | AE61: 2.11 | AF61: 2.59 | AG61: 11 | AH61: -9 | AI61: 36.28 | AJ61: -0.1 | AK61: 15 | AL61: 780.6 | AM61: 0.4 | AN61: 0 | AO61: =IF(U61="n/a","n/a",IF(AA61<0,"n/a",IF(AA61="n/a","n/a",J61+U61-AA61))) -> -17.475366 | AP61: =IF(U61="n/a","n/a",J61+U61) -> 10.247848 | AQ61: =IF(OR(AC61<0.01,AF61="n/a"),"n/a",(I61/SQRT(22.5*AC61*(I61/AF61))-1)*100) -> 78.640701 | AR61: =INDEX(Historical!$C$7:$C$1256,MATCH(B61,Historical!$B$7:$B$1278,0))*IF(AH61="n/a",1.03,IF(AH61<0,1.01,IF(AH61>10,1.1,(1+AH61/100)))) -> 0.5555 | AS61: =IF($AI61="n/a",1.03*AR61,IF($AI61<0,1.01*AR61,IF($AI61>10,1.1*AR61,(1+$AI61/100)*AR61))) -> 0.61105 | AT61: =IF($AK61="n/a",1.03*AS61,IF($AK61<0,1.01*AS61,IF($AK61>10,1.1*AS61,(1+$AK61/100)*AS61))) -> 0.672155 | AU61: =IF($AK61="n/a",1.03*AT61,IF($AK61<0,1.01*AT61,IF($AK61>10,1.1*AT61,(1+$AK61/100)*AT61))) -> 0.7393705 | AV61: =IF($AK61="n/a",1.03*AU61,IF($AK61<0,1.01*AU61,IF($AK61>10,1.1*AU61,(1+$AK61/100)*AU61))) -> 0.81330755 | AW61: =SUM(AR61:AV61) -> 3.3913831 | AX61: =AW61/I61*100 -> 10.922329 | AY61: 0.63 | AZ61: 44.49 | BA61: -21.59 | BB61: -2.51 | BC61: -0.95 | BE61: 1974 | BF61: =IF(BE61>2008,0,IF(BE61>2001,1,IF(BE61>1990,2,IF(BE61>1980,3,IF(BE61>1973,4,IF(BE61>1970,5,IF(BE61>1960,6,IF(BE61>1958,7,IF(BE61>1953,8,9))))))))) -> 4 | BG61: 8.9
A62: W.W. Grainger Inc. | B62: GWW | C62: Industrials | D62: Trading Companies & Distributors | E62: 49 | F62: 34 | G62: - | H62: - | I62: 350.02 | J62: =(M62/I62)*100 -> 1.7484715 | K62: 1.53 | L62: 4 | M62: =K62*L62 -> 6.12 | N62: C01 | O62: 1.44 | P62: 44050 | Q62: 44075 | R62: =(K62-O62)/O62*100 -> 6.25 | S62: =IF(INDEX(Historical!$D$7:$D$1254,MATCH(B62,Historical!$B$7:$B$1278,0))=0,"n/a",(INDEX(Historical!$C$7:$C$1256,MATCH(B62,Historical!$B$7:$B$1278,0))/INDEX(Historical!$D$7:$D$1254,MATCH(B62,Historical!$B$7:$B$1278,0))-1)*100) -> 5.9701493 | T62: =IF(INDEX(Historical!$F$7:$F$1247,MATCH(B62,Historical!$B$7:$B$1278,0))=0,"n/a",((INDEX(Historical!$C$7:$C$1256,MATCH(B62,Historical!$B$7:$B$1278,0))/INDEX(Historical!$F$7:$F$1247,MATCH(B62,Historical!$B$7:$B$1278,0)))^(1/3)-1)*100) -> 5.5521462 | U62: =IF(INDEX(Historical!$H$7:$H$1247,MATCH(B62,Historical!$B$7:$B$1278,0))=0,"n/a",((INDEX(Historical!$C$7:$C$1256,MATCH(B62,Historical!$B$7:$B$1278,0))/INDEX(Historical!$H$7:$H$1247,MATCH(B62,Historical!$B$7:$B$1278,0)))^(1/5)-1)*100) -> 6.3757062 | V62: =IF(INDEX(Historical!$O$7:$O$1247,MATCH(B62,Historical!$B$7:$B$1278,0))=0,"n/a",((INDEX(Historical!$C$7:$C$1256,MATCH(B62,Historical!$B$7:$B$1278,0))/INDEX(Historical!$O$7:$O$1247,MATCH(B62,Historical!$B$7:$B$1278,0)))^(1/10)-1)*100) -> 12.303382 | W62: =IF(OR(U62<=0,U62="n/a",V62<=0,V62="n/a"),"n/a",U62/V62) -> 0.51820763 | X62: =IF(OR(AJ62<=0,AJ62="n/a",U62<=0,U62="n/a"),"n/a",U62/AJ62) -> 1.0120169 | Z62: =IF(OR(AC62<0.01,AC62="n/a"),"n/a",M62/AC62*100) -> 52.307692 | AA62: =IF(OR(AC62<0.01,AC62="n/a"),"n/a",I62/AC62) -> 29.916239 | AB62: 12 | AC62: 11.7 | AD62: 4.66 | AE62: 1.61 | AF62: 8.8 | AG62: 32.6 | AH62: 12.1 | AI62: 12.72 | AJ62: 6.3 | AK62: 6.42 | AL62: 18800 | AM62: 0.3 | AN62: 1.13 | AO62: =IF(U62="n/a","n/a",IF(AA62<0,"n/a",IF(AA62="n/a","n/a",J62+U62-AA62))) -> -21.792062 | AP62: =IF(U62="n/a","n/a",J62+U62) -> 8.1241777 | AQ62: =IF(OR(AC62<0.01,AF62="n/a"),"n/a",(I62/SQRT(22.5*AC62*(I62/AF62))-1)*100) -> 242.06101 | AR62: =INDEX(Historical!$C$7:$C$1256,MATCH(B62,Historical!$B$7:$B$1278,0))*IF(AH62="n/a",1.03,IF(AH62<0,1.01,IF(AH62>10,1.1,(1+AH62/100)))) -> 6.248 | AS62: =IF($AI62="n/a",1.03*AR62,IF($AI62<0,1.01*AR62,IF($AI62>10,1.1*AR62,(1+$AI62/100)*AR62))) -> 6.8728 | AT62: =IF($AK62="n/a",1.03*AS62,IF($AK62<0,1.01*AS62,IF($AK62>10,1.1*AS62,(1+$AK62/100)*AS62))) -> 7.3140338 | AU62: =IF($AK62="n/a",1.03*AT62,IF($AK62<0,1.01*AT62,IF($AK62>10,1.1*AT62,(1+$AK62/100)*AT62))) -> 7.7835947 | AV62: =IF($AK62="n/a",1.03*AU62,IF($AK62<0,1.01*AU62,IF($AK62>10,1.1*AU62,(1+$AK62/100)*AU62))) -> 8.2833015 | AW62: =SUM(AR62:AV62) -> 36.50173 | AX62: =AW62/I62*100 -> 10.42847 | AY62: 1.1 | AZ62: 74.48 | BA62: -10.83 | BB62: -3.26 | BC62: 11.15 | BE62: 1972 | BF62: =IF(BE62>2008,0,IF(BE62>2001,1,IF(BE62>1990,2,IF(BE62>1980,3,IF(BE62>1973,4,IF(BE62>1970,5,IF(BE62>1960,6,IF(BE62>1958,7,IF(BE62>1953,8,9))))))))) -> 5 | BG62: 9.3
A63: Hormel Foods Corp. | B63: HRL | C63: Consumer Staples | D63: Food Products | E63: 53 | F63: 18 | G63: N | H63: N | I63: 48.69 | J63: =(M63/I63)*100 -> 1.9100431 | K63: 0.2325 | L63: 4 | M63: =K63*L63 -> 0.93 | N63: B15 | O63: 0.21 | P63: 43839 | Q63: 43879 | R63: =(K63-O63)/O63*100 -> 10.714286 | S63: =IF(INDEX(Historical!$D$7:$D$1254,MATCH(B63,Historical!$B$7:$B$1278,0))=0,"n/a",(INDEX(Historical!$C$7:$C$1256,MATCH(B63,Historical!$B$7:$B$1278,0))/INDEX(Historical!$D$7:$D$1254,MATCH(B63,Historical!$B$7:$B$1278,0))-1)*100) -> 12 | T63: =IF(INDEX(Historical!$F$7:$F$1247,MATCH(B63,Historical!$B$7:$B$1278,0))=0,"n/a",((INDEX(Historical!$C$7:$C$1256,MATCH(B63,Historical!$B$7:$B$1278,0))/INDEX(Historical!$F$7:$F$1247,MATCH(B63,Historical!$B$7:$B$1278,0)))^(1/3)-1)*100) -> 13.14024 | U63: =IF(INDEX(Historical!$H$7:$H$1247,MATCH(B63,Historical!$B$7:$B$1278,0))=0,"n/a",((INDEX(Historical!$C$7:$C$1256,MATCH(B63,Historical!$B$7:$B$1278,0))/INDEX(Historical!$H$7:$H$1247,MATCH(B63,Historical!$B$7:$B$1278,0)))^(1/5)-1)*100) -> 15.996226 | V63: =IF(INDEX(Historical!$O$7:$O$1247,MATCH(B63,Historical!$B$7:$B$1278,0))=0,"n/a",((INDEX(Historical!$C$7:$C$1256,MATCH(B63,Historical!$B$7:$B$1278,0))/INDEX(Historical!$O$7:$O$1247,MATCH(B63,Historical!$B$7:$B$1278,0)))^(1/10)-1)*100) -> 16.025265 | W63: =IF(OR(U63<=0,U63="n/a",V63<=0,V63="n/a"),"n/a",U63/V63) -> 0.99818792 | X63: =IF(OR(AJ63<=0,AJ63="n/a",U63<=0,U63="n/a"),"n/a",U63/AJ63) -> 1.5996226 | Z63: =IF(OR(AC63<0.01,AC63="n/a"),"n/a",M63/AC63*100) -> 54.705882 | AA63: =IF(OR(AC63<0.01,AC63="n/a"),"n/a",I63/AC63) -> 28.641176 | AB63: 10 | AC63: 1.7 | AD63: 28.57 | AE63: 2.7 | AF63: 4.19 | AG63: 15.2 | AH63: 4 | AI63: 8.67 | AJ63: 10 | AK63: 1 | AL63: 26130 | AM63: 0.2 | AN63: 0.21 | AO63: =IF(U63="n/a","n/a",IF(AA63<0,"n/a",IF(AA63="n/a","n/a",J63+U63-AA63))) -> -10.734907 | AP63: =IF(U63="n/a","n/a",J63+U63) -> 17.906269 | AQ63: =IF(OR(AC63<0.01,AF63="n/a"),"n/a",(I63/SQRT(22.5*AC63*(I63/AF63))-1)*100) -> 130.94639 | AR63: =INDEX(Historical!$C$7:$C$1256,MATCH(B63,Historical!$B$7:$B$1278,0))*IF(AH63="n/a",1.03,IF(AH63<0,1.01,IF(AH63>10,1.1,(1+AH63/100)))) -> 0.8736 | AS63: =IF($AI63="n/a",1.03*AR63,IF($AI63<0,1.01*AR63,IF($AI63>10,1.1*AR63,(1+$AI63/100)*AR63))) -> 0.94934112 | AT63: =IF($AK63="n/a",1.03*AS63,IF($AK63<0,1.01*AS63,IF($AK63>10,1.1*AS63,(1+$AK63/100)*AS63))) -> 0.95883453 | AU63: =IF($AK63="n/a",1.03*AT63,IF($AK63<0,1.01*AT63,IF($AK63>10,1.1*AT63,(1+$AK63/100)*AT63))) -> 0.96842288 | AV63: =IF($AK63="n/a",1.03*AU63,IF($AK63<0,1.01*AU63,IF($AK63>10,1.1*AU63,(1+$AK63/100)*AU63))) -> 0.97810711 | AW63: =SUM(AR63:AV63) -> 4.7283056 | AX63: =AW63/I63*100 -> 9.7110405 | AY63: -0.06 | AZ63: 24.81 | BA63: -8.08 | BB63: -2.3 | BC63: 1.12 | BE63: 1967 | BF63: =IF(BE63>2008,0,IF(BE63>2001,1,IF(BE63>1990,2,IF(BE63>1980,3,IF(BE63>1973,4,IF(BE63>1970,5,IF(BE63>1960,6,IF(BE63>1958,7,IF(BE63>1953,8,9))))))))) -> 6 | BG63: 10.8
A64: International Business Machines | B64: IBM | C64: Information Technology | D64: IT Services | E64: 25 | F64: 136 | G64: Y | H64: Y | I64: 111.66 | J64: =(M64/I64)*100 -> 5.8391546 | K64: 1.63 | L64: 4 | M64: =K64*L64 -> 6.52 | N64: C09 | O64: 1.62 | P64: 43958 | Q64: 43992 | R64: =(K64-O64)/O64*100 -> 0.61728395 | S64: =IF(INDEX(Historical!$D$7:$D$1254,MATCH(B64,Historical!$B$7:$B$1278,0))=0,"n/a",(INDEX(Historical!$C$7:$C$1256,MATCH(B64,Historical!$B$7:$B$1278,0))/INDEX(Historical!$D$7:$D$1254,MATCH(B64,Historical!$B$7:$B$1278,0))-1)*100) -> 3.5426731 | T64: =IF(INDEX(Historical!$F$7:$F$1247,MATCH(B64,Historical!$B$7:$B$1278,0))=0,"n/a",((INDEX(Historical!$C$7:$C$1256,MATCH(B64,Historical!$B$7:$B$1278,0))/INDEX(Historical!$F$7:$F$1247,MATCH(B64,Historical!$B$7:$B$1278,0)))^(1/3)-1)*100) -> 5.3455256 | U64: =IF(INDEX(Historical!$H$7:$H$1247,MATCH(B64,Historical!$B$7:$B$1278,0))=0,"n/a",((INDEX(Historical!$C$7:$C$1256,MATCH(B64,Historical!$B$7:$B$1278,0))/INDEX(Historical!$H$7:$H$1247,MATCH(B64,Historical!$B$7:$B$1278,0)))^(1/5)-1)*100) -> 8.6336592 | V64: =IF(INDEX(Historical!$O$7:$O$1247,MATCH(B64,Historical!$B$7:$B$1278,0))=0,"n/a",((INDEX(Historical!$C$7:$C$1256,MATCH(B64,Historical!$B$7:$B$1278,0))/INDEX(Historical!$O$7:$O$1247,MATCH(B64,Historical!$B$7:$B$1278,0)))^(1/10)-1)*100) -> 11.577661 | W64: =IF(OR(U64<=0,U64="n/a",V64<=0,V64="n/a"),"n/a",U64/V64) -> 0.74571708 | X64: =IF(OR(AJ64<=0,AJ64="n/a",U64<=0,U64="n/a"),"n/a",U64/AJ64) -> n/a | Z64: =IF(OR(AC64<0.01,AC64="n/a"),"n/a",M64/AC64*100) -> 72.767857 | AA64: =IF(OR(AC64<0.01,AC64="n/a"),"n/a",I64/AC64) -> 12.462054 | AB64: 12 | AC64: 8.96 | AD64: n/a | AE64: 1.32 | AF64: 4.83 | AG64: 45.4 | AH64: -8.6 | AI64: 38.69 | AJ64: -7.2 | AK64: -1.09 | AL64: 99240 | AM64: 0.1 | AN64: 3.15 | AO64: =IF(U64="n/a","n/a",IF(AA64<0,"n/a",IF(AA64="n/a","n/a",J64+U64-AA64))) -> 2.0107602 | AP64: =IF(U64="n/a","n/a",J64+U64) -> 14.472814 | AQ64: =IF(OR(AC64<0.01,AF64="n/a"),"n/a",(I64/SQRT(22.5*AC64*(I64/AF64))-1)*100) -> 63.560004 | AR64: =INDEX(Historical!$C$7:$C$1256,MATCH(B64,Historical!$B$7:$B$1278,0))*IF(AH64="n/a",1.03,IF(AH64<0,1.01,IF(AH64>10,1.1,(1+AH64/100)))) -> 6.4943 | AS64: =IF($AI64="n/a",1.03*AR64,IF($AI64<0,1.01*AR64,IF($AI64>10,1.1*AR64,(1+$AI64/100)*AR64))) -> 7.14373 | AT64: =IF($AK64="n/a",1.03*AS64,IF($AK64<0,1.01*AS64,IF($AK64>10,1.1*AS64,(1+$AK64/100)*AS64))) -> 7.2151673 | AU64: =IF($AK64="n/a",1.03*AT64,IF($AK64<0,1.01*AT64,IF($AK64>10,1.1*AT64,(1+$AK64/100)*AT64))) -> 7.287319 | AV64: =IF($AK64="n/a",1.03*AU64,IF($AK64<0,1.01*AU64,IF($AK64>10,1.1*AU64,(1+$AK64/100)*AU64))) -> 7.3601922 | AW64: =SUM(AR64:AV64) -> 35.500708 | AX64: =AW64/I64*100 -> 31.793577 | AY64: 1.23 | AZ64: 23.3 | BA64: -29.66 | BB64: -8.19 | BC64: -10.34 | BE64: 1996 | BF64: =IF(BE64>2008,0,IF(BE64>2001,1,IF(BE64>1990,2,IF(BE64>1980,3,IF(BE64>1973,4,IF(BE64>1970,5,IF(BE64>1960,6,IF(BE64>1958,7,IF(BE64>1953,8,9))))))))) -> 2 | BG64: 5.9
A65: Illinois Tool Works | B65: ITW | C65: Industrials | D65: Machinery | E65: 46 | F65: 51 | G65: N | H65: N | I65: 195.88 | J65: =(M65/I65)*100 -> 2.3279559 | K65: 1.14 | L65: 4 | M65: =K65*L65 -> 4.56 | N65: A10 | O65: 1.07 | P65: 44103 | Q65: 44118 | R65: =(K65-O65)/O65*100 -> 6.5420561 | S65: =IF(INDEX(Historical!$D$7:$D$1254,MATCH(B65,Historical!$B$7:$B$1278,0))=0,"n/a",(INDEX(Historical!$C$7:$C$1256,MATCH(B65,Historical!$B$7:$B$1278,0))/INDEX(Historical!$D$7:$D$1254,MATCH(B65,Historical!$B$7:$B$1278,0))-1)*100) -> 21.856287 | T65: =IF(INDEX(Historical!$F$7:$F$1247,MATCH(B65,Historical!$B$7:$B$1278,0))=0,"n/a",((INDEX(Historical!$C$7:$C$1256,MATCH(B65,Historical!$B$7:$B$1278,0))/INDEX(Historical!$F$7:$F$1247,MATCH(B65,Historical!$B$7:$B$1278,0)))^(1/3)-1)*100) -> 20.954545 | U65: =IF(INDEX(Historical!$H$7:$H$1247,MATCH(B65,Historical!$B$7:$B$1278,0))=0,"n/a",((INDEX(Historical!$C$7:$C$1256,MATCH(B65,Historical!$B$7:$B$1278,0))/INDEX(Historical!$H$7:$H$1247,MATCH(B65,Historical!$B$7:$B$1278,0)))^(1/5)-1)*100) -> 18.456745 | V65: =IF(INDEX(Historical!$O$7:$O$1247,MATCH(B65,Historical!$B$7:$B$1278,0))=0,"n/a",((INDEX(Historical!$C$7:$C$1256,MATCH(B65,Historical!$B$7:$B$1278,0))/INDEX(Historical!$O$7:$O$1247,MATCH(B65,Historical!$B$7:$B$1278,0)))^(1/10)-1)*100) -> 12.620454 | W65: =IF(OR(U65<=0,U65="n/a",V65<=0,V65="n/a"),"n/a",U65/V65) -> 1.4624471 | X65: =IF(OR(AJ65<=0,AJ65="n/a",U65<=0,U65="n/a"),"n/a",U65/AJ65) -> 1.7412024 | Z65: =IF(OR(AC65<0.01,AC65="n/a"),"n/a",M65/AC65*100) -> 67.058824 | AA65: =IF(OR(AC65<0.01,AC65="n/a"),"n/a",I65/AC65) -> 28.805882 | AB65: 12 | AC65: 6.8 | AD65: 42.74 | AE65: 4.74 | AF65: 26.26 | AG65: 93.7 | AH65: 1.8 | AI65: 21.56 | AJ65: 10.6 | AK65: 0.67 | AL65: 60440 | AM65: 0.2 | AN65: 3.3 | AO65: =IF(U65="n/a","n/a",IF(AA65<0,"n/a",IF(AA65="n/a","n/a",J65+U65-AA65))) -> -8.0211812 | AP65: =IF(U65="n/a","n/a",J65+U65) -> 20.784701 | AQ65: =IF(OR(AC65<0.01,AF65="n/a"),"n/a",(I65/SQRT(22.5*AC65*(I65/AF65))-1)*100) -> 479.82467 | AR65: =INDEX(Historical!$C$7:$C$1256,MATCH(B65,Historical!$B$7:$B$1278,0))*IF(AH65="n/a",1.03,IF(AH65<0,1.01,IF(AH65>10,1.1,(1+AH65/100)))) -> 4.14326 | AS65: =IF($AI65="n/a",1.03*AR65,IF($AI65<0,1.01*AR65,IF($AI65>10,1.1*AR65,(1+$AI65/100)*AR65))) -> 4.557586 | AT65: =IF($AK65="n/a",1.03*AS65,IF($AK65<0,1.01*AS65,IF($AK65>10,1.1*AS65,(1+$AK65/100)*AS65))) -> 4.5881218 | AU65: =IF($AK65="n/a",1.03*AT65,IF($AK65<0,1.01*AT65,IF($AK65>10,1.1*AT65,(1+$AK65/100)*AT65))) -> 4.6188622 | AV65: =IF($AK65="n/a",1.03*AU65,IF($AK65<0,1.01*AU65,IF($AK65>10,1.1*AU65,(1+$AK65/100)*AU65))) -> 4.6498086 | AW65: =SUM(AR65:AV65) -> 22.557639 | AX65: =AW65/I65*100 -> 11.51605 | AY65: 1.15 | AZ65: 68.95 | BA65: -5.86 | BB65: -0.99 | BC65: 10.67 | BE65: 1975 | BF65: =IF(BE65>2008,0,IF(BE65>2001,1,IF(BE65>1990,2,IF(BE65>1980,3,IF(BE65>1973,4,IF(BE65>1970,5,IF(BE65>1960,6,IF(BE65>1958,7,IF(BE65>1953,8,9))))))))) -> 4 | BG65: 17
A66: Jack Henry & Associates | B66: JKHY | C66: Information Technology | D66: IT Services | E66: 30 | F66: 92 | G66: N | H66: - | I66: 148.25 | J66: =(M66/I66)*100 -> 1.1602024 | K66: 0.43 | L66: 4 | M66: =K66*L66 -> 1.72 | N66: C16 | O66: 0.4 | P66: 43889 | Q66: 43909 | R66: =(K66-O66)/O66*100 -> 7.5 | S66: =IF(INDEX(Historical!$D$7:$D$1254,MATCH(B66,Historical!$B$7:$B$1278,0))=0,"n/a",(INDEX(Historical!$C$7:$C$1256,MATCH(B66,Historical!$B$7:$B$1278,0))/INDEX(Historical!$D$7:$D$1254,MATCH(B66,Historical!$B$7:$B$1278,0))-1)*100) -> 8.1081081 | T66: =IF(INDEX(Historical!$F$7:$F$1247,MATCH(B66,Historical!$B$7:$B$1278,0))=0,"n/a",((INDEX(Historical!$C$7:$C$1256,MATCH(B66,Historical!$B$7:$B$1278,0))/INDEX(Historical!$F$7:$F$1247,MATCH(B66,Historical!$B$7:$B$1278,0)))^(1/3)-1)*100) -> 12.624788 | U66: =IF(INDEX(Historical!$H$7:$H$1247,MATCH(B66,Historical!$B$7:$B$1278,0))=0,"n/a",((INDEX(Historical!$C$7:$C$1256,MATCH(B66,Historical!$B$7:$B$1278,0))/INDEX(Historical!$H$7:$H$1247,MATCH(B66,Historical!$B$7:$B$1278,0)))^(1/5)-1)*100) -> 12.70092 | V66: =IF(INDEX(Historical!$O$7:$O$1247,MATCH(B66,Historical!$B$7:$B$1278,0))=0,"n/a",((INDEX(Historical!$C$7:$C$1256,MATCH(B66,Historical!$B$7:$B$1278,0))/INDEX(Historical!$O$7:$O$1247,MATCH(B66,Historical!$B$7:$B$1278,0)))^(1/10)-1)*100) -> 16.75194 | W66: =IF(OR(U66<=0,U66="n/a",V66<=0,V66="n/a"),"n/a",U66/V66) -> 0.75817607 | X66: =IF(OR(AJ66<=0,AJ66="n/a",U66<=0,U66="n/a"),"n/a",U66/AJ66) -> 1.5302314 | Y66: FY Streak | Z66: =IF(OR(AC66<0.01,AC66="n/a"),"n/a",M66/AC66*100) -> 44.559585 | AA66: =IF(OR(AC66<0.01,AC66="n/a"),"n/a",I66/AC66) -> 38.406736 | AB66: 6 | AC66: 3.86 | AD66: 5.49 | AE66: 6.65 | AF66: 7.33 | AG66: 19.7 | AH66: 9.8 | AI66: 17.64 | AJ66: 8.3 | AK66: 7 | AL66: 11280 | AM66: 0.6 | AN66: 0 | AO66: =IF(U66="n/a","n/a",IF(AA66<0,"n/a",IF(AA66="n/a","n/a",J66+U66-AA66))) -> -24.545613 | AP66: =IF(U66="n/a","n/a",J66+U66) -> 13.861123 | AQ66: =IF(OR(AC66<0.01,AF66="n/a"),"n/a",(I66/SQRT(22.5*AC66*(I66/AF66))-1)*100) -> 253.72392 | AR66: =INDEX(Historical!$C$7:$C$1256,MATCH(B66,Historical!$B$7:$B$1278,0))*IF(AH66="n/a",1.03,IF(AH66<0,1.01,IF(AH66>10,1.1,(1+AH66/100)))) -> 1.7568 | AS66: =IF($AI66="n/a",1.03*AR66,IF($AI66<0,1.01*AR66,IF($AI66>10,1.1*AR66,(1+$AI66/100)*AR66))) -> 1.93248 | AT66: =IF($AK66="n/a",1.03*AS66,IF($AK66<0,1.01*AS66,IF($AK66>10,1.1*AS66,(1+$AK66/100)*AS66))) -> 2.0677536 | AU66: =IF($AK66="n/a",1.03*AT66,IF($AK66<0,1.01*AT66,IF($AK66>10,1.1*AT66,(1+$AK66/100)*AT66))) -> 2.2124964 | AV66: =IF($AK66="n/a",1.03*AU66,IF($AK66<0,1.01*AU66,IF($AK66>10,1.1*AU66,(1+$AK66/100)*AU66))) -> 2.3673711 | AW66: =SUM(AR66:AV66) -> 10.336901 | AX66: =AW66/I66*100 -> 6.9726145 | AY66: 0.47 | AZ66: 19.9 | BA66: -26.24 | BB66: -8.07 | BC66: -11.77 | BE66: 1991 | BF66: =IF(BE66>2008,0,IF(BE66>2001,1,IF(BE66>1990,2,IF(BE66>1980,3,IF(BE66>1973,4,IF(BE66>1970,5,IF(BE66>1960,6,IF(BE66>1958,7,IF(BE66>1953,8,9))))))))) -> 2 | BG66: 13.1
A67: Johnson & Johnson | B67: JNJ | C67: Health Care | D67: Pharmaceuticals | E67: 58 | F67: 11 | G67: N | H67: N | I67: 137.11 | J67: =(M67/I67)*100 -> 2.9465393 | K67: 1.01 | L67: 4 | M67: =K67*L67 -> 4.04 | N67: C12 | O67: 0.95 | P67: 43973 | Q67: 43991 | R67: =(K67-O67)/O67*100 -> 6.3157895 | S67: =IF(INDEX(Historical!$D$7:$D$1254,MATCH(B67,Historical!$B$7:$B$1278,0))=0,"n/a",(INDEX(Historical!$C$7:$C$1256,MATCH(B67,Historical!$B$7:$B$1278,0))/INDEX(Historical!$D$7:$D$1254,MATCH(B67,Historical!$B$7:$B$1278,0))-1)*100) -> 5.9322034 | T67: =IF(INDEX(Historical!$F$7:$F$1247,MATCH(B67,Historical!$B$7:$B$1278,0))=0,"n/a",((INDEX(Historical!$C$7:$C$1256,MATCH(B67,Historical!$B$7:$B$1278,0))/INDEX(Historical!$F$7:$F$1247,MATCH(B67,Historical!$B$7:$B$1278,0)))^(1/3)-1)*100) -> 5.9839833 | U67: =IF(INDEX(Historical!$H$7:$H$1247,MATCH(B67,Historical!$B$7:$B$1278,0))=0,"n/a",((INDEX(Historical!$C$7:$C$1256,MATCH(B67,Historical!$B$7:$B$1278,0))/INDEX(Historical!$H$7:$H$1247,MATCH(B67,Historical!$B$7:$B$1278,0)))^(1/5)-1)*100) -> 6.3223182 | V67: =IF(INDEX(Historical!$O$7:$O$1247,MATCH(B67,Historical!$B$7:$B$1278,0))=0,"n/a",((INDEX(Historical!$C$7:$C$1256,MATCH(B67,Historical!$B$7:$B$1278,0))/INDEX(Historical!$O$7:$O$1247,MATCH(B67,Historical!$B$7:$B$1278,0)))^(1/10)-1)*100) -> 6.8679296 | W67: =IF(OR(U67<=0,U67="n/a",V67<=0,V67="n/a"),"n/a",U67/V67) -> 0.92055663 | X67: =IF(OR(AJ67<=0,AJ67="n/a",U67<=0,U67="n/a"),"n/a",U67/AJ67) -> n/a | Z67: =IF(OR(AC67<0.01,AC67="n/a"),"n/a",M67/AC67*100) -> 64.64 | AA67: =IF(OR(AC67<0.01,AC67="n/a"),"n/a",I67/AC67) -> 21.9376 | AB67: 12 | AC67: 6.25 | AD67: 5.07 | AE67: 4.46 | AF67: 5.6 | AG67: 24.5 | AH67: 0.5 | AI67: 12.42 | AJ67: -0.2 | AK67: 4.33 | AL67: 360590 | AM67: 0.08 | AN67: 0.59 | AO67: =IF(U67="n/a","n/a",IF(AA67<0,"n/a",IF(AA67="n/a","n/a",J67+U67-AA67))) -> -12.668743 | AP67: =IF(U67="n/a","n/a",J67+U67) -> 9.2688575 | AQ67: =IF(OR(AC67<0.01,AF67="n/a"),"n/a",(I67/SQRT(22.5*AC67*(I67/AF67))-1)*100) -> 133.66696 | AR67: =INDEX(Historical!$C$7:$C$1256,MATCH(B67,Historical!$B$7:$B$1278,0))*IF(AH67="n/a",1.03,IF(AH67<0,1.01,IF(AH67>10,1.1,(1+AH67/100)))) -> 3.76875 | AS67: =IF($AI67="n/a",1.03*AR67,IF($AI67<0,1.01*AR67,IF($AI67>10,1.1*AR67,(1+$AI67/100)*AR67))) -> 4.145625 | AT67: =IF($AK67="n/a",1.03*AS67,IF($AK67<0,1.01*AS67,IF($AK67>10,1.1*AS67,(1+$AK67/100)*AS67))) -> 4.3251306 | AU67: =IF($AK67="n/a",1.03*AT67,IF($AK67<0,1.01*AT67,IF($AK67>10,1.1*AT67,(1+$AK67/100)*AT67))) -> 4.5124087 | AV67: =IF($AK67="n/a",1.03*AU67,IF($AK67<0,1.01*AU67,IF($AK67>10,1.1*AU67,(1+$AK67/100)*AU67))) -> 4.707796 | AW67: =SUM(AR67:AV67) -> 21.45971 | AX67: =AW67/I67*100 -> 15.651455 | AY67: 0.66 | AZ67: 25.6 | BA67: -12.67 | BB67: -7.23 | BC67: -5.63 | BE67: 1963 | BF67: =IF(BE67>2008,0,IF(BE67>2001,1,IF(BE67>1990,2,IF(BE67>1980,3,IF(BE67>1973,4,IF(BE67>1970,5,IF(BE67>1960,6,IF(BE67>1958,7,IF(BE67>1953,8,9))))))))) -> 6 | BG67: 9.5
A68: John Wiley & Sons Inc. | B68: JW-A | C68: Communication Services | D68: Media | E68: 27 | F68: 115 | G68: - | H68: - | I68: 30.96 | J68: =(M68/I68)*100 -> 4.4250646 | K68: 0.3425 | L68: 4 | M68: =K68*L68 -> 1.37 | N68: A19 | O68: 0.34 | P68: 44018 | Q68: 44034 | R68: =(K68-O68)/O68*100 -> 0.73529412 | S68: =IF(INDEX(Historical!$D$7:$D$1254,MATCH(B68,Historical!$B$7:$B$1278,0))=0,"n/a",(INDEX(Historical!$C$7:$C$1256,MATCH(B68,Historical!$B$7:$B$1278,0))/INDEX(Historical!$D$7:$D$1254,MATCH(B68,Historical!$B$7:$B$1278,0))-1)*100) -> 3.0769231 | T68: =IF(INDEX(Historical!$F$7:$F$1247,MATCH(B68,Historical!$B$7:$B$1278,0))=0,"n/a",((INDEX(Historical!$C$7:$C$1256,MATCH(B68,Historical!$B$7:$B$1278,0))/INDEX(Historical!$F$7:$F$1247,MATCH(B68,Historical!$B$7:$B$1278,0)))^(1/3)-1)*100) -> 3.1767054 | U68: =IF(INDEX(Historical!$H$7:$H$1247,MATCH(B68,Historical!$B$7:$B$1278,0))=0,"n/a",((INDEX(Historical!$C$7:$C$1256,MATCH(B68,Historical!$B$7:$B$1278,0))/INDEX(Historical!$H$7:$H$1247,MATCH(B68,Historical!$B$7:$B$1278,0)))^(1/5)-1)*100) -> 4.4085847 | V68: =IF(INDEX(Historical!$O$7:$O$1247,MATCH(B68,Historical!$B$7:$B$1278,0))=0,"n/a",((INDEX(Historical!$C$7:$C$1256,MATCH(B68,Historical!$B$7:$B$1278,0))/INDEX(Historical!$O$7:$O$1247,MATCH(B68,Historical!$B$7:$B$1278,0)))^(1/10)-1)*100) -> 9.5143687 | W68: =IF(OR(U68<=0,U68="n/a",V68<=0,V68="n/a"),"n/a",U68/V68) -> 0.46336071 | X68: =IF(OR(AJ68<=0,AJ68="n/a",U68<=0,U68="n/a"),"n/a",U68/AJ68) -> n/a | Y68: Also Class B | Z68: =IF(OR(AC68<0.01,AC68="n/a"),"n/a",M68/AC68*100) -> n/a | AA68: =IF(OR(AC68<0.01,AC68="n/a"),"n/a",I68/AC68) -> n/a | AB68: 4 | AC68: -1.12 | AD68: n/a | AE68: 1.09 | AF68: 1.78 | AG68: -5.8 | AH68: -145.4 | AI68: 12.56 | AJ68: -19.6 | AK68: 2.6 | AL68: 2000 | AM68: 0.6 | AN68: 0.87 | AO68: =IF(U68="n/a","n/a",IF(AA68<0,"n/a",IF(AA68="n/a","n/a",J68+U68-AA68))) -> n/a | AP68: =IF(U68="n/a","n/a",J68+U68) -> 8.8336493 | AQ68: =IF(OR(AC68<0.01,AF68="n/a"),"n/a",(I68/SQRT(22.5*AC68*(I68/AF68))-1)*100) -> n/a | AR68: =INDEX(Historical!$C$7:$C$1256,MATCH(B68,Historical!$B$7:$B$1278,0))*IF(AH68="n/a",1.03,IF(AH68<0,1.01,IF(AH68>10,1.1,(1+AH68/100)))) -> 1.3534 | AS68: =IF($AI68="n/a",1.03*AR68,IF($AI68<0,1.01*AR68,IF($AI68>10,1.1*AR68,(1+$AI68/100)*AR68))) -> 1.48874 | AT68: =IF($AK68="n/a",1.03*AS68,IF($AK68<0,1.01*AS68,IF($AK68>10,1.1*AS68,(1+$AK68/100)*AS68))) -> 1.5274472 | AU68: =IF($AK68="n/a",1.03*AT68,IF($AK68<0,1.01*AT68,IF($AK68>10,1.1*AT68,(1+$AK68/100)*AT68))) -> 1.5671609 | AV68: =IF($AK68="n/a",1.03*AU68,IF($AK68<0,1.01*AU68,IF($AK68>10,1.1*AU68,(1+$AK68/100)*AU68))) -> 1.6079071 | AW68: =SUM(AR68:AV68) -> 7.5446552 | AX68: =AW68/I68*100 -> 24.369041 | AY68: 0.7 | AZ68: 3.2 | BA68: -38.14 | BB68: -4.4 | BC68: -15.99 | BE68: 1994 | BF68: =IF(BE68>2008,0,IF(BE68>2001,1,IF(BE68>1990,2,IF(BE68>1980,3,IF(BE68>1973,4,IF(BE68>1970,5,IF(BE68>1960,6,IF(BE68>1958,7,IF(BE68>1953,8,9))))))))) -> 2 | BG68: -1.9
A69: Kimberly-Clark Corp. | B69: KMB | C69: Consumer Staples | D69: Household Products | E69: 48 | F69: 40 | G69: Y | H69: N | I69: 132.59 | J69: =(M69/I69)*100 -> 3.2279961 | K69: 1.07 | L69: 4 | M69: =K69*L69 -> 4.28 | N69: A03 | O69: 1.03 | P69: 43895 | Q69: 43922 | R69: =(K69-O69)/O69*100 -> 3.8834951 | S69: =IF(INDEX(Historical!$D$7:$D$1254,MATCH(B69,Historical!$B$7:$B$1278,0))=0,"n/a",(INDEX(Historical!$C$7:$C$1256,MATCH(B69,Historical!$B$7:$B$1278,0))/INDEX(Historical!$D$7:$D$1254,MATCH(B69,Historical!$B$7:$B$1278,0))-1)*100) -> 3.02267 | T69: =IF(INDEX(Historical!$F$7:$F$1247,MATCH(B69,Historical!$B$7:$B$1278,0))=0,"n/a",((INDEX(Historical!$C$7:$C$1256,MATCH(B69,Historical!$B$7:$B$1278,0))/INDEX(Historical!$F$7:$F$1247,MATCH(B69,Historical!$B$7:$B$1278,0)))^(1/3)-1)*100) -> 3.9618442 | U69: =IF(INDEX(Historical!$H$7:$H$1247,MATCH(B69,Historical!$B$7:$B$1278,0))=0,"n/a",((INDEX(Historical!$C$7:$C$1256,MATCH(B69,Historical!$B$7:$B$1278,0))/INDEX(Historical!$H$7:$H$1247,MATCH(B69,Historical!$B$7:$B$1278,0)))^(1/5)-1)*100) -> 4.6658122 | V69: =IF(INDEX(Historical!$O$7:$O$1247,MATCH(B69,Historical!$B$7:$B$1278,0))=0,"n/a",((INDEX(Historical!$C$7:$C$1256,MATCH(B69,Historical!$B$7:$B$1278,0))/INDEX(Historical!$O$7:$O$1247,MATCH(B69,Historical!$B$7:$B$1278,0)))^(1/10)-1)*100) -> 6.0123399 | W69: =IF(OR(U69<=0,U69="n/a",V69<=0,V69="n/a"),"n/a",U69/V69) -> 0.77603933 | X69: =IF(OR(AJ69<=0,AJ69="n/a",U69<=0,U69="n/a"),"n/a",U69/AJ69) -> 0.47610329 | Z69: =IF(OR(AC69<0.01,AC69="n/a"),"n/a",M69/AC69*100) -> 62.209302 | AA69: =IF(OR(AC69<0.01,AC69="n/a"),"n/a",I69/AC69) -> 19.271802 | AB69: 12 | AC69: 6.88 | AD69: 3.09 | AE69: 2.42 | AF69: 135.3 | AG69: n/a | AH69: 42.9 | AI69: 2.75 | AJ69: 9.8 | AK69: 6.24 | AL69: 45620 | AM69: 0.34 | AN69: 25.07 | AO69: =IF(U69="n/a","n/a",IF(AA69<0,"n/a",IF(AA69="n/a","n/a",J69+U69-AA69))) -> -11.377994 | AP69: =IF(U69="n/a","n/a",J69+U69) -> 7.8938083 | AQ69: =IF(OR(AC69<0.01,AF69="n/a"),"n/a",(I69/SQRT(22.5*AC69*(I69/AF69))-1)*100) -> 976.51183 | AR69: =INDEX(Historical!$C$7:$C$1256,MATCH(B69,Historical!$B$7:$B$1278,0))*IF(AH69="n/a",1.03,IF(AH69<0,1.01,IF(AH69>10,1.1,(1+AH69/100)))) -> 4.499 | AS69: =IF($AI69="n/a",1.03*AR69,IF($AI69<0,1.01*AR69,IF($AI69>10,1.1*AR69,(1+$AI69/100)*AR69))) -> 4.6227225 | AT69: =IF($AK69="n/a",1.03*AS69,IF($AK69<0,1.01*AS69,IF($AK69>10,1.1*AS69,(1+$AK69/100)*AS69))) -> 4.9111804 | AU69: =IF($AK69="n/a",1.03*AT69,IF($AK69<0,1.01*AT69,IF($AK69>10,1.1*AT69,(1+$AK69/100)*AT69))) -> 5.217638 | AV69: =IF($AK69="n/a",1.03*AU69,IF($AK69<0,1.01*AU69,IF($AK69>10,1.1*AU69,(1+$AK69/100)*AU69))) -> 5.5432187 | AW69: =SUM(AR69:AV69) -> 24.79376 | AX69: =AW69/I69*100 -> 18.69957 | AY69: 0.46 | AZ69: 19.82 | BA69: -17.21 | BB69: -11.01 | BC69: -7.2 | BE69: 1973 | BF69: =IF(BE69>2008,0,IF(BE69>2001,1,IF(BE69>1990,2,IF(BE69>1980,3,IF(BE69>1973,4,IF(BE69>1970,5,IF(BE69>1960,6,IF(BE69>1958,7,IF(BE69>1953,8,9))))))))) -> 5 | BG69: 14.8
A70: Coca-Cola Company | B70: KO | C70: Consumer Staples | D70: Beverages | E70: 58 | F70: 10 | G70: Y | H70: Y | I70: 48.06 | J70: =(M70/I70)*100 -> 3.4124012 | K70: 0.41 | L70: 4 | M70: =K70*L70 -> 1.64 | N70: A02 | O70: 0.4 | P70: 43903 | Q70: 43922 | R70: =(K70-O70)/O70*100 -> 2.5 | S70: =IF(INDEX(Historical!$D$7:$D$1254,MATCH(B70,Historical!$B$7:$B$1278,0))=0,"n/a",(INDEX(Historical!$C$7:$C$1256,MATCH(B70,Historical!$B$7:$B$1278,0))/INDEX(Historical!$D$7:$D$1254,MATCH(B70,Historical!$B$7:$B$1278,0))-1)*100) -> 2.5641026 | T70: =IF(INDEX(Historical!$F$7:$F$1247,MATCH(B70,Historical!$B$7:$B$1278,0))=0,"n/a",((INDEX(Historical!$C$7:$C$1256,MATCH(B70,Historical!$B$7:$B$1278,0))/INDEX(Historical!$F$7:$F$1247,MATCH(B70,Historical!$B$7:$B$1278,0)))^(1/3)-1)*100) -> 4.5515917 | U70: =IF(INDEX(Historical!$H$7:$H$1247,MATCH(B70,Historical!$B$7:$B$1278,0))=0,"n/a",((INDEX(Historical!$C$7:$C$1256,MATCH(B70,Historical!$B$7:$B$1278,0))/INDEX(Historical!$H$7:$H$1247,MATCH(B70,Historical!$B$7:$B$1278,0)))^(1/5)-1)*100) -> 5.5727977 | V70: =IF(INDEX(Historical!$O$7:$O$1247,MATCH(B70,Historical!$B$7:$B$1278,0))=0,"n/a",((INDEX(Historical!$C$7:$C$1256,MATCH(B70,Historical!$B$7:$B$1278,0))/INDEX(Historical!$O$7:$O$1247,MATCH(B70,Historical!$B$7:$B$1278,0)))^(1/10)-1)*100) -> 6.9130239 | W70: =IF(OR(U70<=0,U70="n/a",V70<=0,V70="n/a"),"n/a",U70/V70) -> 0.80613025 | X70: =IF(OR(AJ70<=0,AJ70="n/a",U70<=0,U70="n/a"),"n/a",U70/AJ70) -> 1.0514713 | Z70: =IF(OR(AC70<0.01,AC70="n/a"),"n/a",M70/AC70*100) -> 84.974093 | AA70: =IF(OR(AC70<0.01,AC70="n/a"),"n/a",I70/AC70) -> 24.901554 | AB70: 12 | AC70: 1.93 | AD70: 7.46 | AE70: 6.19 | AF70: 11.1 | AG70: 45.5 | AH70: 38 | AI70: 12 | AJ70: 5.3 | AK70: 3.34 | AL70: 207090 | AM70: 0.7 | AN70: 2.84 | AO70: =IF(U70="n/a","n/a",IF(AA70<0,"n/a",IF(AA70="n/a","n/a",J70+U70-AA70))) -> -15.916356 | AP70: =IF(U70="n/a","n/a",J70+U70) -> 8.9851988 | AQ70: =IF(OR(AC70<0.01,AF70="n/a"),"n/a",(I70/SQRT(22.5*AC70*(I70/AF70))-1)*100) -> 250.49632 | AR70: =INDEX(Historical!$C$7:$C$1256,MATCH(B70,Historical!$B$7:$B$1278,0))*IF(AH70="n/a",1.03,IF(AH70<0,1.01,IF(AH70>10,1.1,(1+AH70/100)))) -> 1.76 | AS70: =IF($AI70="n/a",1.03*AR70,IF($AI70<0,1.01*AR70,IF($AI70>10,1.1*AR70,(1+$AI70/100)*AR70))) -> 1.936 | AT70: =IF($AK70="n/a",1.03*AS70,IF($AK70<0,1.01*AS70,IF($AK70>10,1.1*AS70,(1+$AK70/100)*AS70))) -> 2.0006624 | AU70: =IF($AK70="n/a",1.03*AT70,IF($AK70<0,1.01*AT70,IF($AK70>10,1.1*AT70,(1+$AK70/100)*AT70))) -> 2.0674845 | AV70: =IF($AK70="n/a",1.03*AU70,IF($AK70<0,1.01*AU70,IF($AK70>10,1.1*AU70,(1+$AK70/100)*AU70))) -> 2.1365385 | AW70: =SUM(AR70:AV70) -> 9.9006854 | AX70: =AW70/I70*100 -> 20.600677 | AY70: 0.55 | AZ70: 32.51 | BA70: -20.07 | BB70: -3.13 | BC70: -2.13 | BE70: 1963 | BF70: =IF(BE70>2008,0,IF(BE70>2001,1,IF(BE70>1990,2,IF(BE70>1980,3,IF(BE70>1973,4,IF(BE70>1970,5,IF(BE70>1960,6,IF(BE70>1958,7,IF(BE70>1953,8,9))))))))) -> 6 | BG70: 9
A71: Lancaster Colony Corp. | B71: LANC | C71: Consumer Staples | D71: Food Products | E71: 57 | F71: 13 | G71: N | H71: N | I71: 166.14 | J71: =(M71/I71)*100 -> 1.6853256 | K71: 0.7 | L71: 4 | M71: =K71*L71 -> 2.8 | N71: C29 | O71: 0.65 | P71: 43803 | Q71: 43829 | R71: =(K71-O71)/O71*100 -> 7.6923077 | S71: =IF(INDEX(Historical!$D$7:$D$1254,MATCH(B71,Historical!$B$7:$B$1278,0))=0,"n/a",(INDEX(Historical!$C$7:$C$1256,MATCH(B71,Historical!$B$7:$B$1278,0))/INDEX(Historical!$D$7:$D$1254,MATCH(B71,Historical!$B$7:$B$1278,0))-1)*100) -> 8.1632653 | T71: =IF(INDEX(Historical!$F$7:$F$1247,MATCH(B71,Historical!$B$7:$B$1278,0))=0,"n/a",((INDEX(Historical!$C$7:$C$1256,MATCH(B71,Historical!$B$7:$B$1278,0))/INDEX(Historical!$F$7:$F$1247,MATCH(B71,Historical!$B$7:$B$1278,0)))^(1/3)-1)*100) -> 8.9341388 | U71: =IF(INDEX(Historical!$H$7:$H$1247,MATCH(B71,Historical!$B$7:$B$1278,0))=0,"n/a",((INDEX(Historical!$C$7:$C$1256,MATCH(B71,Historical!$B$7:$B$1278,0))/INDEX(Historical!$H$7:$H$1247,MATCH(B71,Historical!$B$7:$B$1278,0)))^(1/5)-1)*100) -> 8.2842204 | V71: =IF(INDEX(Historical!$O$7:$O$1247,MATCH(B71,Historical!$B$7:$B$1278,0))=0,"n/a",((INDEX(Historical!$C$7:$C$1256,MATCH(B71,Historical!$B$7:$B$1278,0))/INDEX(Historical!$O$7:$O$1247,MATCH(B71,Historical!$B$7:$B$1278,0)))^(1/10)-1)*100) -> 8.6591714 | W71: =IF(OR(U71<=0,U71="n/a",V71<=0,V71="n/a"),"n/a",U71/V71) -> 0.95669898 | X71: =IF(OR(AJ71<=0,AJ71="n/a",U71<=0,U71="n/a"),"n/a",U71/AJ71) -> 1.3807034 | Z71: =IF(OR(AC71<0.01,AC71="n/a"),"n/a",M71/AC71*100) -> 56.338028 | AA71: =IF(OR(AC71<0.01,AC71="n/a"),"n/a",I71/AC71) -> 33.428571 | AB71: 6 | AC71: 4.97 | AD71: 11.14 | AE71: 3.42 | AF71: 5.82 | AG71: 17.8 | AH71: -8.9 | AI71: 8.04 | AJ71: 6 | AK71: 3 | AL71: 4560 | AM71: 0.2 | AN71: 0 | AO71: =IF(U71="n/a","n/a",IF(AA71<0,"n/a",IF(AA71="n/a","n/a",J71+U71-AA71))) -> -23.459025 | AP71: =IF(U71="n/a","n/a",J71+U71) -> 9.9695461 | AQ71: =IF(OR(AC71<0.01,AF71="n/a"),"n/a",(I71/SQRT(22.5*AC71*(I71/AF71))-1)*100) -> 194.05539 | AR71: =INDEX(Historical!$C$7:$C$1256,MATCH(B71,Historical!$B$7:$B$1278,0))*IF(AH71="n/a",1.03,IF(AH71<0,1.01,IF(AH71>10,1.1,(1+AH71/100)))) -> 2.6765 | AS71: =IF($AI71="n/a",1.03*AR71,IF($AI71<0,1.01*AR71,IF($AI71>10,1.1*AR71,(1+$AI71/100)*AR71))) -> 2.8916906 | AT71: =IF($AK71="n/a",1.03*AS71,IF($AK71<0,1.01*AS71,IF($AK71>10,1.1*AS71,(1+$AK71/100)*AS71))) -> 2.9784413 | AU71: =IF($AK71="n/a",1.03*AT71,IF($AK71<0,1.01*AT71,IF($AK71>10,1.1*AT71,(1+$AK71/100)*AT71))) -> 3.0677946 | AV71: =IF($AK71="n/a",1.03*AU71,IF($AK71<0,1.01*AU71,IF($AK71>10,1.1*AU71,(1+$AK71/100)*AU71))) -> 3.1598284 | AW71: =SUM(AR71:AV71) -> 14.774255 | AX71: =AW71/I71*100 -> 8.8926537 | AY71: 0.22 | AZ71: 45.04 | BA71: -10.18 | BB71: -5.76 | BC71: 5.76 | BE71: 1964 | BF71: =IF(BE71>2008,0,IF(BE71>2001,1,IF(BE71>1990,2,IF(BE71>1980,3,IF(BE71>1973,4,IF(BE71>1970,5,IF(BE71>1960,6,IF(BE71>1958,7,IF(BE71>1953,8,9))))))))) -> 6 | BG71: 13.9
A72: Lincoln Electric Holdings | B72: LECO | C72: Industrials | D72: Machinery | E72: 26 | F72: 132 | G72: N | H72: N | I72: 101.82 | J72: =(M72/I72)*100 -> 2.0035357 | K72: 0.51 | L72: 4 | M72: =K72*L72 -> 2.04 | N72: A12 | O72: 0.49 | P72: 44195 | Q72: 44211 | R72: =(K72-O72)/O72*100 -> 4.0816327 | S72: =IF(INDEX(Historical!$D$7:$D$1254,MATCH(B72,Historical!$B$7:$B$1278,0))=0,"n/a",(INDEX(Historical!$C$7:$C$1256,MATCH(B72,Historical!$B$7:$B$1278,0))/INDEX(Historical!$D$7:$D$1254,MATCH(B72,Historical!$B$7:$B$1278,0))-1)*100) -> 20.512821 | T72: =IF(INDEX(Historical!$F$7:$F$1247,MATCH(B72,Historical!$B$7:$B$1278,0))=0,"n/a",((INDEX(Historical!$C$7:$C$1256,MATCH(B72,Historical!$B$7:$B$1278,0))/INDEX(Historical!$F$7:$F$1247,MATCH(B72,Historical!$B$7:$B$1278,0)))^(1/3)-1)*100) -> 13.670899 | U72: =IF(INDEX(Historical!$H$7:$H$1247,MATCH(B72,Historical!$B$7:$B$1278,0))=0,"n/a",((INDEX(Historical!$C$7:$C$1256,MATCH(B72,Historical!$B$7:$B$1278,0))/INDEX(Historical!$H$7:$H$1247,MATCH(B72,Historical!$B$7:$B$1278,0)))^(1/5)-1)*100) -> 15.364982 | V72: =IF(INDEX(Historical!$O$7:$O$1247,MATCH(B72,Historical!$B$7:$B$1278,0))=0,"n/a",((INDEX(Historical!$C$7:$C$1256,MATCH(B72,Historical!$B$7:$B$1278,0))/INDEX(Historical!$O$7:$O$1247,MATCH(B72,Historical!$B$7:$B$1278,0)))^(1/10)-1)*100) -> 13.286043 | W72: =IF(OR(U72<=0,U72="n/a",V72<=0,V72="n/a"),"n/a",U72/V72) -> 1.1564754 | X72: =IF(OR(AJ72<=0,AJ72="n/a",U72<=0,U72="n/a"),"n/a",U72/AJ72) -> 1.9206228 | Z72: =IF(OR(AC72<0.01,AC72="n/a"),"n/a",M72/AC72*100) -> 57.142857 | AA72: =IF(OR(AC72<0.01,AC72="n/a"),"n/a",I72/AC72) -> 28.521008 | AB72: 12 | AC72: 3.57 | AD72: 4.05 | AE72: 2.16 | AF72: 9.16 | AG72: 29.6 | AH72: 6.9 | AI72: 20.92 | AJ72: 8 | AK72: 7.05 | AL72: 5950 | AM72: 0.1 | AN72: 1.16 | AO72: =IF(U72="n/a","n/a",IF(AA72<0,"n/a",IF(AA72="n/a","n/a",J72+U72-AA72))) -> -11.15249 | AP72: =IF(U72="n/a","n/a",J72+U72) -> 17.368518 | AQ72: =IF(OR(AC72<0.01,AF72="n/a"),"n/a",(I72/SQRT(22.5*AC72*(I72/AF72))-1)*100) -> 240.75239 | AR72: =INDEX(Historical!$C$7:$C$1256,MATCH(B72,Historical!$B$7:$B$1278,0))*IF(AH72="n/a",1.03,IF(AH72<0,1.01,IF(AH72>10,1.1,(1+AH72/100)))) -> 2.00972 | AS72: =IF($AI72="n/a",1.03*AR72,IF($AI72<0,1.01*AR72,IF($AI72>10,1.1*AR72,(1+$AI72/100)*AR72))) -> 2.210692 | AT72: =IF($AK72="n/a",1.03*AS72,IF($AK72<0,1.01*AS72,IF($AK72>10,1.1*AS72,(1+$AK72/100)*AS72))) -> 2.3665458 | AU72: =IF($AK72="n/a",1.03*AT72,IF($AK72<0,1.01*AT72,IF($AK72>10,1.1*AT72,(1+$AK72/100)*AT72))) -> 2.5333873 | AV72: =IF($AK72="n/a",1.03*AU72,IF($AK72<0,1.01*AU72,IF($AK72>10,1.1*AU72,(1+$AK72/100)*AU72))) -> 2.7119911 | AW72: =SUM(AR72:AV72) -> 11.832336 | AX72: =AW72/I72*100 -> 11.620837 | AY72: 1.22 | AZ72: 71.72 | BA72: -4.12 | BB72: 6.28 | BC72: 17.71 | BE72: 1996 | BF72: =IF(BE72>2008,0,IF(BE72>2001,1,IF(BE72>1990,2,IF(BE72>1980,3,IF(BE72>1973,4,IF(BE72>1970,5,IF(BE72>1960,6,IF(BE72>1958,7,IF(BE72>1953,8,9))))))))) -> 2 | BG72: 9.5
A73: Leggett & Platt Inc. | B73: LEG | C73: Consumer Discretionary | D73: Household Durables | E73: 48 | F73: 38 | G73: - | H73: - | I73: 41.73 | J73: =(M73/I73)*100 -> 3.8341721 | K73: 0.4 | L73: 4 | M73: =K73*L73 -> 1.6 | N73: A14 | O73: 0.38 | P73: 43629 | Q73: 43661 | R73: =(K73-O73)/O73*100 -> 5.2631579 | S73: =IF(INDEX(Historical!$D$7:$D$1254,MATCH(B73,Historical!$B$7:$B$1278,0))=0,"n/a",(INDEX(Historical!$C$7:$C$1256,MATCH(B73,Historical!$B$7:$B$1278,0))/INDEX(Historical!$D$7:$D$1254,MATCH(B73,Historical!$B$7:$B$1278,0))-1)*100) -> 5.4054054 | T73: =IF(INDEX(Historical!$F$7:$F$1247,MATCH(B73,Historical!$B$7:$B$1278,0))=0,"n/a",((INDEX(Historical!$C$7:$C$1256,MATCH(B73,Historical!$B$7:$B$1278,0))/INDEX(Historical!$F$7:$F$1247,MATCH(B73,Historical!$B$7:$B$1278,0)))^(1/3)-1)*100) -> 5.726427 | U73: =IF(INDEX(Historical!$H$7:$H$1247,MATCH(B73,Historical!$B$7:$B$1278,0))=0,"n/a",((INDEX(Historical!$C$7:$C$1256,MATCH(B73,Historical!$B$7:$B$1278,0))/INDEX(Historical!$H$7:$H$1247,MATCH(B73,Historical!$B$7:$B$1278,0)))^(1/5)-1)*100) -> 5.2126224 | V73: =IF(INDEX(Historical!$O$7:$O$1247,MATCH(B73,Historical!$B$7:$B$1278,0))=0,"n/a",((INDEX(Historical!$C$7:$C$1256,MATCH(B73,Historical!$B$7:$B$1278,0))/INDEX(Historical!$O$7:$O$1247,MATCH(B73,Historical!$B$7:$B$1278,0)))^(1/10)-1)*100) -> 4.4432368 | W73: =IF(OR(U73<=0,U73="n/a",V73<=0,V73="n/a"),"n/a",U73/V73) -> 1.1731588 | X73: =IF(OR(AJ73<=0,AJ73="n/a",U73<=0,U73="n/a"),"n/a",U73/AJ73) -> 0.53738376 | Z73: =IF(OR(AC73<0.01,AC73="n/a"),"n/a",M73/AC73*100) -> 95.808383 | AA73: =IF(OR(AC73<0.01,AC73="n/a"),"n/a",I73/AC73) -> 24.988024 | AB73: 12 | AC73: 1.67 | AD73: 4.82 | AE73: 1.28 | AF73: 4.66 | AG73: 18 | AH73: 9.6 | AI73: 29.23 | AJ73: 9.7 | AK73: 5.2 | AL73: 5490 | AM73: 1.4 | AN73: 1.76 | AO73: =IF(U73="n/a","n/a",IF(AA73<0,"n/a",IF(AA73="n/a","n/a",J73+U73-AA73))) -> -15.941229 | AP73: =IF(U73="n/a","n/a",J73+U73) -> 9.0467945 | AQ73: =IF(OR(AC73<0.01,AF73="n/a"),"n/a",(I73/SQRT(22.5*AC73*(I73/AF73))-1)*100) -> 127.4928 | AR73: =INDEX(Historical!$C$7:$C$1256,MATCH(B73,Historical!$B$7:$B$1278,0))*IF(AH73="n/a",1.03,IF(AH73<0,1.01,IF(AH73>10,1.1,(1+AH73/100)))) -> 1.70976 | AS73: =IF($AI73="n/a",1.03*AR73,IF($AI73<0,1.01*AR73,IF($AI73>10,1.1*AR73,(1+$AI73/100)*AR73))) -> 1.880736 | AT73: =IF($AK73="n/a",1.03*AS73,IF($AK73<0,1.01*AS73,IF($AK73>10,1.1*AS73,(1+$AK73/100)*AS73))) -> 1.9785343 | AU73: =IF($AK73="n/a",1.03*AT73,IF($AK73<0,1.01*AT73,IF($AK73>10,1.1*AT73,(1+$AK73/100)*AT73))) -> 2.0814181 | AV73: =IF($AK73="n/a",1.03*AU73,IF($AK73<0,1.01*AU73,IF($AK73>10,1.1*AU73,(1+$AK73/100)*AU73))) -> 2.1896518 | AW73: =SUM(AR73:AV73) -> 9.8401001 | AX73: =AW73/I73*100 -> 23.580398 | AY73: 1.59 | AZ73: 89.42 | BA73: -24.7 | BB73: -2.46 | BC73: 11.42 | BE73: 1972 | BF73: =IF(BE73>2008,0,IF(BE73>2001,1,IF(BE73>1990,2,IF(BE73>1980,3,IF(BE73>1973,4,IF(BE73>1970,5,IF(BE73>1960,6,IF(BE73>1958,7,IF(BE73>1953,8,9))))))))) -> 5 | BG73: 4.7
